Workbook
Name ___________kk29: #REF!
Name ___________kk29: #REF!
Name ___________kk29: #REF!
Name __________kk06: #REF!
Name __________kk06: #REF!
Name __________kk06: #REF!
Name __________kk29: #REF!
Name __________kk29: #REF!
Name __________kk29: #REF!
Name _________kk06: #REF!
Name _________kk06: #REF!
Name _________kk06: #REF!
Name _________kk29: #REF!
Name _________kk29: #REF!
Name _________kk29: #REF!
Name ________kk06: #REF!
Name ________kk06: #REF!
Name ________kk06: #REF!
Name ________kk29: #REF!
Name ________kk29: #REF!
Name ________kk29: #REF!
Name _______kk06: #REF!
Name _______kk06: #REF!
Name _______kk06: #REF!
Name _______kk29: #REF!
Name _______kk29: #REF!
Name _______kk29: #REF!
Name ______kk06: #REF!
Name ______kk06: #REF!
Name ______kk06: #REF!
Name ______kk29: #REF!
Name ______kk29: #REF!
Name ______kk29: #REF!
Name _____kk06: #REF!
Name _____kk06: #REF!
Name _____kk06: #REF!
Name _____kk29: #REF!
Name _____kk29: #REF!
Name _____kk29: #REF!
Name ____kk06: #REF!
Name ____kk06: #REF!
Name ____kk06: #REF!
Name ____kk1: #REF!
Name ____kk1: #REF!
Name ____kk29: #REF!
Name ____kk29: #REF!
Name ____kk29: #REF!
Name ___kk06: #REF!
Name ___kk06: #REF!
Name ___kk06: #REF!
Name ___kk1: #REF!
Name ___kk1: #REF!
Name ___kk29: #REF!
Name ___kk29: #REF!
Name ___kk29: #REF!
Name __kk06: #REF!
Name __kk06: #REF!
Name __kk06: #REF!
Name __kk1: #REF!
Name __kk1: #REF!

Sheet 指定申請書確認表
A1: 新規指定申請書確認表
A2: 【令和８年４月】
A4: 法人名 | E4: 事業所名 | I4: 確認者名
A6: 様式名等 | D6: 大項目 | E6: 小項目 | F6: 記載時の留意事項 | K6: 確認欄
A7: まず最初に | D7: 法令遵守 | E7: 事前確認表 | F7: ＜全事業者対象＞ 指定予定日の前々月15日までに提出していますか？
E8: 事業所等に係る情報の公表 | F8: ＜すでに指定を受けている事業所がある場合＞ 障害者の日常生活及び社会生活を総合的に支援するための法律（以下「法」という。）第76条の３により、指定障害福祉サービス事業者等には事業所等に係る情報の公表が義務付けられています。ＷＡＭ-ＮＥＴの「障害福祉サービス等情報検索」ですでに指定を受けている全ての事業所の直近の情報を公表していますか？
E9: 業務管理体制の届出 | F9: ＜すでに指定を受けている事業所がある場合＞ 法第51条の２並びに第51条の31により、指定障害福祉サービス事業者等並びに指定相談支援事業者は業務管理体制の整備に関する事項の届出が義務付けられています。直近の内容で届け出ていることを確認しましたか？
A10: 様式第１号 指定申請書 | D10: 申請様式の種類 | F10: 規定様式は直近のものを使用していますか？ ※過去の指定申請等の際にダウンロードした様式は使用しないでください。
F11: 日付けは提出日になっていますか？
D12: 申請者（設置者） | E12: 名称及び主たる事務所の所在地 | F12: 法人の名称・所在地は「履歴事項全部証明書」の表記と同様になっていますか？
D13: 指定を受けようとする事業所・施設の種類 | E13: 名称及び事業所（施設）の所在地 | F13: 事業所の名称及び住所は「運営規程」の表記と同様になっていますか？
E14: 主たる事業所名称 | F14: 主たる事業所名称は記載されていますか？ ※多機能型事業所の場合、主たる事業所に統一してください。
D15: 事業の開始予定年月日 | F15: 「事業の開始予定年月日」は記載されていますか？
A16: 各付表 | D16: 管理者・サービス管理責任者・サービス提供責任者・相談支援専門員 | F16: 管理者・サービス管理責任者・サービス提供責任者・相談支援専門員の氏名や住所は参考様式４の「経歴書」と相違ないですか？
D17: 運営・設備に関する基準の確認に必要な事項 | E17: 営業日 | F17: 営業日は「運営規程」と相違ないですか？
E18: 営業時間 | F18: 営業時間は「運営規程」と相違ないですか？
E19: 主たる対象者（共同生活援助のみ） | F19: 主たる対象者は「運営規程」と相違ないですか？
F20: チェック項目にチェックを入れていますか？
E21: 利用料・その他費用 | F21: 「運営規定に定めるとおり」と記載していますので、運営規定に内容が記載されていることを確認してください。
E22: 通常の事業の実施地域 | F22: 通常の事業の実施地域は「運営規定」と相違ないですか？
A23: 別紙２（その１） 多機能型の場合 | D23: 定員 | F23: 多機能型として実施する事業について全て記載していますか？
D24: 申請に係る事業所 | F24: 申請する事業所についての記載となっていますか？
D25: 多機能型の他の事業所 | F25: 当該事業所以外の多機能型としての事業所について記載していますか？
D26: 管理者・サービス管理責任者 | F26: 管理者・サービス管理責任者の氏名や住所等は記載されていますか？
A27: 別紙２（その２）多機能型の場合 | D27: 従業者の職種・員数 | F27: 多機能型として実施する全ての従業員の合計値を記載していますか？
F28: 従業者の職種で記載されている以外の従業員が配置されている場合、「その他の従業員」の欄に記載していますか？
A29: 口座振込（変更）依頼書 | D29: 振込先 | F29: 振込先は正確に記載されていますか（通帳の写し等と突合）？
D30: 委任状 | F30: 申請者と口座名義人が異なる場合は、申請者による委任を行っていますか？ ※異なる場合だけ右欄にチェックしてください。
A31: 従業者の体制及び勤務形態一覧表 | D31: 訪問系・相談系の場合 | E31: 職種 | F31: 「職種」の欄で管理者以外は直接サービス提供職員に係る職種が記載されていますか？
E32: 勤務形態 | F32: 「勤務形態」の欄は、Ａ（常勤・専従）Ｂ（常勤・兼務）Ｃ（非常勤・専従）Ｄ（非常勤・兼務）のいずれかを選択していますか？
E33: 当該事業所・施設において常勤職員が１週間に勤務すべき時間数 | F33: 法人の就業規則に定められている常勤職員の１週間の時間数が入力されていますか？
F34: 勤務表の常勤専従の時間数と相違ないですか？
E35: 兼務先 | F35: 「兼務状況」は記載されていますか？
A36: 従業者の体制及び勤務形態一覧表 | D36: 訪問系・相談系、共同生活援助以外の場合 | E36: 職種 | F36: 「職種」の欄で管理者・サービス管理責任者以外は直接サービス提供職員に係る職種が記載されていますか？
E37: サービス管理責任者① | F37: サービス管理責任者は直接サービス提供職員と兼務していませんか？
E38: サービス管理責任者② | F38: サービス管理責任者は常勤換算に含まれていませんか？
E39: 当該事業所・施設において常勤職員が１週間に勤務すべき時間数 | F39: 法人の就業規則に定められている常勤職員の１週間の時間数が入力されていますか？
E40: 兼務先 | F40: 「兼務状況」は記載されていますか？
E41: 直接支援以外の職員 | F41: 運転手・事務員・調理員等の職員を常勤換算に含めていませんか？
E42: ※就労継続支援事業所のみ確認 | F42: 目標工賃達成指導員は常勤換算から抜いていますか？
A43: 従業者の体制及び勤務形態一覧表 | D43: 共同生活援助の場合 | E43: 職種 | F43: 「職種」の欄で管理者・サービス管理責任者以外は直接サービス提供職員に係る職種が記載されていますか？
E44: サービス管理責任者 | F44: サービス管理責任者は常勤換算に含まれていませんか？
E45: 当該事業所・施設において常勤職員が１週間に勤務すべき時間数 | F45: 法人の就業規則に定められている常勤職員の１週間の時間数が入力されていますか？
E46: 夜間支援員① | F46: 夜間支援員を配置している場合は「生活支援員」より下の欄に記載していますか？
E47: 夜間支援員② | F47: 夜間支援員は常勤換算に含まれていませんか？
E48: 兼務先 | F48: 兼務状況は記載されていますか？
A49: 定款、登記簿謄本 | D49: ※営利法人や特定非営利活動法人の場合 | F49: 「目的」又は「事業」に、「障害者の日常生活及び社会生活を総合的に支援するための法律に基づく障害福祉サービス事業」又は、「障害者の日常生活及び社会生活を総合的に支援するための法律に基づく一般相談支援事業」が明記されていますか？
F50: 履歴事項全部証明書の原本は用意されていますか？ ※複数事業所を同時申請をする場合は、原本は１部で差支えありませんが、他の申請書には写しを必ず添付してください。
F51: 履歴事項全部証明書の原本は面接日から３か月以内のものになっていますか？
D52: ※法人等で申請までに定款又は寄付行為の変更手続きが終了していない場合 | F52: 変更認可前の定款等及び登記簿謄本（写しでも可）に加えて、当該事業を行う旨の内容が確認できる書類（理事会議事録等）は添付されていますか？
A53: 運営規程 ※右欄の大項目に記載の第○条は「運営規程（作成例）」に合わせているため、異なる場合があります。 | D53: 運営規程の確認① | F53: ウェブサイト「障害福祉情報サービスかながわ」の中にある「運営規程（作成例）」は参考にしましたか？
D54: 運営規程の確認② | F54: 「運営規程（作成例）」は最新のものであることを確認されましたか？
D55: 第１条（事業の目的） | F55: 記載する法律名は、「障害者総合支援法」ではなく「障害者の日常生活及び社会生活を総合的に支援するための法律」となっていますか？
D56: 第３条（事業所の名称等） | F56: 「付表」の「名称」と「所在地」は相違ないですか？
D57: 第４条（職員の職種、員数及び職務内容） | F57: 従業者の職種に係る員数は「勤務形態一覧表」相違ないですか？ ※員数で「配置基準以上」の記載は避けてください。
D58: 第５条（営業日及び営業時間等） | E58: 営業日 | F58: 営業日は「付表」と「勤務形態一覧表」共に相違ないですか？ ※行事等で営業日以外の日で営業を行う場合は、その旨も記載してください。
E59: 営業時間 | F59: 営業時間は「付表」と相違ないですか？
E60: 年間の休日 | F60: 当該事業所の基本の休日を記載していますか？ 例：土、日、祝日、年末年始（12月30日～１月３日） ※年間の休日について、「その他事業所が定める休日」としている場合は、当該事業所の年間スケジュール計画も添付してください。
D61: 第７条（主たる対象者） | F61: 「付表」及び「参考様式８（主たる対象を特定する理由等）」の「主たる対象者」と相違ないですか？
D62: 第10条（通常の事業の実施地域） | F62: 「付表」の「通常の事業の実施地域」と相違ないですか？ ※「周辺」「近隣」「一部」等地域があいまいな記載は不可となります。 ※神奈川県全域としている場合は訪問・送迎が可能か法人で再度確認をお願いします。
D63: 第14条（苦情解決） | F63: 項目の一つは「都道府県知事が行う報告若しくは～」の記載になっていますか？
D64: 第16条（その他運営に関する重要事項） | E64: 第６ | F64: 「この規程に定める事項のほか、運営に関する重要事項は〇○法人と事業所の管理者～」の文中にある○○法人は記載されていますか？
D65: 附則 | F65: 事業開始年月日の記載になっていますか？
A66: 参考様式１ 事業所・施設の平面図 | D66: 平面図（既成の建築図面等を含む） ※既成の建築図面等の場合はＡ３又はＡ４に縮尺してください。 | F66: 複数の事業所（サービス）で同じ建物を使っている場合、事業で使う場所が分かるように色分け等していますか？
A67: 参考様式２ 居室面積等一覧表 | D67: 面積 | F67: 事業所の設備等の面積が記載されていますか？ ※平面図と相違ないですか？
F68: 生活介護、自立訓練（機能訓練）、自立訓練（生活訓練）、就労移行支援、就労継続支援(Ｂ型)、就労継続支援(Ａ型)の訓練・作業室の面積は一人あたり、３㎡以上となっていますか？
F69: 共同生活援助（グループホーム）の居室の場合、内法面積で記載していますか？ ※居室は収納スペースを除いた面積で記載してください。
A70: 参考様式３ 事業所の設備・備品等一覧表 | D70: 備品 | E70: 備品の品名及び数量 | F70: 備品の数量は記載されていますか？
F71: 鍵つき書庫、手指消毒、消防設備は記載されていますか？
A72: 事業所の外観及び内観の写真 | D72: 写真① | F72: 外観（建物の外観、看板）、内観（鍵つき書庫、手指消毒、消防設備を含む）の写真は用意できていますか？ ※共同生活援助の場合、誘導灯及び各居室の収納設備・火災報知器の写真も必要です。
D73: 写真② | F73: 内観の写真は物品の配置などを済ませて事業を開始できる状態の写真となっていますか？
D74: 写真③ | F74: 建物のどの部分の写真であるか分かるようになっていますか？
A75: 参考様式４ 管理者・サービス管理責任者・サービス提供責任者・相談支援専門員等の経歴書 | D75: 管理又は従事する事業所が複数の場合（日中活動サービス） ※兼務していない場合はチェック不要 | F75: サービス管理責任者は他事業所（多機能型事業所・共同生活援助・宿泊型自立訓練を除く）と兼務していませんか？
D76: 氏名・住所・生年月日 | F76: 氏名・郵便番号・住所・生年月日は「付表」と相違ないですか？
D77: 資格の種類（サービス提供責任者） | F77: サービス提供責任者が同行援護従事者養成研修（応用課程・一般課程）や行動援護従事者養成研修又は強度行動障害支援者養成研修（基礎・実践）を修了している場合は、「資格の種類」の欄に記載していますか？
F78: 行動援護の申請の場合、３年以上の実務経験証明書が必要となります。
D79: 資格の種類（サービス管理責任者） | F79: サービス管理責任者の実務経験の要件上、資格が必要な場合、資格証の写しを添付していますか？
F80: 「資格取得年月日」は資格証の「登録年月日」の記載になっていますか？
D81: 備考 | E81: 研修等の受講の状況等 | F81: 研修の修了証の写しを添付していますか？
A82: 参考様式５ 実務経験（見込）証明書 | D82: 印 | F82: 印は法人印となっていますか？
D83: 業務期間 | F83: 業務期間は「経歴書」と相違はないですか？
D84: 業務に従事した日数 | F84: 日数の記載はしていますか？
D85: 業務内容 | F85: 職名は直接サービス提供職員時の職名で記載していますか？
D86: ※同一法人の事業所で２か所以上務めた場合は、「事業所名」・「業務期間」・「日数」・「職種」・「業務内容（職名含む）」をそれぞれ項目を分けて記入していますか？
A87: 参考様式６ 利用者（入所者）又はその家族からの苦情を解決するために講ずる措置の概要 | D87: 措置の概要 | E87: １ 常設窓口（連絡先）、担当 | F87: 連絡先と担当の記載をしていますか？ ※法人に苦情解決の内規があれば添付をお願いします。
E88: ２ 処理体制・手順 | F88: 管理者の対応は明確に明記されていますか？
E89: ３ その他参考事項 | F89: 外部の苦情相談窓口として「かながわ福祉サービス運営適正化委員会」の問合せ先を記載してていますか？
A90: 参考様式８ 主たる対象者を特定する理由等 | D90: １ 主たる対象者 | F90: 主たる対象者は「運営規程」と整合していますか？
D91: ２ 特定する理由 | F91: 特定する理由は客観的で具体的な理由となっていますか？
A92: 参考様式９ 誓約書 | D92: 誓約書 | F92: 直近の様式を使用していますか？
D93: 申請者（法人）の名称、代表者の職名・氏名 | F93: 申請者（法人）の名称、代表者本人の職名・氏名は確認しましたか？
A94: 参考様式９別紙 役員等名簿 | D94: 申請者（法人）名 | F94: 申請者（法人）名は記載されていますか？
D95: 氏名等① | F95: 氏名、生年月日、役職名・呼称、住所、TEL、FAXの記載はされていますか？
D96: 氏名等② | F96: 管理者も記載されていますか？
A97: 参考様式10 協力医療機関の契約の内容 | D97: 契約の内容 | F97: 事前に協力医療機関の了解を得た上で、契約内容を記載していますか？ ※嘱託医契約ではありません。
F98: 緊急時の受入れについて、契約内容に含まれていますか？
F99: 当該事業所と協力医療機関間で契約書（協定書）を結んでいますか？ ※口頭での契約の場合は、内容を参考様式10に詳細に記載してください。
A100: 参考様式11 指定障害者支援施設等との連携体制及び支援の体制の概要 | D100: 指定障害者支援施設等との連携体制・支援体制の概要 ＊共同生活援助事業所以外はチェック不要 | F100: 指定障害者支援施設等との連携体制・支援体制の概要を具体的に記載していますか。
A101: 参考様式12 関係機関との協力体制 | D101: 関係機関との協力体制 ＊一般相談支援事業所以外はチェック不要 | F101: ・地域移行支援で、対象者を特定する場合、体験利用・体験宿泊を委託する場合に作成してください。 ・地域定着支援で、対象者を特定する場合、一時的な滞在を委託する場合に作成してください。
A102: 参考様式13 常時の連絡体制の確保の具体的方法 | D102: 常時の連絡体制の確保の具体的方法 ＊自立生活援助及び一般相談支援（地域定着）事業所以外はチェック不要 | F102: 24時間の連絡体制を確保していますか。
...

Sheet 口座振込依頼書
A1: 口座振込（変更）依頼書（兼 受領委任状）
A4: 神奈川県国民健康保険団体連合会理事長 殿
A6: 以下の口座に，次に掲げる介護給付費等の振込を依頼します。
U8: 令和 | AA8: 年 | AG8: 月 | AM8: 日
A11: 申請者（債権者） | C11: 法人名称 ( 開 設 者 ) | AG11: 届出印
C13: 郵便番号 | I13: 〒 | N13: -
C14: 事業所 所在地
C18: 代表者氏名
C20: 事業所名称
C22: 事業所番号
C24: 対象事業名
A27: 送付先 | C27: 郵便番号 | I27: 〒 | K27: =IF(#REF!="","",LEFT(#REF!,3)) -> #REF! | N27: - | O27: =IF(#REF!="","",RIGHT(#REF!,4)) -> #REF!
C28: 送付先住所 | I28: =IF(#REF!="","",#REF!) -> #REF!
I30: =IF(#REF!="","",#REF!) -> #REF!
C32: 宛名 | I32: =IF(#REF!="","",#REF!) -> #REF!
C34: 電話番号 | I34: =IF(#REF!="","",#REF!) -> #REF! | L34: =IF(I34="","","-") -> #REF! | M34: =IF(#REF!="","",#REF!) -> #REF! | P34: =IF(M34="","","-") -> #REF! | Q34: =IF(#REF!="","",#REF!) -> #REF!
A37: 振込先 | C37: 金融機関名 | Y37: 金 融 機 関 コ ー ド
C39: 支店名 | Y39: 支 店 コ ー ド
C41: 口座番号 | W41: 預金種目 | AC41: 1
C43: 口座名義人 | E43: ﾌﾘｶﾞﾅ
E45: 氏名
A49: 受領委任状
C50: 申請者（債権者）は，口座名義人（受任者）に，上記介護給付費等の受領に関する一切の権限を
C51: 委任します。
C52: =U8 -> 令和 | F52: =IF(X8<>"",X8,"") | I52: 年 | J52: =IF(AD8<>"",AD8,"") | M52: 月 | N52: =IF(AJ8<>"",AJ8,"") | Q52: 日
C54: 委任者 | I54: =IF(I18<>"",I18,"") | AK54: 印
I57: ※振込エラー防止のためどちらか一方にチェックをお願いします。
E58: 取扱金融機関の確認を以下に明記します。 | V58: ２枚目に通帳のコピーを添付します。
A60: 金 融 機 関 記 載 欄
I61: 上記口座が存在することを確認しました。
K63: 金融機関名
K65: 確認年月日 | AH65: ㊞
A69: 【振込先金融機関 通帳の写し添付様式】
U72: =$U$8 -> 令和 | AA72: 年 | AG72: 月 | AM72: 日
E75: 事業所名
E81: ※振込先金融機関の通帳の表面の名義人名の写し
D98: こちらに通帳の表面の写しを貼ってください。
E106: ※振込先金融機関の通帳の名義人名カタカナの写し
E123: こちらにカタカナ部分の写しを貼ってください。
T169: 指定年月日

Sheet 別紙１　他法指定事業等
A1: 別紙１
G3: 他の法律において既に指定を受けている事業等について
A5: 法律の名称 | G5: サービスの種類 | K5: 事業所・施設名称 | O5: 指定年月日 | T5: 指定事業所番号

Sheet 別紙２（その１）多機能型
A1: 別紙２（その１）
A2: 指定障害福祉サービス事業所にかかる多機能型による事業を実施する場合の記載事項（総括表）
D4: ＊ 多機能型事業実施時は、各事業の付表とこの別紙を併せて提出してください。
A6: 実施事業 | M6: 生活介護 | S6: 自立訓練 | Y6: 就労移行支援 | AE6: 就労継続支援
S7: （機能） | V7: （生活） | Y7: （通常） | AB7: （資格） | AE7: （Ａ型） | AH7: （Ｂ型） | AL7: 0
I8: 単位の有無 | AL8: FALSE | AM8: TRUE | AN8: FALSE | AO8: FALSE | AP8: FALSE | AQ8: FALSE | AR8: FALSE | AS8: FALSE
A9: 定員 | E9: 合計 | I9: 単位① | R9: 人 | U9: 人 | X9: 人 | AA9: 人 | AD9: 人 | AG9: 人 | AJ9: 人
H10: 人 | I10: 単位② | R10: 人
I11: 単位③ | R11: 人
I12: 単位④ | R12: 人
I13: 単位⑤ | R13: 人
A14: 定員緩和措置の有無 | I14: 2
A15: 申請に係る 事業所 | C15: ﾌﾘｶﾞﾅ
C16: 名 称
C17: 所在地 | I17: 〒 | Q17: ←郵便番号を半角数字７桁で入力してください
C20: 連 絡 先 | I20: 電話番号 | W20: ＦＡＸ番号
A21: 多機能型の他の 事業所Ⅰ | C21: サービス種類 | T21: 事業所番号
C22: ﾌﾘｶﾞﾅ
C23: 名 称
C24: 所在地 | I24: 〒 | Q24: ←郵便番号を半角数字７桁で入力してください
C27: 連 絡 先 | I27: 電話番号 | W27: ＦＡＸ番号
A28: 多機能型の他の 事業所Ⅱ | C28: サービス種類
C29: ﾌﾘｶﾞﾅ
C30: 名 称
C31: 所在地 | I31: 〒 | Q31: ←郵便番号を半角数字７桁で入力してください
C34: 連 絡 先 | I34: 電話番号 | W34: ＦＡＸ番号
A35: 多機能型の他の 事業所Ⅲ | C35: サービス種類
C36: ﾌﾘｶﾞﾅ
C37: 名 称
C38: 所在地 | I38: 〒 | Q38: ←郵便番号を半角数字７桁で入力してください
C41: 連 絡 先 | I41: 電話番号 | W41: ＦＡＸ番号
A42: 多機能型の他の 事業所Ⅳ | C42: サービス種類
C43: ﾌﾘｶﾞﾅ
C44: 名 称
C45: 所在地 | I45: 〒 | Q45: ←郵便番号を半角数字７桁で入力してください
C48: 連 絡 先 | I48: 電話番号 | W48: ＦＡＸ番号
A49: 管理者 | C49: ﾌﾘｶﾞﾅ
C50: 氏 名
C51: 住 所 | I51: 〒 | Q51: ←郵便番号を半角数字７桁で入力してください
C54: 他の事業所又は施設の従業者との兼務（兼務の場合記入） | O54: 事業所等の名称
O55: 兼務する職種
O56: 勤務時間
A57: サービス 管理責任者 | C57: ﾌﾘｶﾞﾅ
C58: 氏 名
C59: 住 所 | I59: 〒 | Q59: ←郵便番号を半角数字７桁で入力してください
A62: ＊生活介護を行う場合のみ記入 | P62: 施設が申告する障害支援区分の平均値
C63: 前年度の平均 実利用者 | I63: サービス単位１ | P63: 1
I64: サービス単位２ | P64: 1
I65: サービス単位３ | P65: 1
I66: サービス単位４ | P66: 1
I67: サービス単位５ | P67: 1

Sheet 別紙２（その２）多機能型
A1: 別紙２（その２）
A4: 従業者の職種・員数
A5: (単位：人） | I5: サービス 管理責任者 | M5: 医師 | Q5: 看護職員 | U5: 生活支援員 | AG5: 就労支援員
U6: 合計 | Y6: 通所 | AC6: 訪問
I7: 専従 | K7: 兼務 | M7: 専従 | O7: 兼務 | Q7: 専従 | S7: 兼務 | U7: 専従 | W7: 兼務 | Y7: 専従 | AA7: 兼務 | AC7: 専従 | AE7: 兼務 | AG7: 専従 | AI7: 兼務
A8: 合計 | C8: 従業者数 | F8: 常勤
F9: 非常勤
C10: 常勤換算後の人数
C11: ※基準上の必要人数
A12: (単位：人） | I12: 理学療法士等 | Y12: 職業指導員
I13: 合計 | M13: 理学療法士 | Q13: 作業療法士 | U13: 機能訓練指導員 | Y13: 合計 | AC13: 右記以外 | AG13: 兼教官
I14: 専従 | K14: 兼務 | M14: 専従 | O14: 兼務 | Q14: 専従 | S14: 兼務 | U14: 専従 | W14: 兼務 | Y14: 専従 | AA14: 兼務 | AC14: 専従 | AE14: 兼務 | AG14: 専従 | AI14: 兼務
A15: 合計 | C15: 従業者数 | F15: 常勤
F16: 非常勤
C17: 常勤換算後の人数
C18: ※基準上の必要人数
A19: (単位：人） | I19: その他の従業者
I21: 専従 | K21: 兼務 | M21: 専従 | O21: 兼務 | Q21: 専従 | S21: 兼務 | U21: 専従 | W21: 兼務 | Y21: 専従 | AA21: 兼務 | AC21: 専従 | AE21: 兼務 | AG21: 専従 | AI21: 兼務
A22: 合計 | C22: 従業者数 | F22: 常勤
F23: 非常勤
C24: 常勤換算後の人数
C25: ※基準上の必要人数
A26: （備考）
A27: １．「※」のついた欄には、記載しないでください。
A28: ２． 多機能型に従事するすべての従業者の員数を記載してください。
A29: ３． 新設の場合には、「前年度平均入所者数」欄は推定数を記入してください。

Sheet 勤務形態一覧表（居宅介護）
A1: 従業者の勤務の体制及び勤務形態一覧表 | AI1: サービス種別 | AK1: 居宅介護
M2: 2026 | Q2: 年 | S2: 4 | U2: 月 | AI2: 事業所名
AI3: (1)記載する期間 | AK3: ４週
AI4: (2)予定/実績の別
AG5: (3)事業所における常勤の従業者が勤務すべき時間数 | AK5: 時間/週 | AM5: 時間/月
A7: No. | B7: (4)職種 | C7: (5)勤務形態 | D7: (6)資格 | E7: (7)氏名 | F7: (8) | AK7: (9)勤務時間数合計 | AL7: (10)週平均の勤務時間数 | AM7: (11)兼務状況 （兼務先／兼務する職務の内容）等
F8: 第１週 | M8: 第２週 | T8: 第３週 | AA8: 第４週 | AH8: 第５週
B9: ※選択肢にない職種については直接入力してください | F9: =DATE($M$2,$S$2,1) -> 46113 | G9: =DATE($M$2,$S$2,2) -> 46114 | H9: =DATE($M$2,$S$2,3) -> 46115 | I9: =DATE($M$2,$S$2,4) -> 46116 | J9: =DATE($M$2,$S$2,5) -> 46117 | K9: =DATE($M$2,$S$2,6) -> 46118 | L9: =DATE($M$2,$S$2,7) -> 46119 | M9: =DATE($M$2,$S$2,8) -> 46120 | N9: =DATE($M$2,$S$2,9) -> 46121 | O9: =DATE($M$2,$S$2,10) -> 46122 | P9: =DATE($M$2,$S$2,11) -> 46123 | Q9: =DATE($M$2,$S$2,12) -> 46124 | R9: =DATE($M$2,$S$2,13) -> 46125 | S9: =DATE($M$2,$S$2,14) -> 46126 | T9: =DATE($M$2,$S$2,15) -> 46127 | U9: =DATE($M$2,$S$2,16) -> 46128 | V9: =DATE($M$2,$S$2,17) -> 46129 | W9: =DATE($M$2,$S$2,18) -> 46130 | X9: =DATE($M$2,$S$2,19) -> 46131 | Y9: =DATE($M$2,$S$2,20) -> 46132 | Z9: =DATE($M$2,$S$2,21) -> 46133 | AA9: =DATE($M$2,$S$2,22) -> 46134 | AB9: =DATE($M$2,$S$2,23) -> 46135 | AC9: =DATE($M$2,$S$2,24) -> 46136 | AD9: =DATE($M$2,$S$2,25) -> 46137 | AE9: =DATE($M$2,$S$2,26) -> 46138 | AF9: =DATE($M$2,$S$2,27) -> 46139 | AG9: =DATE($M$2,$S$2,28) -> 46140 | AH9: =IF(DAY(EOMONTH(F9,0))<29,"",DATE($M$2,$S$2,29)) -> 46141 | AI9: =IF(DAY(EOMONTH(F9,0))<30,"",DATE($M$2,$S$2,30)) -> 46142 | AJ9: =IF(DAY(EOMONTH(F9,0))<31,"",DATE($M$2,$S$2,31))
F10: =DATE($M$2,$S$2,1) -> 46113 | G10: =DATE($M$2,$S$2,2) -> 46114 | H10: =DATE($M$2,$S$2,3) -> 46115 | I10: =DATE($M$2,$S$2,4) -> 46116 | J10: =DATE($M$2,$S$2,5) -> 46117 | K10: =DATE($M$2,$S$2,6) -> 46118 | L10: =DATE($M$2,$S$2,7) -> 46119 | M10: =DATE($M$2,$S$2,8) -> 46120 | N10: =DATE($M$2,$S$2,9) -> 46121 | O10: =DATE($M$2,$S$2,10) -> 46122 | P10: =DATE($M$2,$S$2,11) -> 46123 | Q10: =DATE($M$2,$S$2,12) -> 46124 | R10: =DATE($M$2,$S$2,13) -> 46125 | S10: =DATE($M$2,$S$2,14) -> 46126 | T10: =DATE($M$2,$S$2,15) -> 46127 | U10: =DATE($M$2,$S$2,16) -> 46128 | V10: =DATE($M$2,$S$2,17) -> 46129 | W10: =DATE($M$2,$S$2,18) -> 46130 | X10: =DATE($M$2,$S$2,19) -> 46131 | Y10: =DATE($M$2,$S$2,20) -> 46132 | Z10: =DATE($M$2,$S$2,21) -> 46133 | AA10: =DATE($M$2,$S$2,22) -> 46134 | AB10: =DATE($M$2,$S$2,23) -> 46135 | AC10: =DATE($M$2,$S$2,24) -> 46136 | AD10: =DATE($M$2,$S$2,25) -> 46137 | AE10: =DATE($M$2,$S$2,26) -> 46138 | AF10: =DATE($M$2,$S$2,27) -> 46139 | AG10: =DATE($M$2,$S$2,28) -> 46140 | AH10: =IF(DAY(EOMONTH(F10,0))<29,"",DATE($M$2,$S$2,29)) -> 46141 | AI10: =IF(DAY(EOMONTH(F10,0))<30,"",DATE($M$2,$S$2,30)) -> 46142 | AJ10: =IF(DAY(EOMONTH(F10,0))<31,"",DATE($M$2,$S$2,31))
A11: 1 | B11: 管理者 | C11: A | E11: A
A12: 2 | B12: サービス提供責任者 | C12: B | E12: B | AK12: =+SUM(F12:AJ12) -> 0 | AL12: =IF($AK$3="４週",AK12/4,AK12/(DAY(EOMONTH($F$9,0))/7)) -> 0
A13: 3 | B13: サービス提供責任者 | C13: C | E13: C | AK13: =+SUM(F13:AJ13) -> 0 | AL13: =IF($AK$3="４週",AK13/4,AK13/(DAY(EOMONTH($F$9,0))/7)) -> 0
A14: 4 | B14: 従業者 | C14: C | E14: D | AK14: =+SUM(F14:AJ14) -> 0 | AL14: =IF($AK$3="４週",AK14/4,AK14/(DAY(EOMONTH($F$9,0))/7)) -> 0
A15: 5 | B15: 従業者 | C15: C | E15: E | AK15: =+SUM(F15:AJ15) -> 0 | AL15: =IF($AK$3="４週",AK15/4,AK15/(DAY(EOMONTH($F$9,0))/7)) -> 0
A16: 6 | B16: 従業者 | C16: D | E16: F | AK16: =+SUM(F16:AJ16) -> 0 | AL16: =IF($AK$3="４週",AK16/4,AK16/(DAY(EOMONTH($F$9,0))/7)) -> 0
A17: 7 | B17: 従業者 | C17: D | E17: G | AK17: =+SUM(F17:AJ17) -> 0 | AL17: =IF($AK$3="４週",AK17/4,AK17/(DAY(EOMONTH($F$9,0))/7)) -> 0
A18: 8 | B18: 従業者 | C18: D | E18: H | AK18: =+SUM(F18:AJ18) -> 0 | AL18: =IF($AK$3="４週",AK18/4,AK18/(DAY(EOMONTH($F$9,0))/7)) -> 0
A19: 9 | B19: 従業者 | C19: D | E19: I | AK19: =+SUM(F19:AJ19) -> 0 | AL19: =IF($AK$3="４週",AK19/4,AK19/(DAY(EOMONTH($F$9,0))/7)) -> 0
A20: 10 | B20: 従業者 | C20: D | E20: J | AK20: =+SUM(F20:AJ20) -> 0 | AL20: =IF($AK$3="４週",AK20/4,AK20/(DAY(EOMONTH($F$9,0))/7)) -> 0
A21: 11 | AK21: =+SUM(F21:AJ21) -> 0 | AL21: =IF($AK$3="４週",AK21/4,AK21/(DAY(EOMONTH($F$9,0))/7)) -> 0
A22: 12 | AK22: =+SUM(F22:AJ22) -> 0 | AL22: =IF($AK$3="４週",AK22/4,AK22/(DAY(EOMONTH($F$9,0))/7)) -> 0
A23: 13 | AK23: =+SUM(F23:AJ23) -> 0 | AL23: =IF($AK$3="４週",AK23/4,AK23/(DAY(EOMONTH($F$9,0))/7)) -> 0
A24: 14 | AK24: =+SUM(F24:AJ24) -> 0 | AL24: =IF($AK$3="４週",AK24/4,AK24/(DAY(EOMONTH($F$9,0))/7)) -> 0
A25: 15 | AK25: =+SUM(F25:AJ25) -> 0 | AL25: =IF($AK$3="４週",AK25/4,AK25/(DAY(EOMONTH($F$9,0))/7)) -> 0
A26: 16 | AK26: =+SUM(F26:AJ26) -> 0 | AL26: =IF($AK$3="４週",AK26/4,AK26/(DAY(EOMONTH($F$9,0))/7)) -> 0
A27: 17 | AK27: =+SUM(F27:AJ27) -> 0 | AL27: =IF($AK$3="４週",AK27/4,AK27/(DAY(EOMONTH($F$9,0))/7)) -> 0
A28: 18 | AK28: =+SUM(F28:AJ28) -> 0 | AL28: =IF($AK$3="４週",AK28/4,AK28/(DAY(EOMONTH($F$9,0))/7)) -> 0
A29: 19 | AK29: =+SUM(F29:AJ29) -> 0 | AL29: =IF($AK$3="４週",AK29/4,AK29/(DAY(EOMONTH($F$9,0))/7)) -> 0
A30: 20 | AK30: =+SUM(F30:AJ30) -> 0 | AL30: =IF($AK$3="４週",AK30/4,AK30/(DAY(EOMONTH($F$9,0))/7)) -> 0
A31: 合計 | F31: =+SUM(F11:F30) -> 0 | G31: =+SUM(G11:G30) -> 0 | H31: =+SUM(H11:H30) -> 0 | I31: =+SUM(I11:I30) -> 0 | J31: =+SUM(J11:J30) -> 0 | K31: =+SUM(K11:K30) -> 0 | L31: =+SUM(L11:L30) -> 0 | M31: =+SUM(M11:M30) -> 0 | ... AJ31: =+SUM(AJ11:AJ30) -> 0 | AK31: =+SUM(F31:AJ31) -> 0 | AL31: =IF($AK$3="４週",AK31/4,AK31/(DAY(EOMONTH($F$9,0))/7)) -> 0
A32: サービス提供時間
A37: ＜人員に関する基準＞
A38: （新規申請の場合は推定数） | M38: ○サービス提供責任者 | U38: =IF(COUNTIF(M40:M43,"○")>1,"いずれか１つを選択してください。","")
D39: =IF(S2=1,10,IF(S2=2,11,IF(S2=3,12,S2-3))) -> 1 | E39: =IF(S2=1,11,IF(S2=2,12,S2-2)) -> 2 | F39: =IF(S2=1,12,S2-1) -> 3 | I39: 合計 | M39: 区分 | AH39: 各区分の値とそれに基づく配置数 | AM39: 必要な配置数
A40: 利用者数（通院等乗降介助以外） | D40: 80 | E40: 80 | F40: 81 | I40: =SUM(D40:F40) -> 241 | M40: ○ | N40: 常勤換算方法によらない場合 | Q40: サービス提供時間が450時間又はその端数を増すごとに1人以上 | AH40: =SUM(F32:AJ32) -> 0 | AJ40: h | AK40: =ROUNDUP(AH40/450,0) -> 0 | AM40: =MIN(AH40:AK42) -> 0
A41: 利用者数（通院等乗降介助） | D41: 10 | E41: 15 | F41: 14 | I41: =SUM(D41:H41)*0.1 -> 3.9 | Q41: 従業者数が10人又はその端数を増すごとに1人以上 | AH41: =COUNTA(B12:B30) -> 9 | AJ41: 人 | AK41: =ROUNDUP(AH41/10,0) -> 1
A42: 合計 | D42: =D40+D41*0.1 -> 81 | E42: =E40+E41*0.1 -> 81.5 | F42: =F40+F41*0.1 -> 82.4 | I42: =SUM(D42:H42) -> 244.9 | Q42: 利用者数が40人又はその端数を増すごとに1人以上 | AH42: =ROUNDDOWN(I44,1) -> 81.6 | AJ42: 人 | AK42: =ROUNDUP(IF(X44="",AH42/40,IF(X44="○",AH42/50)),0) -> 3
A43: ※通院等乗降介助のみの利用者については1人0.1人換算 | H43: （平均利用者数） | N43: 常勤換算方法による場合 | AM43: {=ROUNDUP(_xlfn.IFS(AM40<2,1,AND(AM40<=2,AM40<6),AM40-1,AM40>=6,AM40/2*3),1)} -> 1
I44: =I42/3 -> 81.633333 | M44: 次の条件を満たす場合は「○」を選択→
M45: ①常勤のサービス提供責任者を３人以上配置
M46: ②サービス提供責任者の業務に主として従事する者を1人以上配置
M47: ③サービス提供責任者が行う業務が効率的に行われている
A49: ＜人員基準に関する実人数集計＞
C50: 管理者 | E50: =IF(VLOOKUP($AK$1,[4]選択肢!$A$1:$J$32,E55,FALSE)=0,"-",VLOOKUP($AK$1,[4]選択肢!$A$1:$J$32,E55,FALSE)) -> サービス提供責任者 | I50: =IF(VLOOKUP($AK$1,[4]選択肢!$A$1:$J$32,I55,FALSE)=0,"-",VLOOKUP($AK$1,[4]選択肢!$A$1:$J$32,I55,FALSE)) -> 従業者
C51: 専従 | D51: 兼務 | E51: 専従 | F51: 兼務 | I51: 専従 | L51: 兼務
B52: 常勤 | C52: =COUNTIFS($B$11:$B$30,C$50,$C$11:$C$30,"A",$E$11:$E$30,"*") -> 1 | D52: =COUNTIFS($B$11:$B$30,C$50,$C$11:$C$30,"B",$E$11:$E$30,"*") -> 0 | E52: =COUNTIFS($B$11:$B$30,E$50,$C$11:$C$30,"A",$E$11:$E$30,"*") -> 0 | F52: =COUNTIFS($B$11:$B$30,E$50,$C$11:$C$30,"B",$E$11:$E$30,"*") -> 1 | I52: =COUNTIFS($B$11:$B$30,I$50,$C$11:$C$30,"A",$E$11:$E$30,"*") -> 0 | L52: =COUNTIFS($B$11:$B$30,I$50,$C$11:$C$30,"B",$E$11:$E$30,"*") -> 0
B53: 非常勤 | E53: =COUNTIFS($B$11:$B$30,E$50,$C$11:$C$30,"C",$E$11:$E$30,"*") -> 1 | F53: =COUNTIFS($B$11:$B$30,E$50,$C$11:$C$30,"D",$E$11:$E$30,"*") -> 0 | I53: =COUNTIFS($B$11:$B$30,I$50,$C$11:$C$30,"C",$E$11:$E$30,"*") -> 2 | L53: =COUNTIFS($B$11:$B$30,I$50,$C$11:$C$30,"D",$E$11:$E$30,"*") -> 5
B54: 常勤換算数 | E54: =IF($AK$3="４週",SUMIFS($AK$11:$AK$30,$B$11:$B$30,E50)/4/$AH$5,IF($AK$3="歴月",SUMIFS($AK$11:$AK$30,$B$11:$B$30,E50)/$AL$5,"記載する期間を選択してください")) -> #DIV/0! | I54: =IF($AK$3="４週",SUMIFS($AK$11:$AK$30,$B$11:$B$30,I50)/4/$AH$5,IF($AK$3="歴月",SUMIFS($AK$11:$AK$30,$B$11:$B$30,I50)/$AL$5,"記載する期間を選択してください")) -> #DIV/0!
C55: 2 | E55: 3 | I55: 4 | O55: 5 | U55: 6 | AA55: 7 | AG55: 8 | AL55: 9
A56: ・最初に「年月欄」「サービス種別」「事業所名」を入力してください。 | R56: 6 | X56: 7 | AD56: 8 | AJ56: 9
A57: (1) 「４週」・「暦月」のいずれかを選択してください。
A58: (2) 「予定」・「実績」のいずれかを選択してください。
A59: (3) 事業所における常勤の従業者が勤務すべき時間数を入力してください。
A60: (4) 従業者の職種を入力してください。
A61: 記入の順序は、職種ごとにまとめてください。
A62: (5) 従業者の勤務形態について、下記のうち該当する区分の記号を入力してください。
B63: 記号 | C63: 区分
B64: A | C64: 常勤で専従
B65: B | C65: 常勤で兼務
B66: C | C66: 非常勤で専従
B67: D | C67: 非常勤で兼務
B68: （注）常勤・非常勤の区分について
B69: 当該事業所における勤務時間が、当該事業所において定められている常勤の従業者が勤務すべき時間数に達していることをいいます。雇用の形態は考慮しません。
B70: （例えば、常勤者は週に40時間勤務することとされた事業所であれば、非正規雇用であっても、週40時間勤務する従業者は常勤扱いとなります。）
A71: (6) 従業者の保有する資格を入力してください。
A72: 保有資格を全て記入するのではなく、人員基準上、求められる資格等を入力してください。
A73: ※選択した資格及び研修に関して、必要に応じて、資格証又は研修修了証等の写しを添付資料として提出してください。
A74: (7) 従業者の氏名を記入してください。
A75: (8) 申請する事業に係る従業者（管理者を含む。）の1ヶ月分の勤務時間を入力してください。
A76: (9) 常勤の職員の休暇等については、その期間が暦年で１月を超えるものでない限り、常勤換算の計算上は勤務したものとみなすことができます。
B77: その場合、勤務時間欄には「休」と記入し、勤務時間の合計に含めてください（非常勤職員の休暇等は常勤換算の計算に含めることはできません）。
B78: ※指定基準の確認に際しては、４週分の入力で差し支えありません。
A79: (10) 従業者ごとに、合計勤務時間数を入力してください。
A80: ※ 入力することができる時間数は、当該事業所において常勤の従業者が勤務すべき勤務時間数を上限とします。
A81: (11) 従業者ごとに、週平均の勤務時間数を入力してください。
A82: (12) 申請する事業所以外の事業所・施設との兼務がある場合は、兼務先の事業所・施設の名称、兼務する職務の内容について記入してください。
A83: 同一事業所内の兼務についても兼務する職務の内容を記入してください。
A84: その他、特記事項欄としてもご活用ください。
A85: （13)本表には計算式を設定していますが、結果に誤りがないかご確認ください。
A86: （14) 必要項目を満たしていれば、各事業所で使用するシフト表等をもって代替書類として差し支えありません。

Sheet 勤務形態一覧表（重度訪問介護）
A1: 従業者の勤務の体制及び勤務形態一覧表 | AI1: サービス種別 | AK1: 重度訪問介護
M2: 2024 | Q2: 年 | S2: 5 | U2: 月 | AI2: 事業所名
AI3: (1)記載する期間 | AK3: ４週
AI4: (2)予定/実績の別
AG5: (3)事業所における常勤の従業者が勤務すべき時間数 | AK5: 時間/週 | AM5: 時間/月
A7: No. | B7: (4)職種 | C7: (5)勤務形態 | D7: (6)資格 | E7: (7)氏名 | F7: (8) | AK7: (9)勤務時間数合計 | AL7: (10)週平均の勤務時間数 | AM7: (11)兼務状況 （兼務先／兼務する職務の内容）等
F8: 第１週 | M8: 第２週 | T8: 第３週 | AA8: 第４週 | AH8: 第５週
B9: ※選択肢にない職種については直接入力してください | F9: =DATE($M$2,$S$2,1) -> 45413 | G9: =DATE($M$2,$S$2,2) -> 45414 | H9: =DATE($M$2,$S$2,3) -> 45415 | I9: =DATE($M$2,$S$2,4) -> 45416 | J9: =DATE($M$2,$S$2,5) -> 45417 | K9: =DATE($M$2,$S$2,6) -> 45418 | L9: =DATE($M$2,$S$2,7) -> 45419 | M9: =DATE($M$2,$S$2,8) -> 45420 | N9: =DATE($M$2,$S$2,9) -> 45421 | O9: =DATE($M$2,$S$2,10) -> 45422 | P9: =DATE($M$2,$S$2,11) -> 45423 | Q9: =DATE($M$2,$S$2,12) -> 45424 | R9: =DATE($M$2,$S$2,13) -> 45425 | S9: =DATE($M$2,$S$2,14) -> 45426 | T9: =DATE($M$2,$S$2,15) -> 45427 | U9: =DATE($M$2,$S$2,16) -> 45428 | V9: =DATE($M$2,$S$2,17) -> 45429 | W9: =DATE($M$2,$S$2,18) -> 45430 | X9: =DATE($M$2,$S$2,19) -> 45431 | Y9: =DATE($M$2,$S$2,20) -> 45432 | Z9: =DATE($M$2,$S$2,21) -> 45433 | AA9: =DATE($M$2,$S$2,22) -> 45434 | AB9: =DATE($M$2,$S$2,23) -> 45435 | AC9: =DATE($M$2,$S$2,24) -> 45436 | AD9: =DATE($M$2,$S$2,25) -> 45437 | AE9: =DATE($M$2,$S$2,26) -> 45438 | AF9: =DATE($M$2,$S$2,27) -> 45439 | AG9: =DATE($M$2,$S$2,28) -> 45440 | AH9: =IF(DAY(EOMONTH(F9,0))<29,"",DATE($M$2,$S$2,29)) -> 45441 | AI9: =IF(DAY(EOMONTH(F9,0))<30,"",DATE($M$2,$S$2,30)) -> 45442 | AJ9: =IF(DAY(EOMONTH(F9,0))<31,"",DATE($M$2,$S$2,31)) -> 45443
F10: =DATE($M$2,$S$2,1) -> 45413 | G10: =DATE($M$2,$S$2,2) -> 45414 | H10: =DATE($M$2,$S$2,3) -> 45415 | I10: =DATE($M$2,$S$2,4) -> 45416 | J10: =DATE($M$2,$S$2,5) -> 45417 | K10: =DATE($M$2,$S$2,6) -> 45418 | L10: =DATE($M$2,$S$2,7) -> 45419 | M10: =DATE($M$2,$S$2,8) -> 45420 | N10: =DATE($M$2,$S$2,9) -> 45421 | O10: =DATE($M$2,$S$2,10) -> 45422 | P10: =DATE($M$2,$S$2,11) -> 45423 | Q10: =DATE($M$2,$S$2,12) -> 45424 | R10: =DATE($M$2,$S$2,13) -> 45425 | S10: =DATE($M$2,$S$2,14) -> 45426 | T10: =DATE($M$2,$S$2,15) -> 45427 | U10: =DATE($M$2,$S$2,16) -> 45428 | V10: =DATE($M$2,$S$2,17) -> 45429 | W10: =DATE($M$2,$S$2,18) -> 45430 | X10: =DATE($M$2,$S$2,19) -> 45431 | Y10: =DATE($M$2,$S$2,20) -> 45432 | Z10: =DATE($M$2,$S$2,21) -> 45433 | AA10: =DATE($M$2,$S$2,22) -> 45434 | AB10: =DATE($M$2,$S$2,23) -> 45435 | AC10: =DATE($M$2,$S$2,24) -> 45436 | AD10: =DATE($M$2,$S$2,25) -> 45437 | AE10: =DATE($M$2,$S$2,26) -> 45438 | AF10: =DATE($M$2,$S$2,27) -> 45439 | AG10: =DATE($M$2,$S$2,28) -> 45440 | AH10: =IF(DAY(EOMONTH(F10,0))<29,"",DATE($M$2,$S$2,29)) -> 45441 | AI10: =IF(DAY(EOMONTH(F10,0))<30,"",DATE($M$2,$S$2,30)) -> 45442 | AJ10: =IF(DAY(EOMONTH(F10,0))<31,"",DATE($M$2,$S$2,31)) -> 45443
A11: 1 | B11: 管理者 | C11: A | E11: A
A12: 2 | B12: サービス提供責任者 | C12: B | E12: B | AK12: =+SUM(F12:AJ12) -> 0 | AL12: =IF($AK$3="４週",AK12/4,AK12/(DAY(EOMONTH($F$9,0))/7)) -> 0
A13: 3 | B13: サービス提供責任者 | C13: C | E13: C | AK13: =+SUM(F13:AJ13) -> 0 | AL13: =IF($AK$3="４週",AK13/4,AK13/(DAY(EOMONTH($F$9,0))/7)) -> 0
A14: 4 | B14: 従業者 | C14: C | E14: D | AK14: =+SUM(F14:AJ14) -> 0 | AL14: =IF($AK$3="４週",AK14/4,AK14/(DAY(EOMONTH($F$9,0))/7)) -> 0
A15: 5 | B15: 従業者 | C15: C | E15: E | AK15: =+SUM(F15:AJ15) -> 0 | AL15: =IF($AK$3="４週",AK15/4,AK15/(DAY(EOMONTH($F$9,0))/7)) -> 0
A16: 6 | B16: 従業者 | C16: D | E16: F | AK16: =+SUM(F16:AJ16) -> 0 | AL16: =IF($AK$3="４週",AK16/4,AK16/(DAY(EOMONTH($F$9,0))/7)) -> 0
A17: 7 | B17: 従業者 | C17: D | E17: G | AK17: =+SUM(F17:AJ17) -> 0 | AL17: =IF($AK$3="４週",AK17/4,AK17/(DAY(EOMONTH($F$9,0))/7)) -> 0
A18: 8 | B18: 従業者 | C18: D | E18: H | AK18: =+SUM(F18:AJ18) -> 0 | AL18: =IF($AK$3="４週",AK18/4,AK18/(DAY(EOMONTH($F$9,0))/7)) -> 0
A19: 9 | B19: 従業者 | C19: D | E19: I | AK19: =+SUM(F19:AJ19) -> 0 | AL19: =IF($AK$3="４週",AK19/4,AK19/(DAY(EOMONTH($F$9,0))/7)) -> 0
A20: 10 | B20: 従業者 | C20: D | E20: J | AK20: =+SUM(F20:AJ20) -> 0 | AL20: =IF($AK$3="４週",AK20/4,AK20/(DAY(EOMONTH($F$9,0))/7)) -> 0
A21: 11 | AK21: =+SUM(F21:AJ21) -> 0 | AL21: =IF($AK$3="４週",AK21/4,AK21/(DAY(EOMONTH($F$9,0))/7)) -> 0
A22: 12 | AK22: =+SUM(F22:AJ22) -> 0 | AL22: =IF($AK$3="４週",AK22/4,AK22/(DAY(EOMONTH($F$9,0))/7)) -> 0
A23: 13 | AK23: =+SUM(F23:AJ23) -> 0 | AL23: =IF($AK$3="４週",AK23/4,AK23/(DAY(EOMONTH($F$9,0))/7)) -> 0
A24: 14 | AK24: =+SUM(F24:AJ24) -> 0 | AL24: =IF($AK$3="４週",AK24/4,AK24/(DAY(EOMONTH($F$9,0))/7)) -> 0
A25: 15 | AK25: =+SUM(F25:AJ25) -> 0 | AL25: =IF($AK$3="４週",AK25/4,AK25/(DAY(EOMONTH($F$9,0))/7)) -> 0
A26: 16 | AK26: =+SUM(F26:AJ26) -> 0 | AL26: =IF($AK$3="４週",AK26/4,AK26/(DAY(EOMONTH($F$9,0))/7)) -> 0
A27: 17 | AK27: =+SUM(F27:AJ27) -> 0 | AL27: =IF($AK$3="４週",AK27/4,AK27/(DAY(EOMONTH($F$9,0))/7)) -> 0
A28: 18 | AK28: =+SUM(F28:AJ28) -> 0 | AL28: =IF($AK$3="４週",AK28/4,AK28/(DAY(EOMONTH($F$9,0))/7)) -> 0
A29: 19 | AK29: =+SUM(F29:AJ29) -> 0 | AL29: =IF($AK$3="４週",AK29/4,AK29/(DAY(EOMONTH($F$9,0))/7)) -> 0
A30: 20 | AK30: =+SUM(F30:AJ30) -> 0 | AL30: =IF($AK$3="４週",AK30/4,AK30/(DAY(EOMONTH($F$9,0))/7)) -> 0
A31: 合計 | F31: =+SUM(F11:F30) -> 0 | G31: =+SUM(G11:G30) -> 0 | H31: =+SUM(H11:H30) -> 0 | I31: =+SUM(I11:I30) -> 0 | J31: =+SUM(J11:J30) -> 0 | K31: =+SUM(K11:K30) -> 0 | L31: =+SUM(L11:L30) -> 0 | M31: =+SUM(M11:M30) -> 0 | ... AJ31: =+SUM(AJ11:AJ30) -> 0 | AK31: =+SUM(F31:AJ31) -> 0 | AL31: =IF($AK$3="４週",AK31/4,AK31/(DAY(EOMONTH($F$9,0))/7)) -> 0
A32: サービス提供時間
A37: ＜人員に関する基準＞
A38: （新規申請の場合は推定数） | M38: ○サービス提供責任者 | U38: =IF(COUNTIF(M40:M43,"○")>1,"いずれか１つを選択してください。","")
D39: =IF(S2=1,10,IF(S2=2,11,IF(S2=3,12,S2-3))) -> 2 | E39: =IF(S2=1,11,IF(S2=2,12,S2-2)) -> 3 | F39: =IF(S2=1,12,S2-1) -> 4 | I39: 合計 | M39: 区分 | AH39: 各区分の値とそれに基づく配置数 | AM39: 必要な配置数
A40: 利用者数 | D40: 80 | E40: 80 | F40: 81 | I40: =SUM(D40:F40) -> 241 | M40: ○ | N40: 常勤換算方法によらない場合 | Q40: サービス提供時間が1000時間又はその端数を増すごとに1人以上 | AH40: =SUM(F32:AJ32) -> 0 | AJ40: h | AK40: =ROUNDUP(AH40/1000,0) -> 0 | AM40: =MIN(AH40:AK42) -> 0
H41: （平均利用者数） | Q41: 従業者数が20人又はその端数を増すごとに1人以上 | AH41: =COUNTA(B12:B30) -> 9 | AJ41: 人 | AK41: =ROUNDUP(AH41/20,0) -> 1
I42: =I40/3 -> 80.333333 | Q42: 利用者数が10人又はその端数を増すごとに1人以上 | AH42: =ROUNDDOWN(I42,1) -> 80.3 | AJ42: 人 | AK42: =ROUNDUP(AH42/10,0) -> 9
N43: 常勤換算方法による場合 | AM43: {=ROUNDUP(_xlfn.IFS(AM40<2,1,AND(AM40<=2,AM40<6),AM40-1,AM40>=6,AM40/2*3),1)} -> 1
M44: ※事業所における待機時間や移動時間については、サービス提供時間から除く。
A46: ＜人員基準に関する実人数集計＞
C47: =IF(VLOOKUP($AK$1,[4]選択肢!$A$1:$J$32,C52,FALSE)=0,"-",VLOOKUP($AK$1,[4]選択肢!$A$1:$J$32,C52,FALSE)) -> 管理者 | E47: =IF(VLOOKUP($AK$1,[4]選択肢!$A$1:$J$32,E52,FALSE)=0,"-",VLOOKUP($AK$1,[4]選択肢!$A$1:$J$32,E52,FALSE)) -> サービス提供責任者 | I47: =IF(VLOOKUP($AK$1,[4]選択肢!$A$1:$J$32,I52,FALSE)=0,"-",VLOOKUP($AK$1,[4]選択肢!$A$1:$J$32,I52,FALSE)) -> 従業者
C48: 専従 | D48: 兼務 | E48: 専従 | F48: 兼務 | I48: 専従 | L48: 兼務
B49: 常勤 | C49: =COUNTIFS($B$11:$B$30,C$47,$C$11:$C$30,"A",$E$11:$E$30,"*") -> 1 | D49: =COUNTIFS($B$11:$B$30,C$47,$C$11:$C$30,"B",$E$11:$E$30,"*") -> 0 | E49: =COUNTIFS($B$11:$B$30,E$47,$C$11:$C$30,"A",$E$11:$E$30,"*") -> 0 | F49: =COUNTIFS($B$11:$B$30,E$47,$C$11:$C$30,"B",$E$11:$E$30,"*") -> 1 | I49: =COUNTIFS($B$11:$B$30,I$47,$C$11:$C$30,"A",$E$11:$E$30,"*") -> 0 | L49: =COUNTIFS($B$11:$B$30,I$47,$C$11:$C$30,"B",$E$11:$E$30,"*") -> 0
B50: 非常勤 | E50: =COUNTIFS($B$11:$B$30,E$47,$C$11:$C$30,"C",$E$11:$E$30,"*") -> 1 | F50: =COUNTIFS($B$11:$B$30,E$47,$C$11:$C$30,"D",$E$11:$E$30,"*") -> 0 | I50: =COUNTIFS($B$11:$B$30,I$47,$C$11:$C$30,"C",$E$11:$E$30,"*") -> 2 | L50: =COUNTIFS($B$11:$B$30,I$47,$C$11:$C$30,"D",$E$11:$E$30,"*") -> 5
B51: 常勤換算数 | E51: =IF($AK$3="４週",SUMIFS($AK$11:$AK$30,$B$11:$B$30,E47)/4/$AH$5,IF($AK$3="歴月",SUMIFS($AK$11:$AK$30,$B$11:$B$30,E47)/$AL$5,"記載する期間を選択してください")) -> #DIV/0! | I51: =IF($AK$3="４週",SUMIFS($AK$11:$AK$30,$B$11:$B$30,I47)/4/$AH$5,IF($AK$3="歴月",SUMIFS($AK$11:$AK$30,$B$11:$B$30,I47)/$AL$5,"記載する期間を選択してください")) -> #DIV/0!
C52: 2 | E52: 3 | I52: 4 | O52: 5 | U52: 6 | AA52: 7 | AG52: 8 | AL52: 9
A53: ・最初に「年月欄」「サービス種別」「事業所名」を入力してください。 | R53: 6 | X53: 7 | AD53: 8 | AJ53: 9
A54: (1) 「４週」・「暦月」のいずれかを選択してください。
A55: (2) 「予定」・「実績」のいずれかを選択してください。
A56: (3) 事業所における常勤の従業者が勤務すべき時間数を入力してください。
A57: (4) 従業者の職種を入力してください。
A58: 記入の順序は、職種ごとにまとめてください。
A59: (5) 従業者の勤務形態について、下記のうち該当する区分の記号を入力してください。
B60: 記号 | C60: 区分
B61: A | C61: 常勤で専従
B62: B | C62: 常勤で兼務
B63: C | C63: 非常勤で専従
B64: D | C64: 非常勤で兼務
B65: （注）常勤・非常勤の区分について
B66: 当該事業所における勤務時間が、当該事業所において定められている常勤の従業者が勤務すべき時間数に達していることをいいます。雇用の形態は考慮しません。
B67: （例えば、常勤者は週に40時間勤務することとされた事業所であれば、非正規雇用であっても、週40時間勤務する従業者は常勤扱いとなります。）
A68: (6) 従業者の保有する資格を入力してください。
A69: 保有資格を全て記入するのではなく、人員基準上、求められる資格等を入力してください。
A70: ※選択した資格及び研修に関して、必要に応じて、資格証又は研修修了証等の写しを添付資料として提出してください。
A71: (7) 従業者の氏名を記入してください。
A72: (8) 申請する事業に係る従業者（管理者を含む。）の1ヶ月分の勤務時間を入力してください。
A73: (9) 常勤の職員の休暇等については、その期間が暦年で１月を超えるものでない限り、常勤換算の計算上は勤務したものとみなすことができます。
B74: その場合、勤務時間欄には「休」と記入し、勤務時間の合計に含めてください（非常勤職員の休暇等は常勤換算の計算に含めることはできません）。
B75: ※指定基準の確認に際しては、４週分の入力で差し支えありません。
A76: (10) 従業者ごとに、合計勤務時間数を入力してください。
A77: ※ 入力することができる時間数は、当該事業所において常勤の従業者が勤務すべき勤務時間数を上限とします。
A78: (11) 従業者ごとに、週平均の勤務時間数を入力してください。
A79: (12) 申請する事業所以外の事業所・施設との兼務がある場合は、兼務先の事業所・施設の名称、兼務する職務の内容について記入してください。
A80: 同一事業所内の兼務についても兼務する職務の内容を記入してください。
A81: その他、特記事項欄としてもご活用ください。
A82: （13)本表には計算式を設定していますが、結果に誤りがないかご確認ください。
A83: （14) 必要項目を満たしていれば、各事業所で使用するシフト表等をもって代替書類として差し支えありません。

Sheet 勤務形態一覧表（同行援護）
A1: 従業者の勤務の体制及び勤務形態一覧表 | AI1: サービス種別 | AK1: 同行援護
M2: 2024 | Q2: 年 | S2: 5 | U2: 月 | AI2: 事業所名
AI3: (1)記載する期間 | AK3: ４週
AI4: (2)予定/実績の別
AG5: (3)事業所における常勤の従業者が勤務すべき時間数 | AH5: 100 | AK5: 時間/週 | AM5: 時間/月
A7: No. | B7: (4)職種 | C7: (5)勤務形態 | D7: (6)資格 | E7: (7)氏名 | F7: (8) | AK7: (9)勤務時間数合計 | AL7: (10)週平均の勤務時間数 | AM7: (11)兼務状況 （兼務先／兼務する職務の内容）等
F8: 第１週 | M8: 第２週 | T8: 第３週 | AA8: 第４週 | AH8: 第５週
B9: ※選択肢にない職種については直接入力してください | F9: =DATE($M$2,$S$2,1) -> 45413 | G9: =DATE($M$2,$S$2,2) -> 45414 | H9: =DATE($M$2,$S$2,3) -> 45415 | I9: =DATE($M$2,$S$2,4) -> 45416 | J9: =DATE($M$2,$S$2,5) -> 45417 | K9: =DATE($M$2,$S$2,6) -> 45418 | L9: =DATE($M$2,$S$2,7) -> 45419 | M9: =DATE($M$2,$S$2,8) -> 45420 | N9: =DATE($M$2,$S$2,9) -> 45421 | O9: =DATE($M$2,$S$2,10) -> 45422 | P9: =DATE($M$2,$S$2,11) -> 45423 | Q9: =DATE($M$2,$S$2,12) -> 45424 | R9: =DATE($M$2,$S$2,13) -> 45425 | S9: =DATE($M$2,$S$2,14) -> 45426 | T9: =DATE($M$2,$S$2,15) -> 45427 | U9: =DATE($M$2,$S$2,16) -> 45428 | V9: =DATE($M$2,$S$2,17) -> 45429 | W9: =DATE($M$2,$S$2,18) -> 45430 | X9: =DATE($M$2,$S$2,19) -> 45431 | Y9: =DATE($M$2,$S$2,20) -> 45432 | Z9: =DATE($M$2,$S$2,21) -> 45433 | AA9: =DATE($M$2,$S$2,22) -> 45434 | AB9: =DATE($M$2,$S$2,23) -> 45435 | AC9: =DATE($M$2,$S$2,24) -> 45436 | AD9: =DATE($M$2,$S$2,25) -> 45437 | AE9: =DATE($M$2,$S$2,26) -> 45438 | AF9: =DATE($M$2,$S$2,27) -> 45439 | AG9: =DATE($M$2,$S$2,28) -> 45440 | AH9: =IF(DAY(EOMONTH(F9,0))<29,"",DATE($M$2,$S$2,29)) -> 45441 | AI9: =IF(DAY(EOMONTH(F9,0))<30,"",DATE($M$2,$S$2,30)) -> 45442 | AJ9: =IF(DAY(EOMONTH(F9,0))<31,"",DATE($M$2,$S$2,31)) -> 45443
F10: =DATE($M$2,$S$2,1) -> 45413 | G10: =DATE($M$2,$S$2,2) -> 45414 | H10: =DATE($M$2,$S$2,3) -> 45415 | I10: =DATE($M$2,$S$2,4) -> 45416 | J10: =DATE($M$2,$S$2,5) -> 45417 | K10: =DATE($M$2,$S$2,6) -> 45418 | L10: =DATE($M$2,$S$2,7) -> 45419 | M10: =DATE($M$2,$S$2,8) -> 45420 | N10: =DATE($M$2,$S$2,9) -> 45421 | O10: =DATE($M$2,$S$2,10) -> 45422 | P10: =DATE($M$2,$S$2,11) -> 45423 | Q10: =DATE($M$2,$S$2,12) -> 45424 | R10: =DATE($M$2,$S$2,13) -> 45425 | S10: =DATE($M$2,$S$2,14) -> 45426 | T10: =DATE($M$2,$S$2,15) -> 45427 | U10: =DATE($M$2,$S$2,16) -> 45428 | V10: =DATE($M$2,$S$2,17) -> 45429 | W10: =DATE($M$2,$S$2,18) -> 45430 | X10: =DATE($M$2,$S$2,19) -> 45431 | Y10: =DATE($M$2,$S$2,20) -> 45432 | Z10: =DATE($M$2,$S$2,21) -> 45433 | AA10: =DATE($M$2,$S$2,22) -> 45434 | AB10: =DATE($M$2,$S$2,23) -> 45435 | AC10: =DATE($M$2,$S$2,24) -> 45436 | AD10: =DATE($M$2,$S$2,25) -> 45437 | AE10: =DATE($M$2,$S$2,26) -> 45438 | AF10: =DATE($M$2,$S$2,27) -> 45439 | AG10: =DATE($M$2,$S$2,28) -> 45440 | AH10: =IF(DAY(EOMONTH(F10,0))<29,"",DATE($M$2,$S$2,29)) -> 45441 | AI10: =IF(DAY(EOMONTH(F10,0))<30,"",DATE($M$2,$S$2,30)) -> 45442 | AJ10: =IF(DAY(EOMONTH(F10,0))<31,"",DATE($M$2,$S$2,31)) -> 45443
A11: 1 | B11: 管理者 | C11: A | E11: A
A12: 2 | B12: サービス提供責任者 | C12: B | E12: B | AK12: =+SUM(F12:AJ12) -> 0 | AL12: =IF($AK$3="４週",AK12/4,AK12/(DAY(EOMONTH($F$9,0))/7)) -> 0
A13: 3 | B13: 従業者 | C13: C | E13: C | AK13: =+SUM(F13:AJ13) -> 0 | AL13: =IF($AK$3="４週",AK13/4,AK13/(DAY(EOMONTH($F$9,0))/7)) -> 0
A14: 4 | B14: 従業者 | C14: C | E14: D | AK14: =+SUM(F14:AJ14) -> 0 | AL14: =IF($AK$3="４週",AK14/4,AK14/(DAY(EOMONTH($F$9,0))/7)) -> 0
A15: 5 | B15: 従業者 | C15: C | E15: E | AK15: =+SUM(F15:AJ15) -> 0 | AL15: =IF($AK$3="４週",AK15/4,AK15/(DAY(EOMONTH($F$9,0))/7)) -> 0
A16: 6 | B16: 従業者 | C16: D | E16: F | AK16: =+SUM(F16:AJ16) -> 0 | AL16: =IF($AK$3="４週",AK16/4,AK16/(DAY(EOMONTH($F$9,0))/7)) -> 0
A17: 7 | B17: 従業者 | C17: D | E17: G | AK17: =+SUM(F17:AJ17) -> 0 | AL17: =IF($AK$3="４週",AK17/4,AK17/(DAY(EOMONTH($F$9,0))/7)) -> 0
A18: 8 | B18: 従業者 | C18: D | E18: H | AK18: =+SUM(F18:AJ18) -> 0 | AL18: =IF($AK$3="４週",AK18/4,AK18/(DAY(EOMONTH($F$9,0))/7)) -> 0
A19: 9 | B19: 従業者 | C19: D | E19: I | AK19: =+SUM(F19:AJ19) -> 0 | AL19: =IF($AK$3="４週",AK19/4,AK19/(DAY(EOMONTH($F$9,0))/7)) -> 0
A20: 10 | B20: 従業者 | C20: D | E20: J | AK20: =+SUM(F20:AJ20) -> 0 | AL20: =IF($AK$3="４週",AK20/4,AK20/(DAY(EOMONTH($F$9,0))/7)) -> 0
A21: 11 | AK21: =+SUM(F21:AJ21) -> 0 | AL21: =IF($AK$3="４週",AK21/4,AK21/(DAY(EOMONTH($F$9,0))/7)) -> 0
A22: 12 | AK22: =+SUM(F22:AJ22) -> 0 | AL22: =IF($AK$3="４週",AK22/4,AK22/(DAY(EOMONTH($F$9,0))/7)) -> 0
A23: 13 | AK23: =+SUM(F23:AJ23) -> 0 | AL23: =IF($AK$3="４週",AK23/4,AK23/(DAY(EOMONTH($F$9,0))/7)) -> 0
A24: 14 | AK24: =+SUM(F24:AJ24) -> 0 | AL24: =IF($AK$3="４週",AK24/4,AK24/(DAY(EOMONTH($F$9,0))/7)) -> 0
A25: 15 | AK25: =+SUM(F25:AJ25) -> 0 | AL25: =IF($AK$3="４週",AK25/4,AK25/(DAY(EOMONTH($F$9,0))/7)) -> 0
A26: 16 | AK26: =+SUM(F26:AJ26) -> 0 | AL26: =IF($AK$3="４週",AK26/4,AK26/(DAY(EOMONTH($F$9,0))/7)) -> 0
A27: 17 | AK27: =+SUM(F27:AJ27) -> 0 | AL27: =IF($AK$3="４週",AK27/4,AK27/(DAY(EOMONTH($F$9,0))/7)) -> 0
A28: 18 | AK28: =+SUM(F28:AJ28) -> 0 | AL28: =IF($AK$3="４週",AK28/4,AK28/(DAY(EOMONTH($F$9,0))/7)) -> 0
A29: 19 | AK29: =+SUM(F29:AJ29) -> 0 | AL29: =IF($AK$3="４週",AK29/4,AK29/(DAY(EOMONTH($F$9,0))/7)) -> 0
A30: 20 | AK30: =+SUM(F30:AJ30) -> 0 | AL30: =IF($AK$3="４週",AK30/4,AK30/(DAY(EOMONTH($F$9,0))/7)) -> 0
A31: 合計 | F31: =+SUM(F11:F30) -> 0 | G31: =+SUM(G11:G30) -> 0 | H31: =+SUM(H11:H30) -> 0 | I31: =+SUM(I11:I30) -> 0 | J31: =+SUM(J11:J30) -> 0 | K31: =+SUM(K11:K30) -> 0 | L31: =+SUM(L11:L30) -> 0 | M31: =+SUM(M11:M30) -> 0 | ... AJ31: =+SUM(AJ11:AJ30) -> 0 | AK31: =+SUM(F31:AJ31) -> 0 | AL31: =IF($AK$3="４週",AK31/4,AK31/(DAY(EOMONTH($F$9,0))/7)) -> 0
A32: サービス提供時間
A37: ＜人員に関する基準＞
A38: （新規申請の場合は推定数） | M38: ○サービス提供責任者 | U38: =IF(COUNTIF(M40:M43,"○")>1,"いずれか１つを選択してください。","")
D39: =IF(S2=1,10,IF(S2=2,11,IF(S2=3,12,S2-3))) -> 2 | E39: =IF(S2=1,11,IF(S2=2,12,S2-2)) -> 3 | F39: =IF(S2=1,12,S2-1) -> 4 | I39: 合計 | M39: 区分 | AH39: 各区分の値とそれに基づく配置数 | AM39: 必要な配置数
A40: 利用者数 | D40: 80 | E40: 80 | F40: 81 | I40: =SUM(D40:F40) -> 241 | M40: ○ | N40: 常勤換算方法によらない場合 | Q40: サービス提供時間が450時間又はその端数を増すごとに1人以上 | AH40: =SUM(F32:AJ32) -> 0 | AJ40: h | AK40: =ROUNDUP(AH40/450,0) -> 0 | AM40: =MIN(AH40:AK42) -> 0
I41: （平均利用者数） | Q41: 従業者数が10人又はその端数を増すごとに1人以上 | AH41: =COUNTA(B12:B30) -> 9 | AJ41: 人 | AK41: =ROUNDUP(AH41/10,0) -> 1
I42: =I40/3 -> 80.333333 | Q42: 利用者数が40人又はその端数を増すごとに1人以上 | AH42: =ROUNDDOWN(I42,1) -> 80.3 | AJ42: 人 | AK42: =ROUNDUP(AH42/40,0) -> 3
N43: 常勤換算方法による場合 | AM43: {=ROUNDUP(_xlfn.IFS(AM40<2,1,AND(AM40<=2,AM40<6),AM40-1,AM40>=6,AM40/2*3),1)} -> 1
A45: ＜人員基準に関する実人数集計＞
C46: =IF(VLOOKUP($AK$1,[5]選択肢!$A$1:$J$32,C51,FALSE)=0,"-",VLOOKUP($AK$1,[5]選択肢!$A$1:$J$32,C51,FALSE)) -> 管理者 | E46: =IF(VLOOKUP($AK$1,[5]選択肢!$A$1:$J$32,E51,FALSE)=0,"-",VLOOKUP($AK$1,[5]選択肢!$A$1:$J$32,E51,FALSE)) -> サービス提供責任者 | I46: =IF(VLOOKUP($AK$1,[5]選択肢!$A$1:$J$32,I51,FALSE)=0,"-",VLOOKUP($AK$1,[5]選択肢!$A$1:$J$32,I51,FALSE)) -> 従業者
C47: 専従 | D47: 兼務 | E47: 専従 | F47: 兼務 | I47: 専従 | L47: 兼務
B48: 常勤 | C48: =COUNTIFS($B$11:$B$30,C$46,$C$11:$C$30,"A",$E$11:$E$30,"*") -> 1 | D48: =COUNTIFS($B$11:$B$30,C$46,$C$11:$C$30,"B",$E$11:$E$30,"*") -> 0 | E48: =COUNTIFS($B$11:$B$30,E$46,$C$11:$C$30,"A",$E$11:$E$30,"*") -> 0 | F48: =COUNTIFS($B$11:$B$30,E$46,$C$11:$C$30,"B",$E$11:$E$30,"*") -> 1 | I48: =COUNTIFS($B$11:$B$30,I$46,$C$11:$C$30,"A",$E$11:$E$30,"*") -> 0 | L48: =COUNTIFS($B$11:$B$30,I$46,$C$11:$C$30,"B",$E$11:$E$30,"*") -> 0
B49: 非常勤 | E49: =COUNTIFS($B$11:$B$30,E$46,$C$11:$C$30,"C",$E$11:$E$30,"*") -> 0 | F49: =COUNTIFS($B$11:$B$30,E$46,$C$11:$C$30,"D",$E$11:$E$30,"*") -> 0 | I49: =COUNTIFS($B$11:$B$30,I$46,$C$11:$C$30,"C",$E$11:$E$30,"*") -> 3 | L49: =COUNTIFS($B$11:$B$30,I$46,$C$11:$C$30,"D",$E$11:$E$30,"*") -> 5
B50: 常勤換算数 | E50: =IF($AK$3="４週",SUMIFS($AK$11:$AK$30,$B$11:$B$30,E46)/4/$AH$5,IF($AK$3="歴月",SUMIFS($AK$11:$AK$30,$B$11:$B$30,E46)/$AL$5,"記載する期間を選択してください")) -> 0 | I50: =IF($AK$3="４週",SUMIFS($AK$11:$AK$30,$B$11:$B$30,I46)/4/$AH$5,IF($AK$3="歴月",SUMIFS($AK$11:$AK$30,$B$11:$B$30,I46)/$AL$5,"記載する期間を選択してください")) -> 0
C51: 2 | E51: 3 | I51: 4 | O51: 5 | U51: 6 | AA51: 7 | AG51: 8 | AL51: 9
A52: ・最初に「年月欄」「サービス種別」「事業所名」を入力してください。 | R52: 6 | X52: 7 | AD52: 8 | AJ52: 9
A53: (1) 「４週」・「暦月」のいずれかを選択してください。
A54: (2) 「予定」・「実績」のいずれかを選択してください。
A55: (3) 事業所における常勤の従業者が勤務すべき時間数を入力してください。
A56: (4) 従業者の職種を入力してください。
A57: 記入の順序は、職種ごとにまとめてください。
A58: (5) 従業者の勤務形態について、下記のうち該当する区分の記号を入力してください。
B59: 記号 | C59: 区分
B60: A | C60: 常勤で専従
B61: B | C61: 常勤で兼務
B62: C | C62: 非常勤で専従
B63: D | C63: 非常勤で兼務
B64: （注）常勤・非常勤の区分について
B65: 当該事業所における勤務時間が、当該事業所において定められている常勤の従業者が勤務すべき時間数に達していることをいいます。雇用の形態は考慮しません。
B66: （例えば、常勤者は週に40時間勤務することとされた事業所であれば、非正規雇用であっても、週40時間勤務する従業者は常勤扱いとなります。）
A67: (6) 従業者の保有する資格を入力してください。
A68: 保有資格を全て記入するのではなく、人員基準上、求められる資格等を入力してください。
A69: ※選択した資格及び研修に関して、必要に応じて、資格証又は研修修了証等の写しを添付資料として提出してください。
A70: (7) 従業者の氏名を記入してください。
A71: (8) 申請する事業に係る従業者（管理者を含む。）の1ヶ月分の勤務時間を入力してください。
A72: (9) 常勤の職員の休暇等については、その期間が暦年で１月を超えるものでない限り、常勤換算の計算上は勤務したものとみなすことができます。
B73: その場合、勤務時間欄には「休」と記入し、勤務時間の合計に含めてください（非常勤職員の休暇等は常勤換算の計算に含めることはできません）。
B74: ※指定基準の確認に際しては、４週分の入力で差し支えありません。
A75: (10) 従業者ごとに、合計勤務時間数を入力してください。
A76: ※ 入力することができる時間数は、当該事業所において常勤の従業者が勤務すべき勤務時間数を上限とします。
A77: (11) 従業者ごとに、週平均の勤務時間数を入力してください。
A78: (12) 申請する事業所以外の事業所・施設との兼務がある場合は、兼務先の事業所・施設の名称、兼務する職務の内容について記入してください。
A79: 同一事業所内の兼務についても兼務する職務の内容を記入してください。
A80: その他、特記事項欄としてもご活用ください。
A81: （13)本表には計算式を設定していますが、結果に誤りがないかご確認ください。
A82: （14) 必要項目を満たしていれば、各事業所で使用するシフト表等をもって代替書類として差し支えありません。

Sheet 勤務形態一覧表（行動援護）
A1: 従業者の勤務の体制及び勤務形態一覧表 | AI1: サービス種別 | AK1: 行動援護
M2: 2024 | Q2: 年 | S2: 5 | U2: 月 | AI2: 事業所名
AI3: (1)記載する期間 | AK3: ４週
AI4: (2)予定/実績の別
AG5: (3)事業所における常勤の従業者が勤務すべき時間数 | AH5: 100 | AK5: 時間/週 | AM5: 時間/月
A7: No. | B7: (4)職種 | C7: (5)勤務形態 | D7: (6)資格 | E7: (7)氏名 | F7: (8) | AK7: (9)勤務時間数合計 | AL7: (10)週平均の勤務時間数 | AM7: (11)兼務状況 （兼務先／兼務する職務の内容）等
F8: 第１週 | M8: 第２週 | T8: 第３週 | AA8: 第４週 | AH8: 第５週
B9: ※選択肢にない職種については直接入力してください | F9: =DATE($M$2,$S$2,1) -> 45413 | G9: =DATE($M$2,$S$2,2) -> 45414 | H9: =DATE($M$2,$S$2,3) -> 45415 | I9: =DATE($M$2,$S$2,4) -> 45416 | J9: =DATE($M$2,$S$2,5) -> 45417 | K9: =DATE($M$2,$S$2,6) -> 45418 | L9: =DATE($M$2,$S$2,7) -> 45419 | M9: =DATE($M$2,$S$2,8) -> 45420 | N9: =DATE($M$2,$S$2,9) -> 45421 | O9: =DATE($M$2,$S$2,10) -> 45422 | P9: =DATE($M$2,$S$2,11) -> 45423 | Q9: =DATE($M$2,$S$2,12) -> 45424 | R9: =DATE($M$2,$S$2,13) -> 45425 | S9: =DATE($M$2,$S$2,14) -> 45426 | T9: =DATE($M$2,$S$2,15) -> 45427 | U9: =DATE($M$2,$S$2,16) -> 45428 | V9: =DATE($M$2,$S$2,17) -> 45429 | W9: =DATE($M$2,$S$2,18) -> 45430 | X9: =DATE($M$2,$S$2,19) -> 45431 | Y9: =DATE($M$2,$S$2,20) -> 45432 | Z9: =DATE($M$2,$S$2,21) -> 45433 | AA9: =DATE($M$2,$S$2,22) -> 45434 | AB9: =DATE($M$2,$S$2,23) -> 45435 | AC9: =DATE($M$2,$S$2,24) -> 45436 | AD9: =DATE($M$2,$S$2,25) -> 45437 | AE9: =DATE($M$2,$S$2,26) -> 45438 | AF9: =DATE($M$2,$S$2,27) -> 45439 | AG9: =DATE($M$2,$S$2,28) -> 45440 | AH9: =IF(DAY(EOMONTH(F9,0))<29,"",DATE($M$2,$S$2,29)) -> 45441 | AI9: =IF(DAY(EOMONTH(F9,0))<30,"",DATE($M$2,$S$2,30)) -> 45442 | AJ9: =IF(DAY(EOMONTH(F9,0))<31,"",DATE($M$2,$S$2,31)) -> 45443
F10: =DATE($M$2,$S$2,1) -> 45413 | G10: =DATE($M$2,$S$2,2) -> 45414 | H10: =DATE($M$2,$S$2,3) -> 45415 | I10: =DATE($M$2,$S$2,4) -> 45416 | J10: =DATE($M$2,$S$2,5) -> 45417 | K10: =DATE($M$2,$S$2,6) -> 45418 | L10: =DATE($M$2,$S$2,7) -> 45419 | M10: =DATE($M$2,$S$2,8) -> 45420 | N10: =DATE($M$2,$S$2,9) -> 45421 | O10: =DATE($M$2,$S$2,10) -> 45422 | P10: =DATE($M$2,$S$2,11) -> 45423 | Q10: =DATE($M$2,$S$2,12) -> 45424 | R10: =DATE($M$2,$S$2,13) -> 45425 | S10: =DATE($M$2,$S$2,14) -> 45426 | T10: =DATE($M$2,$S$2,15) -> 45427 | U10: =DATE($M$2,$S$2,16) -> 45428 | V10: =DATE($M$2,$S$2,17) -> 45429 | W10: =DATE($M$2,$S$2,18) -> 45430 | X10: =DATE($M$2,$S$2,19) -> 45431 | Y10: =DATE($M$2,$S$2,20) -> 45432 | Z10: =DATE($M$2,$S$2,21) -> 45433 | AA10: =DATE($M$2,$S$2,22) -> 45434 | AB10: =DATE($M$2,$S$2,23) -> 45435 | AC10: =DATE($M$2,$S$2,24) -> 45436 | AD10: =DATE($M$2,$S$2,25) -> 45437 | AE10: =DATE($M$2,$S$2,26) -> 45438 | AF10: =DATE($M$2,$S$2,27) -> 45439 | AG10: =DATE($M$2,$S$2,28) -> 45440 | AH10: =IF(DAY(EOMONTH(F10,0))<29,"",DATE($M$2,$S$2,29)) -> 45441 | AI10: =IF(DAY(EOMONTH(F10,0))<30,"",DATE($M$2,$S$2,30)) -> 45442 | AJ10: =IF(DAY(EOMONTH(F10,0))<31,"",DATE($M$2,$S$2,31)) -> 45443
A11: 1 | B11: 管理者 | C11: A | E11: A
A12: 2 | B12: サービス提供責任者 | C12: B | E12: B | AK12: =+SUM(F12:AJ12) -> 0 | AL12: =IF($AK$3="４週",AK12/4,AK12/(DAY(EOMONTH($F$9,0))/7)) -> 0
A13: 3 | B13: サービス提供責任者 | C13: C | E13: C | AK13: =+SUM(F13:AJ13) -> 0 | AL13: =IF($AK$3="４週",AK13/4,AK13/(DAY(EOMONTH($F$9,0))/7)) -> 0
A14: 4 | B14: 従業者 | C14: C | E14: D | AK14: =+SUM(F14:AJ14) -> 0 | AL14: =IF($AK$3="４週",AK14/4,AK14/(DAY(EOMONTH($F$9,0))/7)) -> 0
A15: 5 | B15: 従業者 | C15: C | E15: E | AK15: =+SUM(F15:AJ15) -> 0 | AL15: =IF($AK$3="４週",AK15/4,AK15/(DAY(EOMONTH($F$9,0))/7)) -> 0
A16: 6 | B16: 従業者 | C16: D | E16: F | AK16: =+SUM(F16:AJ16) -> 0 | AL16: =IF($AK$3="４週",AK16/4,AK16/(DAY(EOMONTH($F$9,0))/7)) -> 0
A17: 7 | B17: 従業者 | C17: D | E17: G | AK17: =+SUM(F17:AJ17) -> 0 | AL17: =IF($AK$3="４週",AK17/4,AK17/(DAY(EOMONTH($F$9,0))/7)) -> 0
A18: 8 | B18: 従業者 | C18: D | E18: H | AK18: =+SUM(F18:AJ18) -> 0 | AL18: =IF($AK$3="４週",AK18/4,AK18/(DAY(EOMONTH($F$9,0))/7)) -> 0
A19: 9 | B19: 従業者 | C19: D | E19: I | AK19: =+SUM(F19:AJ19) -> 0 | AL19: =IF($AK$3="４週",AK19/4,AK19/(DAY(EOMONTH($F$9,0))/7)) -> 0
A20: 10 | B20: 従業者 | C20: D | E20: J | AK20: =+SUM(F20:AJ20) -> 0 | AL20: =IF($AK$3="４週",AK20/4,AK20/(DAY(EOMONTH($F$9,0))/7)) -> 0
A21: 11 | AK21: =+SUM(F21:AJ21) -> 0 | AL21: =IF($AK$3="４週",AK21/4,AK21/(DAY(EOMONTH($F$9,0))/7)) -> 0
A22: 12 | AK22: =+SUM(F22:AJ22) -> 0 | AL22: =IF($AK$3="４週",AK22/4,AK22/(DAY(EOMONTH($F$9,0))/7)) -> 0
A23: 13 | AK23: =+SUM(F23:AJ23) -> 0 | AL23: =IF($AK$3="４週",AK23/4,AK23/(DAY(EOMONTH($F$9,0))/7)) -> 0
A24: 14 | AK24: =+SUM(F24:AJ24) -> 0 | AL24: =IF($AK$3="４週",AK24/4,AK24/(DAY(EOMONTH($F$9,0))/7)) -> 0
A25: 15 | AK25: =+SUM(F25:AJ25) -> 0 | AL25: =IF($AK$3="４週",AK25/4,AK25/(DAY(EOMONTH($F$9,0))/7)) -> 0
A26: 16 | AK26: =+SUM(F26:AJ26) -> 0 | AL26: =IF($AK$3="４週",AK26/4,AK26/(DAY(EOMONTH($F$9,0))/7)) -> 0
A27: 17 | AK27: =+SUM(F27:AJ27) -> 0 | AL27: =IF($AK$3="４週",AK27/4,AK27/(DAY(EOMONTH($F$9,0))/7)) -> 0
A28: 18 | AK28: =+SUM(F28:AJ28) -> 0 | AL28: =IF($AK$3="４週",AK28/4,AK28/(DAY(EOMONTH($F$9,0))/7)) -> 0
A29: 19 | AK29: =+SUM(F29:AJ29) -> 0 | AL29: =IF($AK$3="４週",AK29/4,AK29/(DAY(EOMONTH($F$9,0))/7)) -> 0
A30: 20 | AK30: =+SUM(F30:AJ30) -> 0 | AL30: =IF($AK$3="４週",AK30/4,AK30/(DAY(EOMONTH($F$9,0))/7)) -> 0
A31: 合計 | F31: =+SUM(F11:F30) -> 0 | G31: =+SUM(G11:G30) -> 0 | H31: =+SUM(H11:H30) -> 0 | I31: =+SUM(I11:I30) -> 0 | J31: =+SUM(J11:J30) -> 0 | K31: =+SUM(K11:K30) -> 0 | L31: =+SUM(L11:L30) -> 0 | M31: =+SUM(M11:M30) -> 0 | ... AJ31: =+SUM(AJ11:AJ30) -> 0 | AK31: =+SUM(F31:AJ31) -> 0 | AL31: =IF($AK$3="４週",AK31/4,AK31/(DAY(EOMONTH($F$9,0))/7)) -> 0
A32: サービス提供時間
A37: ＜人員に関する基準＞
A38: （新規申請の場合は推定数） | M38: ○サービス提供責任者 | U38: =IF(COUNTIF(M40:M43,"○")>1,"いずれか１つを選択してください。","")
D39: =IF(S2=1,10,IF(S2=2,11,IF(S2=3,12,S2-3))) -> 2 | E39: =IF(S2=1,11,IF(S2=2,12,S2-2)) -> 3 | F39: =IF(S2=1,12,S2-1) -> 4 | I39: 合計 | M39: 区分 | AH39: 各区分の値とそれに基づく配置数 | AM39: 必要な配置数
A40: 利用者数 | D40: 80 | E40: 80 | F40: 81 | I40: =SUM(D40:F40) -> 241 | M40: ○ | N40: 常勤換算方法によらない場合 | Q40: サービス提供時間が450時間又はその端数を増すごとに1人以上 | AH40: =SUM(F32:AJ32) -> 0 | AJ40: h | AK40: =ROUNDUP(AH40/450,0) -> 0 | AM40: =MIN(AH40:AK42) -> 0
I41: （平均利用者数） | Q41: 従業者数が10人又はその端数を増すごとに1人以上 | AH41: =COUNTA(B12:B30) -> 9 | AJ41: 人 | AK41: =ROUNDUP(AH41/10,0) -> 1
I42: =I40/3 -> 80.333333 | Q42: 利用者数が40人又はその端数を増すごとに1人以上 | AH42: =ROUNDDOWN(I42,1) -> 80.3 | AJ42: 人 | AK42: =ROUNDUP(AH42/40,0) -> 3
N43: 常勤換算方法による場合 | AM43: {=ROUNDUP(_xlfn.IFS(AM40<2,1,AND(AM40<=2,AM40<6),AM40-1,AM40>=6,AM40/2*3),1)} -> 1
A45: ＜人員基準に関する実人数集計＞
C46: =IF(VLOOKUP($AK$1,[4]選択肢!$A$1:$J$32,C51,FALSE)=0,"-",VLOOKUP($AK$1,[4]選択肢!$A$1:$J$32,C51,FALSE)) -> 管理者 | E46: =IF(VLOOKUP($AK$1,[4]選択肢!$A$1:$J$32,E51,FALSE)=0,"-",VLOOKUP($AK$1,[4]選択肢!$A$1:$J$32,E51,FALSE)) -> サービス提供責任者 | I46: =IF(VLOOKUP($AK$1,[4]選択肢!$A$1:$J$32,I51,FALSE)=0,"-",VLOOKUP($AK$1,[4]選択肢!$A$1:$J$32,I51,FALSE)) -> 従業者
C47: 専従 | D47: 兼務 | E47: 専従 | F47: 兼務 | I47: 専従 | L47: 兼務
B48: 常勤 | C48: =COUNTIFS($B$11:$B$30,C$46,$C$11:$C$30,"A",$E$11:$E$30,"*") -> 1 | D48: =COUNTIFS($B$11:$B$30,C$46,$C$11:$C$30,"B",$E$11:$E$30,"*") -> 0 | E48: =COUNTIFS($B$11:$B$30,E$46,$C$11:$C$30,"A",$E$11:$E$30,"*") -> 0 | F48: =COUNTIFS($B$11:$B$30,E$46,$C$11:$C$30,"B",$E$11:$E$30,"*") -> 1 | I48: =COUNTIFS($B$11:$B$30,I$46,$C$11:$C$30,"A",$E$11:$E$30,"*") -> 0 | L48: =COUNTIFS($B$11:$B$30,I$46,$C$11:$C$30,"B",$E$11:$E$30,"*") -> 0
B49: 非常勤 | E49: =COUNTIFS($B$11:$B$30,E$46,$C$11:$C$30,"C",$E$11:$E$30,"*") -> 1 | F49: =COUNTIFS($B$11:$B$30,E$46,$C$11:$C$30,"D",$E$11:$E$30,"*") -> 0 | I49: =COUNTIFS($B$11:$B$30,I$46,$C$11:$C$30,"C",$E$11:$E$30,"*") -> 2 | L49: =COUNTIFS($B$11:$B$30,I$46,$C$11:$C$30,"D",$E$11:$E$30,"*") -> 5
B50: 常勤換算数 | E50: =IF($AK$3="４週",SUMIFS($AK$11:$AK$30,$B$11:$B$30,E46)/4/$AH$5,IF($AK$3="歴月",SUMIFS($AK$11:$AK$30,$B$11:$B$30,E46)/$AL$5,"記載する期間を選択してください")) -> 0 | I50: =IF($AK$3="４週",SUMIFS($AK$11:$AK$30,$B$11:$B$30,I46)/4/$AH$5,IF($AK$3="歴月",SUMIFS($AK$11:$AK$30,$B$11:$B$30,I46)/$AL$5,"記載する期間を選択してください")) -> 0
C51: 2 | E51: 3 | I51: 4 | O51: 5 | U51: 6 | AA51: 7 | AG51: 8 | AL51: 9
A52: ・最初に「年月欄」「サービス種別」「事業所名」を入力してください。 | R52: 6 | X52: 7 | AD52: 8 | AJ52: 9
A53: (1) 「４週」・「暦月」のいずれかを選択してください。
A54: (2) 「予定」・「実績」のいずれかを選択してください。
A55: (3) 事業所における常勤の従業者が勤務すべき時間数を入力してください。
A56: (4) 従業者の職種を入力してください。
A57: 記入の順序は、職種ごとにまとめてください。
A58: (5) 従業者の勤務形態について、下記のうち該当する区分の記号を入力してください。
B59: 記号 | C59: 区分
B60: A | C60: 常勤で専従
B61: B | C61: 常勤で兼務
B62: C | C62: 非常勤で専従
B63: D | C63: 非常勤で兼務
B64: （注）常勤・非常勤の区分について
B65: 当該事業所における勤務時間が、当該事業所において定められている常勤の従業者が勤務すべき時間数に達していることをいいます。雇用の形態は考慮しません。
B66: （例えば、常勤者は週に40時間勤務することとされた事業所であれば、非正規雇用であっても、週40時間勤務する従業者は常勤扱いとなります。）
A67: (6) 従業者の保有する資格を入力してください。
A68: 保有資格を全て記入するのではなく、人員基準上、求められる資格等を入力してください。
A69: ※選択した資格及び研修に関して、必要に応じて、資格証又は研修修了証等の写しを添付資料として提出してください。
A70: (7) 従業者の氏名を記入してください。
A71: (8) 申請する事業に係る従業者（管理者を含む。）の1ヶ月分の勤務時間を入力してください。
A72: (9) 常勤の職員の休暇等については、その期間が暦年で１月を超えるものでない限り、常勤換算の計算上は勤務したものとみなすことができます。
B73: その場合、勤務時間欄には「休」と記入し、勤務時間の合計に含めてください（非常勤職員の休暇等は常勤換算の計算に含めることはできません）。
B74: ※指定基準の確認に際しては、４週分の入力で差し支えありません。
A75: (10) 従業者ごとに、合計勤務時間数を入力してください。
A76: ※ 入力することができる時間数は、当該事業所において常勤の従業者が勤務すべき勤務時間数を上限とします。
A77: (11) 従業者ごとに、週平均の勤務時間数を入力してください。
A78: (12) 申請する事業所以外の事業所・施設との兼務がある場合は、兼務先の事業所・施設の名称、兼務する職務の内容について記入してください。
A79: 同一事業所内の兼務についても兼務する職務の内容を記入してください。
A80: その他、特記事項欄としてもご活用ください。
A81: （13)本表には計算式を設定していますが、結果に誤りがないかご確認ください。
A82: （14) 必要項目を満たしていれば、各事業所で使用するシフト表等をもって代替書類として差し支えありません。

Sheet 勤務形態一覧表（療養介護）
A1: 従業者の勤務の体制及び勤務形態一覧表 | AI1: サービス種別 | AK1: 療養介護
M2: 2024 | Q2: 年 | S2: 5 | U2: 月 | AI2: 事業所名
AI3: (1)記載する期間 | AK3: ４週
AI4: (2)予定/実績の別
AG5: (3)事業所における常勤の従業者が勤務すべき時間数 | AH5: 100 | AK5: 時間/週 | AM5: 時間/月
A7: No. | B7: (4)職種 | C7: (5)勤務形態 | D7: (6)資格 | E7: (7)氏名 | F7: (8) | AK7: (9)勤務時間数合計 | AL7: (10)週平均の勤務時間数 | AM7: (11)兼務状況 （兼務先／兼務する職務の内容）等
F8: 第１週 | M8: 第２週 | T8: 第３週 | AA8: 第４週 | AH8: 第５週
B9: ※選択肢にない職種については直接入力してください | F9: =DATE($M$2,$S$2,1) -> 45413 | G9: =DATE($M$2,$S$2,2) -> 45414 | H9: =DATE($M$2,$S$2,3) -> 45415 | I9: =DATE($M$2,$S$2,4) -> 45416 | J9: =DATE($M$2,$S$2,5) -> 45417 | K9: =DATE($M$2,$S$2,6) -> 45418 | L9: =DATE($M$2,$S$2,7) -> 45419 | M9: =DATE($M$2,$S$2,8) -> 45420 | N9: =DATE($M$2,$S$2,9) -> 45421 | O9: =DATE($M$2,$S$2,10) -> 45422 | P9: =DATE($M$2,$S$2,11) -> 45423 | Q9: =DATE($M$2,$S$2,12) -> 45424 | R9: =DATE($M$2,$S$2,13) -> 45425 | S9: =DATE($M$2,$S$2,14) -> 45426 | T9: =DATE($M$2,$S$2,15) -> 45427 | U9: =DATE($M$2,$S$2,16) -> 45428 | V9: =DATE($M$2,$S$2,17) -> 45429 | W9: =DATE($M$2,$S$2,18) -> 45430 | X9: =DATE($M$2,$S$2,19) -> 45431 | Y9: =DATE($M$2,$S$2,20) -> 45432 | Z9: =DATE($M$2,$S$2,21) -> 45433 | AA9: =DATE($M$2,$S$2,22) -> 45434 | AB9: =DATE($M$2,$S$2,23) -> 45435 | AC9: =DATE($M$2,$S$2,24) -> 45436 | AD9: =DATE($M$2,$S$2,25) -> 45437 | AE9: =DATE($M$2,$S$2,26) -> 45438 | AF9: =DATE($M$2,$S$2,27) -> 45439 | AG9: =DATE($M$2,$S$2,28) -> 45440 | AH9: =IF(DAY(EOMONTH(F9,0))<29,"",DATE($M$2,$S$2,29)) -> 45441 | AI9: =IF(DAY(EOMONTH(F9,0))<30,"",DATE($M$2,$S$2,30)) -> 45442 | AJ9: =IF(DAY(EOMONTH(F9,0))<31,"",DATE($M$2,$S$2,31)) -> 45443
F10: =DATE($M$2,$S$2,1) -> 45413 | G10: =DATE($M$2,$S$2,2) -> 45414 | H10: =DATE($M$2,$S$2,3) -> 45415 | I10: =DATE($M$2,$S$2,4) -> 45416 | J10: =DATE($M$2,$S$2,5) -> 45417 | K10: =DATE($M$2,$S$2,6) -> 45418 | L10: =DATE($M$2,$S$2,7) -> 45419 | M10: =DATE($M$2,$S$2,8) -> 45420 | N10: =DATE($M$2,$S$2,9) -> 45421 | O10: =DATE($M$2,$S$2,10) -> 45422 | P10: =DATE($M$2,$S$2,11) -> 45423 | Q10: =DATE($M$2,$S$2,12) -> 45424 | R10: =DATE($M$2,$S$2,13) -> 45425 | S10: =DATE($M$2,$S$2,14) -> 45426 | T10: =DATE($M$2,$S$2,15) -> 45427 | U10: =DATE($M$2,$S$2,16) -> 45428 | V10: =DATE($M$2,$S$2,17) -> 45429 | W10: =DATE($M$2,$S$2,18) -> 45430 | X10: =DATE($M$2,$S$2,19) -> 45431 | Y10: =DATE($M$2,$S$2,20) -> 45432 | Z10: =DATE($M$2,$S$2,21) -> 45433 | AA10: =DATE($M$2,$S$2,22) -> 45434 | AB10: =DATE($M$2,$S$2,23) -> 45435 | AC10: =DATE($M$2,$S$2,24) -> 45436 | AD10: =DATE($M$2,$S$2,25) -> 45437 | AE10: =DATE($M$2,$S$2,26) -> 45438 | AF10: =DATE($M$2,$S$2,27) -> 45439 | AG10: =DATE($M$2,$S$2,28) -> 45440 | AH10: =IF(DAY(EOMONTH(F10,0))<29,"",DATE($M$2,$S$2,29)) -> 45441 | AI10: =IF(DAY(EOMONTH(F10,0))<30,"",DATE($M$2,$S$2,30)) -> 45442 | AJ10: =IF(DAY(EOMONTH(F10,0))<31,"",DATE($M$2,$S$2,31)) -> 45443
A11: 1 | B11: 管理者 | C11: A | E11: A | AK11: =+SUM(F11:AJ11) -> 0 | AL11: =IF($AK$3="４週",AK11/4,AK11/(DAY(EOMONTH($F$9,0))/7)) -> 0
A12: 2 | B12: サービス管理責任者 | C12: B | E12: B | AK12: =+SUM(F12:AJ12) -> 0 | AL12: =IF($AK$3="４週",AK12/4,AK12/(DAY(EOMONTH($F$9,0))/7)) -> 0
A13: 3 | B13: 医師 | C13: C | E13: C | AK13: =+SUM(F13:AJ13) -> 0 | AL13: =IF($AK$3="４週",AK13/4,AK13/(DAY(EOMONTH($F$9,0))/7)) -> 0
A14: 4 | B14: 看護職員 | C14: D | E14: D | AK14: =+SUM(F14:AJ14) -> 0 | AL14: =IF($AK$3="４週",AK14/4,AK14/(DAY(EOMONTH($F$9,0))/7)) -> 0
A15: 5 | AK15: =+SUM(F15:AJ15) -> 0 | AL15: =IF($AK$3="４週",AK15/4,AK15/(DAY(EOMONTH($F$9,0))/7)) -> 0
A16: 6 | AK16: =+SUM(F16:AJ16) -> 0 | AL16: =IF($AK$3="４週",AK16/4,AK16/(DAY(EOMONTH($F$9,0))/7)) -> 0
A17: 7 | AK17: =+SUM(F17:AJ17) -> 0 | AL17: =IF($AK$3="４週",AK17/4,AK17/(DAY(EOMONTH($F$9,0))/7)) -> 0
A18: 8 | AK18: =+SUM(F18:AJ18) -> 0 | AL18: =IF($AK$3="４週",AK18/4,AK18/(DAY(EOMONTH($F$9,0))/7)) -> 0
A19: 9 | AK19: =+SUM(F19:AJ19) -> 0 | AL19: =IF($AK$3="４週",AK19/4,AK19/(DAY(EOMONTH($F$9,0))/7)) -> 0
A20: 10 | AK20: =+SUM(F20:AJ20) -> 0 | AL20: =IF($AK$3="４週",AK20/4,AK20/(DAY(EOMONTH($F$9,0))/7)) -> 0
A21: 11 | AK21: =+SUM(F21:AJ21) -> 0 | AL21: =IF($AK$3="４週",AK21/4,AK21/(DAY(EOMONTH($F$9,0))/7)) -> 0
A22: 12 | AK22: =+SUM(F22:AJ22) -> 0 | AL22: =IF($AK$3="４週",AK22/4,AK22/(DAY(EOMONTH($F$9,0))/7)) -> 0
A23: 13 | AK23: =+SUM(F23:AJ23) -> 0 | AL23: =IF($AK$3="４週",AK23/4,AK23/(DAY(EOMONTH($F$9,0))/7)) -> 0
A24: 14 | AK24: =+SUM(F24:AJ24) -> 0 | AL24: =IF($AK$3="４週",AK24/4,AK24/(DAY(EOMONTH($F$9,0))/7)) -> 0
A25: 15 | AK25: =+SUM(F25:AJ25) -> 0 | AL25: =IF($AK$3="４週",AK25/4,AK25/(DAY(EOMONTH($F$9,0))/7)) -> 0
A26: 16 | AK26: =+SUM(F26:AJ26) -> 0 | AL26: =IF($AK$3="４週",AK26/4,AK26/(DAY(EOMONTH($F$9,0))/7)) -> 0
... A30: 20 | AK30: =+SUM(F30:AJ30) -> 0 | AL30: =IF($AK$3="４週",AK30/4,AK30/(DAY(EOMONTH($F$9,0))/7)) -> 0
A31: 合計 | F31: =+SUM(F11:F30) -> 0 | G31: =+SUM(G11:G30) -> 0 | H31: =+SUM(H11:H30) -> 0 | I31: =+SUM(I11:I30) -> 0 | J31: =+SUM(J11:J30) -> 0 | K31: =+SUM(K11:K30) -> 0 | L31: =+SUM(L11:L30) -> 0 | M31: =+SUM(M11:M30) -> 0 | ... AJ31: =+SUM(AJ11:AJ30) -> 0 | AK31: =+SUM(F31:AJ31) -> 0 | AL31: =IF($AK$3="４週",AK31/4,AK31/(DAY(EOMONTH($F$9,0))/7)) -> 0
A32: サービス提供時間
A36: ＜前年度の平均値＞※新規申請の場合は推定数を記載ください。
D37: 4 | E37: 5 | F37: 6 | I37: 7 | L37: 8 | O37: 9 | R37: 10 | U37: 11 | X37: 12 | AA37: 1 | AD37: 2 | AG37: 3 | AJ37: 計 | AL37: 平均利用者数
A38: 利用者延べ数 | D38: 1400 | E38: 1310 | F38: 1400 | I38: 1470 | L38: 1470 | O38: 1330 | R38: 1400 | U38: 1400 | X38: 1330 | AA38: 1330 | AD38: 1330 | AG38: 1400 | AJ38: =SUM(D38:AI38) -> 16570 | AL38: =ROUNDUP(AJ38/AJ39,1) -> 70
A39: 開所日数 | D39: 20 | E39: 19 | F39: 20 | I39: 21 | L39: 21 | O39: 19 | R39: 20 | U39: 20 | X39: 19 | AA39: 19 | AD39: 19 | AG39: 20 | AJ39: =+SUM(D39:AI39) -> 237
A41: ＜人員に関する基準＞
A42: 区分 | C42: サービス管理責任者 | E42: 看護職員 | I42: 生活支援員
A43: 必要な配置数 | C43: =ROUNDDOWN(IF(AL38<=60,1,1+ROUNDUP((AL38-60)/40,0)),1) -> 2 | E43: =ROUNDDOWN(AL38/2,1) -> 35 | I43: =ROUNDDOWN(AL38/4,1) -> 17.5
A44: ＜人員基準に関する実人数集計＞
C45: =IF(VLOOKUP($AK$1,[4]選択肢!$A$1:$J$32,C50,FALSE)=0,"-",VLOOKUP($AK$1,[4]選択肢!$A$1:$J$32,C50,FALSE)) -> 管理者 | E45: =IF(VLOOKUP($AK$1,[4]選択肢!$A$1:$J$32,E50,FALSE)=0,"-",VLOOKUP($AK$1,[4]選択肢!$A$1:$J$32,E50,FALSE)) -> サービス管理責任者 | I45: =IF(VLOOKUP($AK$1,[4]選択肢!$A$1:$J$32,I50,FALSE)=0,"-",VLOOKUP($AK$1,[4]選択肢!$A$1:$J$32,I50,FALSE)) -> 医師 | O45: =IF(VLOOKUP($AK$1,[4]選択肢!$A$1:$J$32,O50,FALSE)=0,"-",VLOOKUP($AK$1,[4]選択肢!$A$1:$J$32,O50,FALSE)) -> 看護職員 | U45: =IF(VLOOKUP($AK$1,[4]選択肢!$A$1:$J$32,U50,FALSE)=0,"-",VLOOKUP($AK$1,[4]選択肢!$A$1:$J$32,U50,FALSE)) -> 生活支援員 | AA45: =IF(VLOOKUP($AK$1,[4]選択肢!$A$1:$J$32,AA50,FALSE)=0,"-",VLOOKUP($AK$1,[4]選択肢!$A$1:$J$32,AA50,FALSE)) -> - | AG45: =IF(VLOOKUP($AK$1,[4]選択肢!$A$1:$J$32,AG50,FALSE)=0,"-",VLOOKUP($AK$1,[4]選択肢!$A$1:$J$32,AG50,FALSE)) -> - | AL45: =IF(VLOOKUP($AK$1,[4]選択肢!$A$1:$J$32,AL50,FALSE)=0,"-",VLOOKUP($AK$1,[4]選択肢!$A$1:$J$32,AL50,FALSE)) -> -
C46: 専従 | D46: 兼務 | E46: 専従 | F46: 兼務 | I46: 専従 | L46: 兼務 | O46: 専従 | R46: 兼務 | U46: 専従 | X46: 兼務 | AA46: 専従 | AD46: 兼務 | AG46: 専従 | AJ46: 兼務 | AL46: 専従 | AM46: 兼務
B47: 常勤 | C47: =COUNTIFS($B$11:$B$30,C$45,$C$11:$C$30,"A",$E$11:$E$30,"*") -> 1 | D47: =COUNTIFS($B$11:$B$30,C$45,$C$11:$C$30,"B",$E$11:$E$30,"*") -> 0 | E47: =COUNTIFS($B$11:$B$30,E$45,$C$11:$C$30,"A",$E$11:$E$30,"*") -> 0 | F47: =COUNTIFS($B$11:$B$30,E$45,$C$11:$C$30,"B",$E$11:$E$30,"*") -> 1 | I47: =COUNTIFS($B$11:$B$30,I$45,$C$11:$C$30,"A",$E$11:$E$30,"*") -> 0 | L47: =COUNTIFS($B$11:$B$30,I$45,$C$11:$C$30,"B",$E$11:$E$30,"*") -> 0 | O47: =COUNTIFS($B$11:$B$30,O$45,$C$11:$C$30,"A",$E$11:$E$30,"*") -> 0 | R47: =COUNTIFS($B$11:$B$30,O$45,$C$11:$C$30,"B",$E$11:$E$30,"*") -> 0 | U47: =COUNTIFS($B$11:$B$30,U$45,$C$11:$C$30,"A",$E$11:$E$30,"*") -> 0 | X47: =COUNTIFS($B$11:$B$30,U$45,$C$11:$C$30,"B",$E$11:$E$30,"*") -> 0 | AA47: =COUNTIFS($B$11:$B$30,AA$45,$C$11:$C$30,"A",$E$11:$E$30,"*") -> 0 | AD47: =COUNTIFS($B$11:$B$30,AA$45,$C$11:$C$30,"B",$E$11:$E$30,"*") -> 0 | AG47: =COUNTIFS($B$11:$B$30,AG$45,$C$11:$C$30,"A",$E$11:$E$30,"*") -> 0 | AJ47: =COUNTIFS($B$11:$B$30,AG$45,$C$11:$C$30,"B",$E$11:$E$30,"*") -> 0 | AL47: =COUNTIFS($B$11:$B$30,AL$45,$C$11:$C$30,"A",$E$11:$E$30,"*") -> 0 | AM47: =COUNTIFS($B$11:$B$30,AL$45,$C$11:$C$30,"B",$E$11:$E$30,"*") -> 0
B48: 非常勤 | C48: =COUNTIFS($B$11:$B$30,C$45,$C$11:$C$30,"C",$E$11:$E$30,"*") -> 0 | D48: =COUNTIFS($B$11:$B$30,C$45,$C$11:$C$30,"D",$E$11:$E$30,"*") -> 0 | E48: =COUNTIFS($B$11:$B$30,E$45,$C$11:$C$30,"C",$E$11:$E$30,"*") -> 0 | F48: =COUNTIFS($B$11:$B$30,E$45,$C$11:$C$30,"D",$E$11:$E$30,"*") -> 0 | I48: =COUNTIFS($B$11:$B$30,I$45,$C$11:$C$30,"C",$E$11:$E$30,"*") -> 1 | L48: =COUNTIFS($B$11:$B$30,I$45,$C$11:$C$30,"D",$E$11:$E$30,"*") -> 0 | O48: =COUNTIFS($B$11:$B$30,O$45,$C$11:$C$30,"C",$E$11:$E$30,"*") -> 0 | R48: =COUNTIFS($B$11:$B$30,O$45,$C$11:$C$30,"D",$E$11:$E$30,"*") -> 1 | U48: =COUNTIFS($B$11:$B$30,U$45,$C$11:$C$30,"C",$E$11:$E$30,"*") -> 0 | X48: =COUNTIFS($B$11:$B$30,U$45,$C$11:$C$30,"D",$E$11:$E$30,"*") -> 0 | AA48: =COUNTIFS($B$11:$B$30,AA$45,$C$11:$C$30,"C",$E$11:$E$30,"*") -> 0 | AD48: =COUNTIFS($B$11:$B$30,AA$45,$C$11:$C$30,"D",$E$11:$E$30,"*") -> 0 | AG48: =COUNTIFS($B$11:$B$30,AG$45,$C$11:$C$30,"C",$E$11:$E$30,"*") -> 0 | AJ48: =COUNTIFS($B$11:$B$30,AG$45,$C$11:$C$30,"D",$E$11:$E$30,"*") -> 0 | AL48: =COUNTIFS($B$11:$B$30,AL$45,$C$11:$C$30,"C",$E$11:$E$30,"*") -> 0 | AM48: =COUNTIFS($B$11:$B$30,AL$45,$C$11:$C$30,"D",$E$11:$E$30,"*") -> 0
B49: 常勤換算数 | C49: =IF($AK$3="４週",SUMIFS($AK$11:$AK$30,$B$11:$B$30,C45)/4/$AH$5,IF($AK$3="歴月",SUMIFS($AK$11:$AK$30,$B$11:$B$30,C45)/$AL$5,"記載する期間を選択してください")) -> 0 | E49: =IF($AK$3="４週",SUMIFS($AK$11:$AK$30,$B$11:$B$30,E45)/4/$AH$5,IF($AK$3="歴月",SUMIFS($AK$11:$AK$30,$B$11:$B$30,E45)/$AL$5,"記載する期間を選択してください")) -> 0 | I49: =IF($AK$3="４週",SUMIFS($AK$11:$AK$30,$B$11:$B$30,I45)/4/$AH$5,IF($AK$3="歴月",SUMIFS($AK$11:$AK$30,$B$11:$B$30,I45)/$AL$5,"記載する期間を選択してください")) -> 0 | O49: =IF($AK$3="４週",SUMIFS($AK$11:$AK$30,$B$11:$B$30,O45)/4/$AH$5,IF($AK$3="歴月",SUMIFS($AK$11:$AK$30,$B$11:$B$30,O45)/$AL$5,"記載する期間を選択してください")) -> 0 | U49: =IF($AK$3="４週",SUMIFS($AK$11:$AK$30,$B$11:$B$30,U45)/4/$AH$5,IF($AK$3="歴月",SUMIFS($AK$11:$AK$30,$B$11:$B$30,U45)/$AL$5,"記載する期間を選択してください")) -> 0 | AA49: =IF($AK$3="４週",SUMIFS($AK$11:$AK$30,$B$11:$B$30,AA45)/4/$AH$5,IF($AK$3="歴月",SUMIFS($AK$11:$AK$30,$B$11:$B$30,AA45)/$AL$5,"記載する期間を選択してください")) -> 0 | AG49: =IF($AK$3="４週",SUMIFS($AK$11:$AK$30,$B$11:$B$30,AG45)/4/$AH$5,IF($AK$3="歴月",SUMIFS($AK$11:$AK$30,$B$11:$B$30,AG45)/$AL$5,"記載する期間を選択してください")) -> 0 | AL49: =IF($AK$3="４週",SUMIFS($AK$11:$AK$30,$B$11:$B$30,AL45)/4/$AH$5,IF($AK$3="歴月",SUMIFS($AK$11:$AK$30,$B$11:$B$30,AL45)/$AL$5,"記載する期間を選択してください")) -> 0
C50: 2 | E50: 3 | I50: 4 | O50: 5 | U50: 6 | AA50: 7 | AG50: 8 | AL50: 9
A51: ・最初に「年月欄」「サービス種別」「事業所名」を入力してください。 | R51: 6 | X51: 7 | AD51: 8 | AJ51: 9
A52: (1) 「４週」・「暦月」のいずれかを選択してください。
A53: (2) 「予定」・「実績」のいずれかを選択してください。
A54: (3) 事業所における常勤の従業者が勤務すべき時間数を入力してください。
A55: (4) 従業者の職種を入力してください。
A56: 記入の順序は、職種ごとにまとめてください。
A57: (5) 従業者の勤務形態について、下記のうち該当する区分の記号を入力してください。
B58: 記号 | C58: 区分
B59: A | C59: 常勤で専従
B60: B | C60: 常勤で兼務
B61: C | C61: 非常勤で専従
B62: D | C62: 非常勤で兼務
B63: （注）常勤・非常勤の区分について
B64: 当該事業所における勤務時間が、当該事業所において定められている常勤の従業者が勤務すべき時間数に達していることをいいます。雇用の形態は考慮しません。
B65: （例えば、常勤者は週に40時間勤務することとされた事業所であれば、非正規雇用であっても、週40時間勤務する従業者は常勤扱いとなります。）
A66: (6) 従業者の保有する資格を入力してください。
A67: 保有資格を全て記入するのではなく、人員基準上、求められる資格等を入力してください。
A68: ※選択した資格及び研修に関して、必要に応じて、資格証又は研修修了証等の写しを添付資料として提出してください。
A69: (7) 従業者の氏名を記入してください。
A70: (8) 申請する事業に係る従業者（管理者を含む。）の1ヶ月分の勤務時間を入力してください。
A71: (9) 常勤の職員の休暇等については、その期間が暦年で１月を超えるものでない限り、常勤換算の計算上は勤務したものとみなすことができます。
B72: その場合、勤務時間欄には「休」と記入し、勤務時間の合計に含めてください（非常勤職員の休暇等は常勤換算の計算に含めることはできません）。
B73: ※指定基準の確認に際しては、４週分の入力で差し支えありません。
A74: (10) 従業者ごとに、合計勤務時間数を入力してください。
A75: ※ 入力することができる時間数は、当該事業所において常勤の従業者が勤務すべき勤務時間数を上限とします。
A76: (11) 従業者ごとに、週平均の勤務時間数を入力してください。
A77: (12) 申請する事業所以外の事業所・施設との兼務がある場合は、兼務先の事業所・施設の名称、兼務する職務の内容について記入してください。
A78: 同一事業所内の兼務についても兼務する職務の内容を記入してください。
A79: その他、特記事項欄としてもご活用ください。
A80: （13)本表には計算式を設定していますが、結果に誤りがないかご確認ください。
A81: （14) 必要項目を満たしていれば、各事業所で使用するシフト表等をもって代替書類として差し支えありません。

Sheet 勤務形態一覧表（生活介護）
A1: 従業者の勤務の体制及び勤務形態一覧表 | AI1: サービス種別 | AK1: 生活介護
M2: 2024 | Q2: 年 | S2: 5 | U2: 月 | AI2: 事業所名
AI3: (1)記載する期間 | AK3: ４週
AI4: (2)予定/実績の別
AG5: (3)事業所における常勤の従業者が勤務すべき時間数 | AH5: 160 | AK5: 時間/週 | AM5: 時間/月
A7: No. | B7: (4)職種 | C7: (5)勤務形態 | D7: (6)資格 | E7: (7)氏名 | F7: (8) | AK7: (9)勤務時間数合計 | AL7: (10)週平均の勤務時間数 | AM7: (11)兼務状況 （兼務先／兼務する職務の内容）等
F8: 第１週 | M8: 第２週 | T8: 第３週 | AA8: 第４週 | AH8: 第５週
B9: ※選択肢にない職種については直接入力してください | F9: =DATE($M$2,$S$2,1) -> 45413 | G9: =DATE($M$2,$S$2,2) -> 45414 | H9: =DATE($M$2,$S$2,3) -> 45415 | I9: =DATE($M$2,$S$2,4) -> 45416 | J9: =DATE($M$2,$S$2,5) -> 45417 | K9: =DATE($M$2,$S$2,6) -> 45418 | L9: =DATE($M$2,$S$2,7) -> 45419 | M9: =DATE($M$2,$S$2,8) -> 45420 | N9: =DATE($M$2,$S$2,9) -> 45421 | O9: =DATE($M$2,$S$2,10) -> 45422 | P9: =DATE($M$2,$S$2,11) -> 45423 | Q9: =DATE($M$2,$S$2,12) -> 45424 | R9: =DATE($M$2,$S$2,13) -> 45425 | S9: =DATE($M$2,$S$2,14) -> 45426 | T9: =DATE($M$2,$S$2,15) -> 45427 | U9: =DATE($M$2,$S$2,16) -> 45428 | V9: =DATE($M$2,$S$2,17) -> 45429 | W9: =DATE($M$2,$S$2,18) -> 45430 | X9: =DATE($M$2,$S$2,19) -> 45431 | Y9: =DATE($M$2,$S$2,20) -> 45432 | Z9: =DATE($M$2,$S$2,21) -> 45433 | AA9: =DATE($M$2,$S$2,22) -> 45434 | AB9: =DATE($M$2,$S$2,23) -> 45435 | AC9: =DATE($M$2,$S$2,24) -> 45436 | AD9: =DATE($M$2,$S$2,25) -> 45437 | AE9: =DATE($M$2,$S$2,26) -> 45438 | AF9: =DATE($M$2,$S$2,27) -> 45439 | AG9: =DATE($M$2,$S$2,28) -> 45440 | AH9: =IF(DAY(EOMONTH(F9,0))<29,"",DATE($M$2,$S$2,29)) -> 45441 | AI9: =IF(DAY(EOMONTH(F9,0))<30,"",DATE($M$2,$S$2,30)) -> 45442 | AJ9: =IF(DAY(EOMONTH(F9,0))<31,"",DATE($M$2,$S$2,31)) -> 45443
F10: =DATE($M$2,$S$2,1) -> 45413 | G10: =DATE($M$2,$S$2,2) -> 45414 | H10: =DATE($M$2,$S$2,3) -> 45415 | I10: =DATE($M$2,$S$2,4) -> 45416 | J10: =DATE($M$2,$S$2,5) -> 45417 | K10: =DATE($M$2,$S$2,6) -> 45418 | L10: =DATE($M$2,$S$2,7) -> 45419 | M10: =DATE($M$2,$S$2,8) -> 45420 | N10: =DATE($M$2,$S$2,9) -> 45421 | O10: =DATE($M$2,$S$2,10) -> 45422 | P10: =DATE($M$2,$S$2,11) -> 45423 | Q10: =DATE($M$2,$S$2,12) -> 45424 | R10: =DATE($M$2,$S$2,13) -> 45425 | S10: =DATE($M$2,$S$2,14) -> 45426 | T10: =DATE($M$2,$S$2,15) -> 45427 | U10: =DATE($M$2,$S$2,16) -> 45428 | V10: =DATE($M$2,$S$2,17) -> 45429 | W10: =DATE($M$2,$S$2,18) -> 45430 | X10: =DATE($M$2,$S$2,19) -> 45431 | Y10: =DATE($M$2,$S$2,20) -> 45432 | Z10: =DATE($M$2,$S$2,21) -> 45433 | AA10: =DATE($M$2,$S$2,22) -> 45434 | AB10: =DATE($M$2,$S$2,23) -> 45435 | AC10: =DATE($M$2,$S$2,24) -> 45436 | AD10: =DATE($M$2,$S$2,25) -> 45437 | AE10: =DATE($M$2,$S$2,26) -> 45438 | AF10: =DATE($M$2,$S$2,27) -> 45439 | AG10: =DATE($M$2,$S$2,28) -> 45440 | AH10: =IF(DAY(EOMONTH(F10,0))<29,"",DATE($M$2,$S$2,29)) -> 45441 | AI10: =IF(DAY(EOMONTH(F10,0))<30,"",DATE($M$2,$S$2,30)) -> 45442 | AJ10: =IF(DAY(EOMONTH(F10,0))<31,"",DATE($M$2,$S$2,31)) -> 45443
A11: 1 | B11: 管理者 | C11: A | E11: A | AK11: =+SUM(F11:AJ11) -> 0 | AL11: =IF($AK$3="４週",AK11/4,AK11/(DAY(EOMONTH($F$9,0))/7)) -> 0
A12: 2 | B12: サービス管理責任者 | C12: D | E12: B | AK12: =+SUM(F12:AJ12) -> 0 | AL12: =IF($AK$3="４週",AK12/4,AK12/(DAY(EOMONTH($F$9,0))/7)) -> 0
A13: 3 | B13: 医師 | C13: C | E13: C | AK13: =+SUM(F13:AJ13) -> 0 | AL13: =IF($AK$3="４週",AK13/4,AK13/(DAY(EOMONTH($F$9,0))/7)) -> 0
A14: 4 | B14: 看護職員 | C14: D | E14: D | AK14: =+SUM(F14:AJ14) -> 0 | AL14: =IF($AK$3="４週",AK14/4,AK14/(DAY(EOMONTH($F$9,0))/7)) -> 0
A15: 5 | AK15: =+SUM(F15:AJ15) -> 0 | AL15: =IF($AK$3="４週",AK15/4,AK15/(DAY(EOMONTH($F$9,0))/7)) -> 0
A16: 6 | AK16: =+SUM(F16:AJ16) -> 0 | AL16: =IF($AK$3="４週",AK16/4,AK16/(DAY(EOMONTH($F$9,0))/7)) -> 0
A17: 7 | AK17: =+SUM(F17:AJ17) -> 0 | AL17: =IF($AK$3="４週",AK17/4,AK17/(DAY(EOMONTH($F$9,0))/7)) -> 0
A18: 8 | AK18: =+SUM(F18:AJ18) -> 0 | AL18: =IF($AK$3="４週",AK18/4,AK18/(DAY(EOMONTH($F$9,0))/7)) -> 0
A19: 9 | AK19: =+SUM(F19:AJ19) -> 0 | AL19: =IF($AK$3="４週",AK19/4,AK19/(DAY(EOMONTH($F$9,0))/7)) -> 0
A20: 10 | AK20: =+SUM(F20:AJ20) -> 0 | AL20: =IF($AK$3="４週",AK20/4,AK20/(DAY(EOMONTH($F$9,0))/7)) -> 0
A21: 11 | AK21: =+SUM(F21:AJ21) -> 0 | AL21: =IF($AK$3="４週",AK21/4,AK21/(DAY(EOMONTH($F$9,0))/7)) -> 0
A22: 12 | AK22: =+SUM(F22:AJ22) -> 0 | AL22: =IF($AK$3="４週",AK22/4,AK22/(DAY(EOMONTH($F$9,0))/7)) -> 0
A23: 13 | AK23: =+SUM(F23:AJ23) -> 0 | AL23: =IF($AK$3="４週",AK23/4,AK23/(DAY(EOMONTH($F$9,0))/7)) -> 0
A24: 14 | AK24: =+SUM(F24:AJ24) -> 0 | AL24: =IF($AK$3="４週",AK24/4,AK24/(DAY(EOMONTH($F$9,0))/7)) -> 0
A25: 15 | AK25: =+SUM(F25:AJ25) -> 0 | AL25: =IF($AK$3="４週",AK25/4,AK25/(DAY(EOMONTH($F$9,0))/7)) -> 0
A26: 16 | AK26: =+SUM(F26:AJ26) -> 0 | AL26: =IF($AK$3="４週",AK26/4,AK26/(DAY(EOMONTH($F$9,0))/7)) -> 0
... A30: 20 | AK30: =+SUM(F30:AJ30) -> 0 | AL30: =IF($AK$3="４週",AK30/4,AK30/(DAY(EOMONTH($F$9,0))/7)) -> 0
A31: 合計 | F31: =+SUM(F11:F30) -> 0 | G31: =+SUM(G11:G30) -> 0 | H31: =+SUM(H11:H30) -> 0 | I31: =+SUM(I11:I30) -> 0 | J31: =+SUM(J11:J30) -> 0 | K31: =+SUM(K11:K30) -> 0 | L31: =+SUM(L11:L30) -> 0 | M31: =+SUM(M11:M30) -> 0 | ... AJ31: =+SUM(AJ11:AJ30) -> 0 | AK31: =+SUM(F31:AJ31) -> 0 | AL31: =IF($AK$3="４週",AK31/4,AK31/(DAY(EOMONTH($F$9,0))/7)) -> 0
A32: サービス提供時間
A36: ＜前年度の平均値＞※新規申請の場合は推定数を記載ください。
D37: 4 | E37: 5 | F37: 6 | I37: 7 | L37: 8 | O37: 9 | R37: 10 | U37: 11 | X37: 12 | AA37: 1 | AD37: 2 | AG37: 3 | AJ37: 計 | AL37: 平均利用者数 | AM37: 平均障害支援区分
A38: 利用者延べ数計 | D38: =SUM(D39:D43) -> 4500 | E38: =SUM(E39:E43) -> 4215 | F38: =SUM(F39:H43) -> 4500 | I38: =SUM(I39:K43) -> 4725 | L38: =SUM(L39:N43) -> 4725 | O38: =SUM(O39:Q43) -> 4275 | R38: =SUM(R39:T43) -> 4500 | U38: =SUM(U39:W43) -> 4500 | X38: =SUM(X39:Z43) -> 4275 | AA38: =SUM(AA39:AC43) -> 4275 | AD38: =SUM(AD39:AF43) -> 4275 | AG38: =SUM(AG39:AI43) -> 2500 | AJ38: =SUM(D38:AI38) -> 51265 | AL38: =ROUNDUP(((AJ38-AJ44-AJ45)+AJ44*0.5+AJ45*0.75)/AJ46,1) -> 208.6 | AM38: =ROUND((2*AJ39+3*AJ40+4*AJ41+5*AJ42+6*AJ43)/AJ38,1) -> 4.3
A39: 区分２の延べ利用者数 | D39: 100 | E39: 95 | F39: 100 | I39: 105 | L39: 105 | O39: 95 | R39: 100 | U39: 100 | X39: 95 | AA39: 95 | AD39: 95 | AG39: 100 | AJ39: =SUM(D39:AI39) -> 1185
A40: 区分３の延べ利用者数 | D40: 100 | E40: 95 | F40: 100 | I40: 105 | L40: 105 | O40: 95 | R40: 100 | U40: 100 | X40: 95 | AA40: 95 | AD40: 95 | AG40: 100 | AJ40: =SUM(D40:AI40) -> 1185
A41: 区分４の延べ利用者数 | D41: 2800 | E41: 2620 | F41: 2800 | I41: 2940 | L41: 2940 | O41: 2660 | R41: 2800 | U41: 2800 | X41: 2660 | AA41: 2660 | AD41: 2660 | AG41: 800 | AJ41: =SUM(D41:AI41) -> 31140
A42: 区分５の延べ利用者数 | D42: 1400 | E42: 1310 | F42: 1400 | I42: 1470 | L42: 1470 | O42: 1330 | R42: 1400 | U42: 1400 | X42: 1330 | AA42: 1330 | AD42: 1330 | AG42: 1400 | AJ42: =SUM(D42:AI42) -> 16570
A43: 区分６の延べ利用者数 | D43: 100 | E43: 95 | F43: 100 | I43: 105 | L43: 105 | O43: 95 | R43: 100 | U43: 100 | X43: 95 | AA43: 95 | AD43: 95 | AG43: 100 | AJ43: =SUM(D43:AI43) -> 1185
B44: 所要時間５時間未満の利用者数 | D44: 100 | E44: 95 | F44: 100 | I44: 105 | L44: 105 | O44: 95 | R44: 100 | U44: 100 | X44: 95 | AA44: 95 | AD44: 95 | AG44: 2000 | AJ44: =SUM(D44:AI44) -> 3085
B45: 所要時間５時間以上７時間未満の 利用者数 | D45: 100 | E45: 95 | F45: 100 | I45: 105 | L45: 105 | O45: 95 | R45: 100 | U45: 100 | X45: 95 | AA45: 95 | AD45: 95 | AG45: 100 | AJ45: =SUM(D45:AI45) -> 1185
A46: 開所日数 | D46: 20 | E46: 19 | F46: 20 | I46: 21 | L46: 21 | O46: 19 | R46: 20 | U46: 20 | X46: 19 | AA46: 19 | AD46: 19 | AG46: 20 | AJ46: =+SUM(D46:AI46) -> 237
A47: (※)利用者延べ数の内数を記載してください。所要時間は、送迎や障害特性等による配慮事項を含む、個別支援計画に位置付けられた標準的な時間を指します。
A49: ＜人員に関する基準＞
A50: 区分 | C50: サービス管理責任者 | E50: 看護職員、理学療法士、作業療法士又は言語聴覚士及び生活支援員
A51: 必要な配置数 | C51: =ROUNDDOWN(IF(AL38<=60,1,1+ROUNDUP((AL38-60)/40,0)),1) -> 5 | E51: =ROUNDDOWN(IF(AM38<4,AL38/6,IF(AM38<5,AL38/5,AL38/3)),1) -> 41.7
A52: ＜人員基準に関する実人数集計＞
C53: =IF(VLOOKUP($AK$1,[4]選択肢!$A$1:$J$32,C58,FALSE)=0,"-",VLOOKUP($AK$1,[4]選択肢!$A$1:$J$32,C58,FALSE)) -> 管理者 | E53: =IF(VLOOKUP($AK$1,[4]選択肢!$A$1:$J$32,E58,FALSE)=0,"-",VLOOKUP($AK$1,[4]選択肢!$A$1:$J$32,E58,FALSE)) -> サービス管理責任者 | I53: =IF(VLOOKUP($AK$1,[4]選択肢!$A$1:$J$32,I58,FALSE)=0,"-",VLOOKUP($AK$1,[4]選択肢!$A$1:$J$32,I58,FALSE)) -> 医師 | O53: =IF(VLOOKUP($AK$1,[4]選択肢!$A$1:$J$32,O58,FALSE)=0,"-",VLOOKUP($AK$1,[4]選択肢!$A$1:$J$32,O58,FALSE)) -> 看護職員 | U53: =IF(VLOOKUP($AK$1,[4]選択肢!$A$1:$J$32,U58,FALSE)=0,"-",VLOOKUP($AK$1,[4]選択肢!$A$1:$J$32,U58,FALSE)) -> 理学療法士 | AA53: =IF(VLOOKUP($AK$1,[4]選択肢!$A$1:$J$32,AA58,FALSE)=0,"-",VLOOKUP($AK$1,[4]選択肢!$A$1:$J$32,AA58,FALSE)) -> 作業療法士 | AG53: =IF(VLOOKUP($AK$1,[4]選択肢!$A$1:$J$32,AG58,FALSE)=0,"-",VLOOKUP($AK$1,[4]選択肢!$A$1:$J$32,AG58,FALSE)) -> 言語聴覚士 | AL53: =IF(VLOOKUP($AK$1,[4]選択肢!$A$1:$J$32,AL58,FALSE)=0,"-",VLOOKUP($AK$1,[4]選択肢!$A$1:$J$32,AL58,FALSE)) -> 生活支援員
C54: 専従 | D54: 兼務 | E54: 専従 | F54: 兼務 | I54: 専従 | L54: 兼務 | O54: 専従 | R54: 兼務 | U54: 専従 | X54: 兼務 | AA54: 専従 | AD54: 兼務 | AG54: 専従 | AJ54: 兼務 | AL54: 専従 | AM54: 兼務
B55: 常勤 | C55: =COUNTIFS($B$11:$B$30,C$53,$C$11:$C$30,"A",$E$11:$E$30,"*") -> 1 | D55: =COUNTIFS($B$11:$B$30,C$53,$C$11:$C$30,"B",$E$11:$E$30,"*") -> 0 | E55: =COUNTIFS($B$11:$B$30,E$53,$C$11:$C$30,"A",$E$11:$E$30,"*") -> 0 | F55: =COUNTIFS($B$11:$B$30,E$53,$C$11:$C$30,"B",$E$11:$E$30,"*") -> 0 | I55: =COUNTIFS($B$11:$B$30,I$53,$C$11:$C$30,"A",$E$11:$E$30,"*") -> 0 | L55: =COUNTIFS($B$11:$B$30,I$53,$C$11:$C$30,"B",$E$11:$E$30,"*") -> 0 | O55: =COUNTIFS($B$11:$B$30,O$53,$C$11:$C$30,"A",$E$11:$E$30,"*") -> 0 | R55: =COUNTIFS($B$11:$B$30,O$53,$C$11:$C$30,"B",$E$11:$E$30,"*") -> 0 | U55: =COUNTIFS($B$11:$B$30,U$53,$C$11:$C$30,"A",$E$11:$E$30,"*") -> 0 | X55: =COUNTIFS($B$11:$B$30,U$53,$C$11:$C$30,"B",$E$11:$E$30,"*") -> 0 | AA55: =COUNTIFS($B$11:$B$30,AA$53,$C$11:$C$30,"A",$E$11:$E$30,"*") -> 0 | AD55: =COUNTIFS($B$11:$B$30,AA$53,$C$11:$C$30,"B",$E$11:$E$30,"*") -> 0 | AG55: =COUNTIFS($B$11:$B$30,AG$53,$C$11:$C$30,"A",$E$11:$E$30,"*") -> 0 | AJ55: =COUNTIFS($B$11:$B$30,AG$53,$C$11:$C$30,"B",$E$11:$E$30,"*") -> 0 | AL55: =COUNTIFS($B$11:$B$30,AL$53,$C$11:$C$30,"A",$E$11:$E$30,"*") -> 0 | AM55: =COUNTIFS($B$11:$B$30,AL$53,$C$11:$C$30,"B",$E$11:$E$30,"*") -> 0
B56: 非常勤 | C56: =COUNTIFS($B$11:$B$30,C$53,$C$11:$C$30,"C",$E$11:$E$30,"*") -> 0 | D56: =COUNTIFS($B$11:$B$30,C$53,$C$11:$C$30,"D",$E$11:$E$30,"*") -> 0 | E56: =COUNTIFS($B$11:$B$30,E$53,$C$11:$C$30,"C",$E$11:$E$30,"*") -> 0 | F56: =COUNTIFS($B$11:$B$30,E$53,$C$11:$C$30,"D",$E$11:$E$30,"*") -> 1 | I56: =COUNTIFS($B$11:$B$30,I$53,$C$11:$C$30,"C",$E$11:$E$30,"*") -> 1 | L56: =COUNTIFS($B$11:$B$30,I$53,$C$11:$C$30,"D",$E$11:$E$30,"*") -> 0 | O56: =COUNTIFS($B$11:$B$30,O$53,$C$11:$C$30,"C",$E$11:$E$30,"*") -> 0 | R56: =COUNTIFS($B$11:$B$30,O$53,$C$11:$C$30,"D",$E$11:$E$30,"*") -> 1 | U56: =COUNTIFS($B$11:$B$30,U$53,$C$11:$C$30,"C",$E$11:$E$30,"*") -> 0 | X56: =COUNTIFS($B$11:$B$30,U$53,$C$11:$C$30,"D",$E$11:$E$30,"*") -> 0 | AA56: =COUNTIFS($B$11:$B$30,AA$53,$C$11:$C$30,"C",$E$11:$E$30,"*") -> 0 | AD56: =COUNTIFS($B$11:$B$30,AA$53,$C$11:$C$30,"D",$E$11:$E$30,"*") -> 0 | AG56: =COUNTIFS($B$11:$B$30,AG$53,$C$11:$C$30,"C",$E$11:$E$30,"*") -> 0 | AJ56: =COUNTIFS($B$11:$B$30,AG$53,$C$11:$C$30,"D",$E$11:$E$30,"*") -> 0 | AL56: =COUNTIFS($B$11:$B$30,AL$53,$C$11:$C$30,"C",$E$11:$E$30,"*") -> 0 | AM56: =COUNTIFS($B$11:$B$30,AL$53,$C$11:$C$30,"D",$E$11:$E$30,"*") -> 0
B57: 常勤換算数 | C57: =IF($AK$3="４週",SUMIFS($AK$11:$AK$30,$B$11:$B$30,C53)/4/$AH$5,IF($AK$3="歴月",SUMIFS($AK$11:$AK$30,$B$11:$B$30,C53)/$AL$5,"記載する期間を選択してください")) -> 0 | E57: =IF($AK$3="４週",SUMIFS($AK$11:$AK$30,$B$11:$B$30,E53)/4/$AH$5,IF($AK$3="歴月",SUMIFS($AK$11:$AK$30,$B$11:$B$30,E53)/$AL$5,"記載する期間を選択してください")) -> 0 | I57: =IF($AK$3="４週",SUMIFS($AK$11:$AK$30,$B$11:$B$30,I53)/4/$AH$5,IF($AK$3="歴月",SUMIFS($AK$11:$AK$30,$B$11:$B$30,I53)/$AL$5,"記載する期間を選択してください")) -> 0 | O57: =IF($AK$3="４週",SUMIFS($AK$11:$AK$30,$B$11:$B$30,O53)/4/$AH$5,IF($AK$3="歴月",SUMIFS($AK$11:$AK$30,$B$11:$B$30,O53)/$AL$5,"記載する期間を選択してください")) -> 0 | U57: =IF($AK$3="４週",SUMIFS($AK$11:$AK$30,$B$11:$B$30,U53)/4/$AH$5,IF($AK$3="歴月",SUMIFS($AK$11:$AK$30,$B$11:$B$30,U53)/$AL$5,"記載する期間を選択してください")) -> 0 | AA57: =IF($AK$3="４週",SUMIFS($AK$11:$AK$30,$B$11:$B$30,AA53)/4/$AH$5,IF($AK$3="歴月",SUMIFS($AK$11:$AK$30,$B$11:$B$30,AA53)/$AL$5,"記載する期間を選択してください")) -> 0 | AG57: =IF($AK$3="４週",SUMIFS($AK$11:$AK$30,$B$11:$B$30,AG53)/4/$AH$5,IF($AK$3="歴月",SUMIFS($AK$11:$AK$30,$B$11:$B$30,AG53)/$AL$5,"記載する期間を選択してください")) -> 0 | AL57: =IF($AK$3="４週",SUMIFS($AK$11:$AK$30,$B$11:$B$30,AL53)/4/$AH$5,IF($AK$3="歴月",SUMIFS($AK$11:$AK$30,$B$11:$B$30,AL53)/$AL$5,"記載する期間を選択してください")) -> 0
C58: 2 | E58: 3 | I58: 4 | O58: 5 | U58: 6 | AA58: 7 | AG58: 8 | AL58: 9
A59: ・最初に「年月欄」「サービス種別」「事業所名」を入力してください。 | R59: 6 | X59: 7 | AD59: 8 | AJ59: 9
A60: (1) 「４週」・「暦月」のいずれかを選択してください。
A61: (2) 「予定」・「実績」のいずれかを選択してください。
A62: (3) 事業所における常勤の従業者が勤務すべき時間数を入力してください。
A63: (4) 従業者の職種を入力してください。
A64: 記入の順序は、職種ごとにまとめてください。
A65: (5) 従業者の勤務形態について、下記のうち該当する区分の記号を入力してください。
B66: 記号 | C66: 区分
B67: A | C67: 常勤で専従
B68: B | C68: 常勤で兼務
B69: C | C69: 非常勤で専従
B70: D | C70: 非常勤で兼務
B71: （注）常勤・非常勤の区分について
B72: 当該事業所における勤務時間が、当該事業所において定められている常勤の従業者が勤務すべき時間数に達していることをいいます。雇用の形態は考慮しません。
B73: （例えば、常勤者は週に40時間勤務することとされた事業所であれば、非正規雇用であっても、週40時間勤務する従業者は常勤扱いとなります。）
A74: (6) 従業者の保有する資格を入力してください。
A75: 保有資格を全て記入するのではなく、人員基準上、求められる資格等を入力してください。
A76: ※選択した資格及び研修に関して、必要に応じて、資格証又は研修修了証等の写しを添付資料として提出してください。
A77: (7) 従業者の氏名を記入してください。
A78: (8) 申請する事業に係る従業者（管理者を含む。）の1ヶ月分の勤務時間を入力してください。
A79: (9) 常勤の職員の休暇等については、その期間が暦年で１月を超えるものでない限り、常勤換算の計算上は勤務したものとみなすことができます。
B80: その場合、勤務時間欄には「休」と記入し、勤務時間の合計に含めてください（非常勤職員の休暇等は常勤換算の計算に含めることはできません）。
B81: ※指定基準の確認に際しては、４週分の入力で差し支えありません。
A82: (10) 従業者ごとに、合計勤務時間数を入力してください。
A83: ※ 入力することができる時間数は、当該事業所において常勤の従業者が勤務すべき勤務時間数を上限とします。
A84: (11) 従業者ごとに、週平均の勤務時間数を入力してください。
A85: (12) 申請する事業所以外の事業所・施設との兼務がある場合は、兼務先の事業所・施設の名称、兼務する職務の内容について記入してください。
A86: 同一事業所内の兼務についても兼務する職務の内容を記入してください。
A87: その他、特記事項欄としてもご活用ください。
A88: （13)本表には計算式を設定していますが、結果に誤りがないかご確認ください。
A89: （14) 必要項目を満たしていれば、各事業所で使用するシフト表等をもって代替書類として差し支えありません。

Sheet 勤務形態一覧表（短期入所・併設型）
A1: 従業者の勤務の体制及び勤務形態一覧表 | AI1: サービス種別 | AK1: 短期入所・併設型
M2: 2024 | Q2: 年 | S2: 5 | U2: 月 | AI2: 事業所名
AI3: (1)記載する期間 | AK3: ４週
AI4: (2)予定/実績の別
AG5: (3)事業所における常勤の従業者が勤務すべき時間数 | AH5: 160 | AK5: 時間/週 | AM5: 時間/月
A7: No. | B7: (4)職種 | C7: (5)勤務形態 | D7: (6)資格 | E7: (7)氏名 | F7: (8) | AK7: (9)勤務時間数合計 | AL7: (10)週平均の勤務時間数 | AM7: (11)兼務状況 （兼務先／兼務する職務の内容）等
F8: 第１週 | M8: 第２週 | T8: 第３週 | AA8: 第４週 | AH8: 第５週
B9: ※選択肢にない職種については直接入力してください | F9: =DATE($M$2,$S$2,1) -> 45413 | G9: =DATE($M$2,$S$2,2) -> 45414 | H9: =DATE($M$2,$S$2,3) -> 45415 | I9: =DATE($M$2,$S$2,4) -> 45416 | J9: =DATE($M$2,$S$2,5) -> 45417 | K9: =DATE($M$2,$S$2,6) -> 45418 | L9: =DATE($M$2,$S$2,7) -> 45419 | M9: =DATE($M$2,$S$2,8) -> 45420 | N9: =DATE($M$2,$S$2,9) -> 45421 | O9: =DATE($M$2,$S$2,10) -> 45422 | P9: =DATE($M$2,$S$2,11) -> 45423 | Q9: =DATE($M$2,$S$2,12) -> 45424 | R9: =DATE($M$2,$S$2,13) -> 45425 | S9: =DATE($M$2,$S$2,14) -> 45426 | T9: =DATE($M$2,$S$2,15) -> 45427 | U9: =DATE($M$2,$S$2,16) -> 45428 | V9: =DATE($M$2,$S$2,17) -> 45429 | W9: =DATE($M$2,$S$2,18) -> 45430 | X9: =DATE($M$2,$S$2,19) -> 45431 | Y9: =DATE($M$2,$S$2,20) -> 45432 | Z9: =DATE($M$2,$S$2,21) -> 45433 | AA9: =DATE($M$2,$S$2,22) -> 45434 | AB9: =DATE($M$2,$S$2,23) -> 45435 | AC9: =DATE($M$2,$S$2,24) -> 45436 | AD9: =DATE($M$2,$S$2,25) -> 45437 | AE9: =DATE($M$2,$S$2,26) -> 45438 | AF9: =DATE($M$2,$S$2,27) -> 45439 | AG9: =DATE($M$2,$S$2,28) -> 45440 | AH9: =IF(DAY(EOMONTH(F9,0))<29,"",DATE($M$2,$S$2,29)) -> 45441 | AI9: =IF(DAY(EOMONTH(F9,0))<30,"",DATE($M$2,$S$2,30)) -> 45442 | AJ9: =IF(DAY(EOMONTH(F9,0))<31,"",DATE($M$2,$S$2,31)) -> 45443
F10: =DATE($M$2,$S$2,1) -> 45413 | G10: =DATE($M$2,$S$2,2) -> 45414 | H10: =DATE($M$2,$S$2,3) -> 45415 | I10: =DATE($M$2,$S$2,4) -> 45416 | J10: =DATE($M$2,$S$2,5) -> 45417 | K10: =DATE($M$2,$S$2,6) -> 45418 | L10: =DATE($M$2,$S$2,7) -> 45419 | M10: =DATE($M$2,$S$2,8) -> 45420 | N10: =DATE($M$2,$S$2,9) -> 45421 | O10: =DATE($M$2,$S$2,10) -> 45422 | P10: =DATE($M$2,$S$2,11) -> 45423 | Q10: =DATE($M$2,$S$2,12) -> 45424 | R10: =DATE($M$2,$S$2,13) -> 45425 | S10: =DATE($M$2,$S$2,14) -> 45426 | T10: =DATE($M$2,$S$2,15) -> 45427 | U10: =DATE($M$2,$S$2,16) -> 45428 | V10: =DATE($M$2,$S$2,17) -> 45429 | W10: =DATE($M$2,$S$2,18) -> 45430 | X10: =DATE($M$2,$S$2,19) -> 45431 | Y10: =DATE($M$2,$S$2,20) -> 45432 | Z10: =DATE($M$2,$S$2,21) -> 45433 | AA10: =DATE($M$2,$S$2,22) -> 45434 | AB10: =DATE($M$2,$S$2,23) -> 45435 | AC10: =DATE($M$2,$S$2,24) -> 45436 | AD10: =DATE($M$2,$S$2,25) -> 45437 | AE10: =DATE($M$2,$S$2,26) -> 45438 | AF10: =DATE($M$2,$S$2,27) -> 45439 | AG10: =DATE($M$2,$S$2,28) -> 45440 | AH10: =IF(DAY(EOMONTH(F10,0))<29,"",DATE($M$2,$S$2,29)) -> 45441 | AI10: =IF(DAY(EOMONTH(F10,0))<30,"",DATE($M$2,$S$2,30)) -> 45442 | AJ10: =IF(DAY(EOMONTH(F10,0))<31,"",DATE($M$2,$S$2,31)) -> 45443
A11: 1 | B11: 管理者 | AK11: =+SUM(F11:AJ11) -> 0 | AL11: =IF($AK$3="４週",AK11/4,AK11/(DAY(EOMONTH($F$9,0))/7)) -> 0
A12: 2 | AK12: =+SUM(F12:AJ12) -> 0 | AL12: =IF($AK$3="４週",AK12/4,AK12/(DAY(EOMONTH($F$9,0))/7)) -> 0
A13: 3 | AK13: =+SUM(F13:AJ13) -> 0 | AL13: =IF($AK$3="４週",AK13/4,AK13/(DAY(EOMONTH($F$9,0))/7)) -> 0
A14: 4 | AK14: =+SUM(F14:AJ14) -> 0 | AL14: =IF($AK$3="４週",AK14/4,AK14/(DAY(EOMONTH($F$9,0))/7)) -> 0
A15: 5 | AK15: =+SUM(F15:AJ15) -> 0 | AL15: =IF($AK$3="４週",AK15/4,AK15/(DAY(EOMONTH($F$9,0))/7)) -> 0
A16: 6 | AK16: =+SUM(F16:AJ16) -> 0 | AL16: =IF($AK$3="４週",AK16/4,AK16/(DAY(EOMONTH($F$9,0))/7)) -> 0
A17: 7 | AK17: =+SUM(F17:AJ17) -> 0 | AL17: =IF($AK$3="４週",AK17/4,AK17/(DAY(EOMONTH($F$9,0))/7)) -> 0
A18: 8 | AK18: =+SUM(F18:AJ18) -> 0 | AL18: =IF($AK$3="４週",AK18/4,AK18/(DAY(EOMONTH($F$9,0))/7)) -> 0
A19: 9 | AK19: =+SUM(F19:AJ19) -> 0 | AL19: =IF($AK$3="４週",AK19/4,AK19/(DAY(EOMONTH($F$9,0))/7)) -> 0
A20: 10 | AK20: =+SUM(F20:AJ20) -> 0 | AL20: =IF($AK$3="４週",AK20/4,AK20/(DAY(EOMONTH($F$9,0))/7)) -> 0
A21: 11 | AK21: =+SUM(F21:AJ21) -> 0 | AL21: =IF($AK$3="４週",AK21/4,AK21/(DAY(EOMONTH($F$9,0))/7)) -> 0
A22: 12 | AK22: =+SUM(F22:AJ22) -> 0 | AL22: =IF($AK$3="４週",AK22/4,AK22/(DAY(EOMONTH($F$9,0))/7)) -> 0
A23: 13 | AK23: =+SUM(F23:AJ23) -> 0 | AL23: =IF($AK$3="４週",AK23/4,AK23/(DAY(EOMONTH($F$9,0))/7)) -> 0
... A30: 20 | AK30: =+SUM(F30:AJ30) -> 0 | AL30: =IF($AK$3="４週",AK30/4,AK30/(DAY(EOMONTH($F$9,0))/7)) -> 0
A31: 合計 | F31: =+SUM(F11:F30) -> 0 | G31: =+SUM(G11:G30) -> 0 | H31: =+SUM(H11:H30) -> 0 | I31: =+SUM(I11:I30) -> 0 | J31: =+SUM(J11:J30) -> 0 | K31: =+SUM(K11:K30) -> 0 | L31: =+SUM(L11:L30) -> 0 | M31: =+SUM(M11:M30) -> 0 | ... AJ31: =+SUM(AJ11:AJ30) -> 0 | AK31: =+SUM(F31:AJ31) -> 0 | AL31: =IF($AK$3="４週",AK31/4,AK31/(DAY(EOMONTH($F$9,0))/7)) -> 0
A32: サービス提供時間
A36: ・最初に「年月欄」「サービス種別」「事業所名」を入力してください。 | R36: 6 | X36: 7 | AD36: 8 | AJ36: 9
A37: (1) 「４週」・「暦月」のいずれかを選択してください。
A38: (2) 「予定」・「実績」のいずれかを選択してください。
A39: (3) 事業所における常勤の従業者が勤務すべき時間数を入力してください。
A40: (4) 従業者の職種を入力してください。
A41: 記入の順序は、職種ごとにまとめてください。
A42: (5) 従業者の勤務形態について、下記のうち該当する区分の記号を入力してください。
B43: 記号 | C43: 区分
B44: A | C44: 常勤で専従
B45: B | C45: 常勤で兼務
B46: C | C46: 非常勤で専従
B47: D | C47: 非常勤で兼務
B48: （注）常勤・非常勤の区分について
B49: 当該事業所における勤務時間が、当該事業所において定められている常勤の従業者が勤務すべき時間数に達していることをいいます。雇用の形態は考慮しません。
B50: （例えば、常勤者は週に40時間勤務することとされた事業所であれば、非正規雇用であっても、週40時間勤務する従業者は常勤扱いとなります。）
A51: (6) 従業者の保有する資格を入力してください。
A52: 保有資格を全て記入するのではなく、人員基準上、求められる資格等を入力してください。
A53: ※選択した資格及び研修に関して、必要に応じて、資格証又は研修修了証等の写しを添付資料として提出してください。
A54: (7) 従業者の氏名を記入してください。
A55: (8) 申請する事業に係る従業者（管理者を含む。）の1ヶ月分の勤務時間を入力してください。
A56: (9) 常勤の職員の休暇等については、その期間が暦年で１月を超えるものでない限り、常勤換算の計算上は勤務したものとみなすことができます。
B57: その場合、勤務時間欄には「休」と記入し、勤務時間の合計に含めてください（非常勤職員の休暇等は常勤換算の計算に含めることはできません）。
B58: ※指定基準の確認に際しては、４週分の入力で差し支えありません。
A59: (10) 従業者ごとに、合計勤務時間数を入力してください。
A60: ※ 入力することができる時間数は、当該事業所において常勤の従業者が勤務すべき勤務時間数を上限とします。
A61: (11) 従業者ごとに、週平均の勤務時間数を入力してください。
A62: (12) 申請する事業所以外の事業所・施設との兼務がある場合は、兼務先の事業所・施設の名称、兼務する職務の内容について記入してください。
A63: 同一事業所内の兼務についても兼務する職務の内容を記入してください。
A64: その他、特記事項欄としてもご活用ください。
A65: （13)本表には計算式を設定していますが、結果に誤りがないかご確認ください。
A66: （14) 必要項目を満たしていれば、各事業所で使用するシフト表等をもって代替書類として差し支えありません。

Sheet 勤務形態一覧表（短期入所・空床利用型）
A1: 従業者の勤務の体制及び勤務形態一覧表 | AI1: サービス種別 | AK1: 短期入所・空床利用型
M2: 2024 | Q2: 年 | S2: 5 | U2: 月 | AI2: 事業所名
AI3: (1)記載する期間 | AK3: ４週
AI4: (2)予定/実績の別
AG5: (3)事業所における常勤の従業者が勤務すべき時間数 | AH5: 160 | AK5: 時間/週 | AM5: 時間/月
A7: No. | B7: (4)職種 | C7: (5)勤務形態 | D7: (6)資格 | E7: (7)氏名 | F7: (8) | AK7: (9)勤務時間数合計 | AL7: (10)週平均の勤務時間数 | AM7: (11)兼務状況 （兼務先／兼務する職務の内容）等
F8: 第１週 | M8: 第２週 | T8: 第３週 | AA8: 第４週 | AH8: 第５週
B9: ※選択肢にない職種については直接入力してください | F9: =DATE($M$2,$S$2,1) -> 45413 | G9: =DATE($M$2,$S$2,2) -> 45414 | H9: =DATE($M$2,$S$2,3) -> 45415 | I9: =DATE($M$2,$S$2,4) -> 45416 | J9: =DATE($M$2,$S$2,5) -> 45417 | K9: =DATE($M$2,$S$2,6) -> 45418 | L9: =DATE($M$2,$S$2,7) -> 45419 | M9: =DATE($M$2,$S$2,8) -> 45420 | N9: =DATE($M$2,$S$2,9) -> 45421 | O9: =DATE($M$2,$S$2,10) -> 45422 | P9: =DATE($M$2,$S$2,11) -> 45423 | Q9: =DATE($M$2,$S$2,12) -> 45424 | R9: =DATE($M$2,$S$2,13) -> 45425 | S9: =DATE($M$2,$S$2,14) -> 45426 | T9: =DATE($M$2,$S$2,15) -> 45427 | U9: =DATE($M$2,$S$2,16) -> 45428 | V9: =DATE($M$2,$S$2,17) -> 45429 | W9: =DATE($M$2,$S$2,18) -> 45430 | X9: =DATE($M$2,$S$2,19) -> 45431 | Y9: =DATE($M$2,$S$2,20) -> 45432 | Z9: =DATE($M$2,$S$2,21) -> 45433 | AA9: =DATE($M$2,$S$2,22) -> 45434 | AB9: =DATE($M$2,$S$2,23) -> 45435 | AC9: =DATE($M$2,$S$2,24) -> 45436 | AD9: =DATE($M$2,$S$2,25) -> 45437 | AE9: =DATE($M$2,$S$2,26) -> 45438 | AF9: =DATE($M$2,$S$2,27) -> 45439 | AG9: =DATE($M$2,$S$2,28) -> 45440 | AH9: =IF(DAY(EOMONTH(F9,0))<29,"",DATE($M$2,$S$2,29)) -> 45441 | AI9: =IF(DAY(EOMONTH(F9,0))<30,"",DATE($M$2,$S$2,30)) -> 45442 | AJ9: =IF(DAY(EOMONTH(F9,0))<31,"",DATE($M$2,$S$2,31)) -> 45443
F10: =DATE($M$2,$S$2,1) -> 45413 | G10: =DATE($M$2,$S$2,2) -> 45414 | H10: =DATE($M$2,$S$2,3) -> 45415 | I10: =DATE($M$2,$S$2,4) -> 45416 | J10: =DATE($M$2,$S$2,5) -> 45417 | K10: =DATE($M$2,$S$2,6) -> 45418 | L10: =DATE($M$2,$S$2,7) -> 45419 | M10: =DATE($M$2,$S$2,8) -> 45420 | N10: =DATE($M$2,$S$2,9) -> 45421 | O10: =DATE($M$2,$S$2,10) -> 45422 | P10: =DATE($M$2,$S$2,11) -> 45423 | Q10: =DATE($M$2,$S$2,12) -> 45424 | R10: =DATE($M$2,$S$2,13) -> 45425 | S10: =DATE($M$2,$S$2,14) -> 45426 | T10: =DATE($M$2,$S$2,15) -> 45427 | U10: =DATE($M$2,$S$2,16) -> 45428 | V10: =DATE($M$2,$S$2,17) -> 45429 | W10: =DATE($M$2,$S$2,18) -> 45430 | X10: =DATE($M$2,$S$2,19) -> 45431 | Y10: =DATE($M$2,$S$2,20) -> 45432 | Z10: =DATE($M$2,$S$2,21) -> 45433 | AA10: =DATE($M$2,$S$2,22) -> 45434 | AB10: =DATE($M$2,$S$2,23) -> 45435 | AC10: =DATE($M$2,$S$2,24) -> 45436 | AD10: =DATE($M$2,$S$2,25) -> 45437 | AE10: =DATE($M$2,$S$2,26) -> 45438 | AF10: =DATE($M$2,$S$2,27) -> 45439 | AG10: =DATE($M$2,$S$2,28) -> 45440 | AH10: =IF(DAY(EOMONTH(F10,0))<29,"",DATE($M$2,$S$2,29)) -> 45441 | AI10: =IF(DAY(EOMONTH(F10,0))<30,"",DATE($M$2,$S$2,30)) -> 45442 | AJ10: =IF(DAY(EOMONTH(F10,0))<31,"",DATE($M$2,$S$2,31)) -> 45443
A11: 1 | B11: 管理者 | AK11: =+SUM(F11:AJ11) -> 0 | AL11: =IF($AK$3="４週",AK11/4,AK11/(DAY(EOMONTH($F$9,0))/7)) -> 0
A12: 2 | AK12: =+SUM(F12:AJ12) -> 0 | AL12: =IF($AK$3="４週",AK12/4,AK12/(DAY(EOMONTH($F$9,0))/7)) -> 0
A13: 3 | AK13: =+SUM(F13:AJ13) -> 0 | AL13: =IF($AK$3="４週",AK13/4,AK13/(DAY(EOMONTH($F$9,0))/7)) -> 0
A14: 4 | AK14: =+SUM(F14:AJ14) -> 0 | AL14: =IF($AK$3="４週",AK14/4,AK14/(DAY(EOMONTH($F$9,0))/7)) -> 0
A15: 5 | AK15: =+SUM(F15:AJ15) -> 0 | AL15: =IF($AK$3="４週",AK15/4,AK15/(DAY(EOMONTH($F$9,0))/7)) -> 0
A16: 6 | AK16: =+SUM(F16:AJ16) -> 0 | AL16: =IF($AK$3="４週",AK16/4,AK16/(DAY(EOMONTH($F$9,0))/7)) -> 0
A17: 7 | AK17: =+SUM(F17:AJ17) -> 0 | AL17: =IF($AK$3="４週",AK17/4,AK17/(DAY(EOMONTH($F$9,0))/7)) -> 0
A18: 8 | AK18: =+SUM(F18:AJ18) -> 0 | AL18: =IF($AK$3="４週",AK18/4,AK18/(DAY(EOMONTH($F$9,0))/7)) -> 0
A19: 9 | AK19: =+SUM(F19:AJ19) -> 0 | AL19: =IF($AK$3="４週",AK19/4,AK19/(DAY(EOMONTH($F$9,0))/7)) -> 0
A20: 10 | AK20: =+SUM(F20:AJ20) -> 0 | AL20: =IF($AK$3="４週",AK20/4,AK20/(DAY(EOMONTH($F$9,0))/7)) -> 0
A21: 11 | AK21: =+SUM(F21:AJ21) -> 0 | AL21: =IF($AK$3="４週",AK21/4,AK21/(DAY(EOMONTH($F$9,0))/7)) -> 0
A22: 12 | AK22: =+SUM(F22:AJ22) -> 0 | AL22: =IF($AK$3="４週",AK22/4,AK22/(DAY(EOMONTH($F$9,0))/7)) -> 0
A23: 13 | AK23: =+SUM(F23:AJ23) -> 0 | AL23: =IF($AK$3="４週",AK23/4,AK23/(DAY(EOMONTH($F$9,0))/7)) -> 0
... A30: 20 | AK30: =+SUM(F30:AJ30) -> 0 | AL30: =IF($AK$3="４週",AK30/4,AK30/(DAY(EOMONTH($F$9,0))/7)) -> 0
A31: 合計 | F31: =+SUM(F11:F30) -> 0 | G31: =+SUM(G11:G30) -> 0 | H31: =+SUM(H11:H30) -> 0 | I31: =+SUM(I11:I30) -> 0 | J31: =+SUM(J11:J30) -> 0 | K31: =+SUM(K11:K30) -> 0 | L31: =+SUM(L11:L30) -> 0 | M31: =+SUM(M11:M30) -> 0 | ... AJ31: =+SUM(AJ11:AJ30) -> 0 | AK31: =+SUM(F31:AJ31) -> 0 | AL31: =IF($AK$3="４週",AK31/4,AK31/(DAY(EOMONTH($F$9,0))/7)) -> 0
A32: サービス提供時間
A36: ・最初に「年月欄」「サービス種別」「事業所名」を入力してください。 | R36: 6 | X36: 7 | AD36: 8 | AJ36: 9
A37: (1) 「４週」・「暦月」のいずれかを選択してください。
A38: (2) 「予定」・「実績」のいずれかを選択してください。
A39: (3) 事業所における常勤の従業者が勤務すべき時間数を入力してください。
A40: (4) 従業者の職種を入力してください。
A41: 記入の順序は、職種ごとにまとめてください。
A42: (5) 従業者の勤務形態について、下記のうち該当する区分の記号を入力してください。
B43: 記号 | C43: 区分
B44: A | C44: 常勤で専従
B45: B | C45: 常勤で兼務
B46: C | C46: 非常勤で専従
B47: D | C47: 非常勤で兼務
B48: （注）常勤・非常勤の区分について
B49: 当該事業所における勤務時間が、当該事業所において定められている常勤の従業者が勤務すべき時間数に達していることをいいます。雇用の形態は考慮しません。
B50: （例えば、常勤者は週に40時間勤務することとされた事業所であれば、非正規雇用であっても、週40時間勤務する従業者は常勤扱いとなります。）
A51: (6) 従業者の保有する資格を入力してください。
A52: 保有資格を全て記入するのではなく、人員基準上、求められる資格等を入力してください。
A53: ※選択した資格及び研修に関して、必要に応じて、資格証又は研修修了証等の写しを添付資料として提出してください。
A54: (7) 従業者の氏名を記入してください。
A55: (8) 申請する事業に係る従業者（管理者を含む。）の1ヶ月分の勤務時間を入力してください。
A56: (9) 常勤の職員の休暇等については、その期間が暦年で１月を超えるものでない限り、常勤換算の計算上は勤務したものとみなすことができます。
B57: その場合、勤務時間欄には「休」と記入し、勤務時間の合計に含めてください（非常勤職員の休暇等は常勤換算の計算に含めることはできません）。
B58: ※指定基準の確認に際しては、４週分の入力で差し支えありません。
A59: (10) 従業者ごとに、合計勤務時間数を入力してください。
A60: ※ 入力することができる時間数は、当該事業所において常勤の従業者が勤務すべき勤務時間数を上限とします。
A61: (11) 従業者ごとに、週平均の勤務時間数を入力してください。
A62: (12) 申請する事業所以外の事業所・施設との兼務がある場合は、兼務先の事業所・施設の名称、兼務する職務の内容について記入してください。
A63: 同一事業所内の兼務についても兼務する職務の内容を記入してください。
A64: その他、特記事項欄としてもご活用ください。
A65: （13)本表には計算式を設定していますが、結果に誤りがないかご確認ください。
A66: （14) 必要項目を満たしていれば、各事業所で使用するシフト表等をもって代替書類として差し支えありません。

Sheet 勤務形態一覧表（短期入所・単独型）
A1: 従業者の勤務の体制及び勤務形態一覧表 | AI1: サービス種別 | AK1: 短期入所・単独型
M2: 2024 | Q2: 年 | S2: 5 | U2: 月 | AI2: 事業所名
AI3: (1)記載する期間 | AK3: ４週
AI4: (2)予定/実績の別
AG5: (3)事業所における常勤の従業者が勤務すべき時間数 | AH5: 160 | AK5: 時間/週 | AM5: 時間/月
A7: No. | B7: (4)職種 | C7: (5)勤務形態 | D7: (6)資格 | E7: (7)氏名 | F7: (8) | AK7: (9)勤務時間数合計 | AL7: (10)週平均の勤務時間数 | AM7: (11)兼務状況 （兼務先／兼務する職務の内容）等
F8: 第１週 | M8: 第２週 | T8: 第３週 | AA8: 第４週 | AH8: 第５週
B9: ※選択肢にない職種については直接入力してください | F9: =DATE($M$2,$S$2,1) -> 45413 | G9: =DATE($M$2,$S$2,2) -> 45414 | H9: =DATE($M$2,$S$2,3) -> 45415 | I9: =DATE($M$2,$S$2,4) -> 45416 | J9: =DATE($M$2,$S$2,5) -> 45417 | K9: =DATE($M$2,$S$2,6) -> 45418 | L9: =DATE($M$2,$S$2,7) -> 45419 | M9: =DATE($M$2,$S$2,8) -> 45420 | N9: =DATE($M$2,$S$2,9) -> 45421 | O9: =DATE($M$2,$S$2,10) -> 45422 | P9: =DATE($M$2,$S$2,11) -> 45423 | Q9: =DATE($M$2,$S$2,12) -> 45424 | R9: =DATE($M$2,$S$2,13) -> 45425 | S9: =DATE($M$2,$S$2,14) -> 45426 | T9: =DATE($M$2,$S$2,15) -> 45427 | U9: =DATE($M$2,$S$2,16) -> 45428 | V9: =DATE($M$2,$S$2,17) -> 45429 | W9: =DATE($M$2,$S$2,18) -> 45430 | X9: =DATE($M$2,$S$2,19) -> 45431 | Y9: =DATE($M$2,$S$2,20) -> 45432 | Z9: =DATE($M$2,$S$2,21) -> 45433 | AA9: =DATE($M$2,$S$2,22) -> 45434 | AB9: =DATE($M$2,$S$2,23) -> 45435 | AC9: =DATE($M$2,$S$2,24) -> 45436 | AD9: =DATE($M$2,$S$2,25) -> 45437 | AE9: =DATE($M$2,$S$2,26) -> 45438 | AF9: =DATE($M$2,$S$2,27) -> 45439 | AG9: =DATE($M$2,$S$2,28) -> 45440 | AH9: =IF(DAY(EOMONTH(F9,0))<29,"",DATE($M$2,$S$2,29)) -> 45441 | AI9: =IF(DAY(EOMONTH(F9,0))<30,"",DATE($M$2,$S$2,30)) -> 45442 | AJ9: =IF(DAY(EOMONTH(F9,0))<31,"",DATE($M$2,$S$2,31)) -> 45443
F10: =DATE($M$2,$S$2,1) -> 45413 | G10: =DATE($M$2,$S$2,2) -> 45414 | H10: =DATE($M$2,$S$2,3) -> 45415 | I10: =DATE($M$2,$S$2,4) -> 45416 | J10: =DATE($M$2,$S$2,5) -> 45417 | K10: =DATE($M$2,$S$2,6) -> 45418 | L10: =DATE($M$2,$S$2,7) -> 45419 | M10: =DATE($M$2,$S$2,8) -> 45420 | N10: =DATE($M$2,$S$2,9) -> 45421 | O10: =DATE($M$2,$S$2,10) -> 45422 | P10: =DATE($M$2,$S$2,11) -> 45423 | Q10: =DATE($M$2,$S$2,12) -> 45424 | R10: =DATE($M$2,$S$2,13) -> 45425 | S10: =DATE($M$2,$S$2,14) -> 45426 | T10: =DATE($M$2,$S$2,15) -> 45427 | U10: =DATE($M$2,$S$2,16) -> 45428 | V10: =DATE($M$2,$S$2,17) -> 45429 | W10: =DATE($M$2,$S$2,18) -> 45430 | X10: =DATE($M$2,$S$2,19) -> 45431 | Y10: =DATE($M$2,$S$2,20) -> 45432 | Z10: =DATE($M$2,$S$2,21) -> 45433 | AA10: =DATE($M$2,$S$2,22) -> 45434 | AB10: =DATE($M$2,$S$2,23) -> 45435 | AC10: =DATE($M$2,$S$2,24) -> 45436 | AD10: =DATE($M$2,$S$2,25) -> 45437 | AE10: =DATE($M$2,$S$2,26) -> 45438 | AF10: =DATE($M$2,$S$2,27) -> 45439 | AG10: =DATE($M$2,$S$2,28) -> 45440 | AH10: =IF(DAY(EOMONTH(F10,0))<29,"",DATE($M$2,$S$2,29)) -> 45441 | AI10: =IF(DAY(EOMONTH(F10,0))<30,"",DATE($M$2,$S$2,30)) -> 45442 | AJ10: =IF(DAY(EOMONTH(F10,0))<31,"",DATE($M$2,$S$2,31)) -> 45443
A11: 1 | B11: 管理者 | AK11: =+SUM(F11:AJ11) -> 0 | AL11: =IF($AK$3="４週",AK11/4,AK11/(DAY(EOMONTH($F$9,0))/7)) -> 0
A12: 2 | AK12: =+SUM(F12:AJ12) -> 0 | AL12: =IF($AK$3="４週",AK12/4,AK12/(DAY(EOMONTH($F$9,0))/7)) -> 0
A13: 3 | AK13: =+SUM(F13:AJ13) -> 0 | AL13: =IF($AK$3="４週",AK13/4,AK13/(DAY(EOMONTH($F$9,0))/7)) -> 0
A14: 4 | AK14: =+SUM(F14:AJ14) -> 0 | AL14: =IF($AK$3="４週",AK14/4,AK14/(DAY(EOMONTH($F$9,0))/7)) -> 0
A15: 5 | AK15: =+SUM(F15:AJ15) -> 0 | AL15: =IF($AK$3="４週",AK15/4,AK15/(DAY(EOMONTH($F$9,0))/7)) -> 0
A16: 6 | AK16: =+SUM(F16:AJ16) -> 0 | AL16: =IF($AK$3="４週",AK16/4,AK16/(DAY(EOMONTH($F$9,0))/7)) -> 0
A17: 7 | AK17: =+SUM(F17:AJ17) -> 0 | AL17: =IF($AK$3="４週",AK17/4,AK17/(DAY(EOMONTH($F$9,0))/7)) -> 0
A18: 8 | AK18: =+SUM(F18:AJ18) -> 0 | AL18: =IF($AK$3="４週",AK18/4,AK18/(DAY(EOMONTH($F$9,0))/7)) -> 0
A19: 9 | AK19: =+SUM(F19:AJ19) -> 0 | AL19: =IF($AK$3="４週",AK19/4,AK19/(DAY(EOMONTH($F$9,0))/7)) -> 0
A20: 10 | AK20: =+SUM(F20:AJ20) -> 0 | AL20: =IF($AK$3="４週",AK20/4,AK20/(DAY(EOMONTH($F$9,0))/7)) -> 0
A21: 11 | AK21: =+SUM(F21:AJ21) -> 0 | AL21: =IF($AK$3="４週",AK21/4,AK21/(DAY(EOMONTH($F$9,0))/7)) -> 0
A22: 12 | AK22: =+SUM(F22:AJ22) -> 0 | AL22: =IF($AK$3="４週",AK22/4,AK22/(DAY(EOMONTH($F$9,0))/7)) -> 0
A23: 13 | AK23: =+SUM(F23:AJ23) -> 0 | AL23: =IF($AK$3="４週",AK23/4,AK23/(DAY(EOMONTH($F$9,0))/7)) -> 0
... A30: 20 | AK30: =+SUM(F30:AJ30) -> 0 | AL30: =IF($AK$3="４週",AK30/4,AK30/(DAY(EOMONTH($F$9,0))/7)) -> 0
A31: 合計 | F31: =+SUM(F11:F30) -> 0 | G31: =+SUM(G11:G30) -> 0 | H31: =+SUM(H11:H30) -> 0 | I31: =+SUM(I11:I30) -> 0 | J31: =+SUM(J11:J30) -> 0 | K31: =+SUM(K11:K30) -> 0 | L31: =+SUM(L11:L30) -> 0 | M31: =+SUM(M11:M30) -> 0 | ... AJ31: =+SUM(AJ11:AJ30) -> 0 | AK31: =+SUM(F31:AJ31) -> 0 | AL31: =IF($AK$3="４週",AK31/4,AK31/(DAY(EOMONTH($F$9,0))/7)) -> 0
A32: サービス提供時間
A36: ・最初に「年月欄」「サービス種別」「事業所名」を入力してください。 | R36: 6 | X36: 7 | AD36: 8 | AJ36: 9
A37: (1) 「４週」・「暦月」のいずれかを選択してください。
A38: (2) 「予定」・「実績」のいずれかを選択してください。
A39: (3) 事業所における常勤の従業者が勤務すべき時間数を入力してください。
A40: (4) 従業者の職種を入力してください。
A41: 記入の順序は、職種ごとにまとめてください。
A42: (5) 従業者の勤務形態について、下記のうち該当する区分の記号を入力してください。
B43: 記号 | C43: 区分
B44: A | C44: 常勤で専従
B45: B | C45: 常勤で兼務
B46: C | C46: 非常勤で専従
B47: D | C47: 非常勤で兼務
B48: （注）常勤・非常勤の区分について
B49: 当該事業所における勤務時間が、当該事業所において定められている常勤の従業者が勤務すべき時間数に達していることをいいます。雇用の形態は考慮しません。
B50: （例えば、常勤者は週に40時間勤務することとされた事業所であれば、非正規雇用であっても、週40時間勤務する従業者は常勤扱いとなります。）
A51: (6) 従業者の保有する資格を入力してください。
A52: 保有資格を全て記入するのではなく、人員基準上、求められる資格等を入力してください。
A53: ※選択した資格及び研修に関して、必要に応じて、資格証又は研修修了証等の写しを添付資料として提出してください。
A54: (7) 従業者の氏名を記入してください。
A55: (8) 申請する事業に係る従業者（管理者を含む。）の1ヶ月分の勤務時間を入力してください。
A56: (9) 常勤の職員の休暇等については、その期間が暦年で１月を超えるものでない限り、常勤換算の計算上は勤務したものとみなすことができます。
B57: その場合、勤務時間欄には「休」と記入し、勤務時間の合計に含めてください（非常勤職員の休暇等は常勤換算の計算に含めることはできません）。
B58: ※指定基準の確認に際しては、４週分の入力で差し支えありません。
A59: (10) 従業者ごとに、合計勤務時間数を入力してください。
A60: ※ 入力することができる時間数は、当該事業所において常勤の従業者が勤務すべき勤務時間数を上限とします。
A61: (11) 従業者ごとに、週平均の勤務時間数を入力してください。
A62: (12) 申請する事業所以外の事業所・施設との兼務がある場合は、兼務先の事業所・施設の名称、兼務する職務の内容について記入してください。
A63: 同一事業所内の兼務についても兼務する職務の内容を記入してください。
A64: その他、特記事項欄としてもご活用ください。
A65: （13)本表には計算式を設定していますが、結果に誤りがないかご確認ください。
A66: （14) 必要項目を満たしていれば、各事業所で使用するシフト表等をもって代替書類として差し支えありません。

Sheet 勤務形態一覧表（重度障害者等包括支援）
A1: 従業者の勤務の体制及び勤務形態一覧表 | AI1: サービス種別 | AK1: 重度障害者等包括支援
M2: 2024 | Q2: 年 | S2: 5 | U2: 月 | AI2: 事業所名
AI3: (1)記載する期間 | AK3: ４週
AI4: (2)予定/実績の別
AG5: (3)事業所における常勤の従業者が勤務すべき時間数 | AH5: 160 | AK5: 時間/週 | AM5: 時間/月
A7: No. | B7: (4)職種 | C7: (5)勤務形態 | D7: (6)資格 | E7: (7)氏名 | F7: (8) | AK7: (9)勤務時間数合計 | AL7: (10)週平均の勤務時間数 | AM7: (11)兼務状況 （兼務先／兼務する職務の内容）等
F8: 第１週 | M8: 第２週 | T8: 第３週 | AA8: 第４週 | AH8: 第５週
B9: ※選択肢にない職種については直接入力してください | F9: =DATE($M$2,$S$2,1) -> 45413 | G9: =DATE($M$2,$S$2,2) -> 45414 | H9: =DATE($M$2,$S$2,3) -> 45415 | I9: =DATE($M$2,$S$2,4) -> 45416 | J9: =DATE($M$2,$S$2,5) -> 45417 | K9: =DATE($M$2,$S$2,6) -> 45418 | L9: =DATE($M$2,$S$2,7) -> 45419 | M9: =DATE($M$2,$S$2,8) -> 45420 | N9: =DATE($M$2,$S$2,9) -> 45421 | O9: =DATE($M$2,$S$2,10) -> 45422 | P9: =DATE($M$2,$S$2,11) -> 45423 | Q9: =DATE($M$2,$S$2,12) -> 45424 | R9: =DATE($M$2,$S$2,13) -> 45425 | S9: =DATE($M$2,$S$2,14) -> 45426 | T9: =DATE($M$2,$S$2,15) -> 45427 | U9: =DATE($M$2,$S$2,16) -> 45428 | V9: =DATE($M$2,$S$2,17) -> 45429 | W9: =DATE($M$2,$S$2,18) -> 45430 | X9: =DATE($M$2,$S$2,19) -> 45431 | Y9: =DATE($M$2,$S$2,20) -> 45432 | Z9: =DATE($M$2,$S$2,21) -> 45433 | AA9: =DATE($M$2,$S$2,22) -> 45434 | AB9: =DATE($M$2,$S$2,23) -> 45435 | AC9: =DATE($M$2,$S$2,24) -> 45436 | AD9: =DATE($M$2,$S$2,25) -> 45437 | AE9: =DATE($M$2,$S$2,26) -> 45438 | AF9: =DATE($M$2,$S$2,27) -> 45439 | AG9: =DATE($M$2,$S$2,28) -> 45440 | AH9: =IF(DAY(EOMONTH(F9,0))<29,"",DATE($M$2,$S$2,29)) -> 45441 | AI9: =IF(DAY(EOMONTH(F9,0))<30,"",DATE($M$2,$S$2,30)) -> 45442 | AJ9: =IF(DAY(EOMONTH(F9,0))<31,"",DATE($M$2,$S$2,31)) -> 45443
F10: =DATE($M$2,$S$2,1) -> 45413 | G10: =DATE($M$2,$S$2,2) -> 45414 | H10: =DATE($M$2,$S$2,3) -> 45415 | I10: =DATE($M$2,$S$2,4) -> 45416 | J10: =DATE($M$2,$S$2,5) -> 45417 | K10: =DATE($M$2,$S$2,6) -> 45418 | L10: =DATE($M$2,$S$2,7) -> 45419 | M10: =DATE($M$2,$S$2,8) -> 45420 | N10: =DATE($M$2,$S$2,9) -> 45421 | O10: =DATE($M$2,$S$2,10) -> 45422 | P10: =DATE($M$2,$S$2,11) -> 45423 | Q10: =DATE($M$2,$S$2,12) -> 45424 | R10: =DATE($M$2,$S$2,13) -> 45425 | S10: =DATE($M$2,$S$2,14) -> 45426 | T10: =DATE($M$2,$S$2,15) -> 45427 | U10: =DATE($M$2,$S$2,16) -> 45428 | V10: =DATE($M$2,$S$2,17) -> 45429 | W10: =DATE($M$2,$S$2,18) -> 45430 | X10: =DATE($M$2,$S$2,19) -> 45431 | Y10: =DATE($M$2,$S$2,20) -> 45432 | Z10: =DATE($M$2,$S$2,21) -> 45433 | AA10: =DATE($M$2,$S$2,22) -> 45434 | AB10: =DATE($M$2,$S$2,23) -> 45435 | AC10: =DATE($M$2,$S$2,24) -> 45436 | AD10: =DATE($M$2,$S$2,25) -> 45437 | AE10: =DATE($M$2,$S$2,26) -> 45438 | AF10: =DATE($M$2,$S$2,27) -> 45439 | AG10: =DATE($M$2,$S$2,28) -> 45440 | AH10: =IF(DAY(EOMONTH(F10,0))<29,"",DATE($M$2,$S$2,29)) -> 45441 | AI10: =IF(DAY(EOMONTH(F10,0))<30,"",DATE($M$2,$S$2,30)) -> 45442 | AJ10: =IF(DAY(EOMONTH(F10,0))<31,"",DATE($M$2,$S$2,31)) -> 45443
A11: 1 | B11: 管理者 | AK11: =+SUM(F11:AJ11) -> 0 | AL11: =IF($AK$3="４週",AK11/4,AK11/(DAY(EOMONTH($F$9,0))/7)) -> 0
A12: 2 | AK12: =+SUM(F12:AJ12) -> 0 | AL12: =IF($AK$3="４週",AK12/4,AK12/(DAY(EOMONTH($F$9,0))/7)) -> 0
A13: 3 | AK13: =+SUM(F13:AJ13) -> 0 | AL13: =IF($AK$3="４週",AK13/4,AK13/(DAY(EOMONTH($F$9,0))/7)) -> 0
A14: 4 | AK14: =+SUM(F14:AJ14) -> 0 | AL14: =IF($AK$3="４週",AK14/4,AK14/(DAY(EOMONTH($F$9,0))/7)) -> 0
A15: 5 | AK15: =+SUM(F15:AJ15) -> 0 | AL15: =IF($AK$3="４週",AK15/4,AK15/(DAY(EOMONTH($F$9,0))/7)) -> 0
A16: 6 | AK16: =+SUM(F16:AJ16) -> 0 | AL16: =IF($AK$3="４週",AK16/4,AK16/(DAY(EOMONTH($F$9,0))/7)) -> 0
A17: 7 | AK17: =+SUM(F17:AJ17) -> 0 | AL17: =IF($AK$3="４週",AK17/4,AK17/(DAY(EOMONTH($F$9,0))/7)) -> 0
A18: 8 | AK18: =+SUM(F18:AJ18) -> 0 | AL18: =IF($AK$3="４週",AK18/4,AK18/(DAY(EOMONTH($F$9,0))/7)) -> 0
A19: 9 | AK19: =+SUM(F19:AJ19) -> 0 | AL19: =IF($AK$3="４週",AK19/4,AK19/(DAY(EOMONTH($F$9,0))/7)) -> 0
A20: 10 | AK20: =+SUM(F20:AJ20) -> 0 | AL20: =IF($AK$3="４週",AK20/4,AK20/(DAY(EOMONTH($F$9,0))/7)) -> 0
A21: 11 | AK21: =+SUM(F21:AJ21) -> 0 | AL21: =IF($AK$3="４週",AK21/4,AK21/(DAY(EOMONTH($F$9,0))/7)) -> 0
A22: 12 | AK22: =+SUM(F22:AJ22) -> 0 | AL22: =IF($AK$3="４週",AK22/4,AK22/(DAY(EOMONTH($F$9,0))/7)) -> 0
A23: 13 | AK23: =+SUM(F23:AJ23) -> 0 | AL23: =IF($AK$3="４週",AK23/4,AK23/(DAY(EOMONTH($F$9,0))/7)) -> 0
... A30: 20 | AK30: =+SUM(F30:AJ30) -> 0 | AL30: =IF($AK$3="４週",AK30/4,AK30/(DAY(EOMONTH($F$9,0))/7)) -> 0
A31: 合計 | F31: =+SUM(F11:F30) -> 0 | G31: =+SUM(G11:G30) -> 0 | H31: =+SUM(H11:H30) -> 0 | I31: =+SUM(I11:I30) -> 0 | J31: =+SUM(J11:J30) -> 0 | K31: =+SUM(K11:K30) -> 0 | L31: =+SUM(L11:L30) -> 0 | M31: =+SUM(M11:M30) -> 0 | ... AJ31: =+SUM(AJ11:AJ30) -> 0 | AK31: =+SUM(F31:AJ31) -> 0 | AL31: =IF($AK$3="４週",AK31/4,AK31/(DAY(EOMONTH($F$9,0))/7)) -> 0
A32: サービス提供時間
A36: ・最初に「年月欄」「サービス種別」「事業所名」を入力してください。 | R36: 6 | X36: 7 | AD36: 8 | AJ36: 9
A37: (1) 「４週」・「暦月」のいずれかを選択してください。
A38: (2) 「予定」・「実績」のいずれかを選択してください。
A39: (3) 事業所における常勤の従業者が勤務すべき時間数を入力してください。
A40: (4) 従業者の職種を入力してください。
A41: 記入の順序は、職種ごとにまとめてください。
A42: (5) 従業者の勤務形態について、下記のうち該当する区分の記号を入力してください。
B43: 記号 | C43: 区分
B44: A | C44: 常勤で専従
B45: B | C45: 常勤で兼務
B46: C | C46: 非常勤で専従
B47: D | C47: 非常勤で兼務
B48: （注）常勤・非常勤の区分について
B49: 当該事業所における勤務時間が、当該事業所において定められている常勤の従業者が勤務すべき時間数に達していることをいいます。雇用の形態は考慮しません。
B50: （例えば、常勤者は週に40時間勤務することとされた事業所であれば、非正規雇用であっても、週40時間勤務する従業者は常勤扱いとなります。）
A51: (6) 従業者の保有する資格を入力してください。
A52: 保有資格を全て記入するのではなく、人員基準上、求められる資格等を入力してください。
A53: ※選択した資格及び研修に関して、必要に応じて、資格証又は研修修了証等の写しを添付資料として提出してください。
A54: (7) 従業者の氏名を記入してください。
A55: (8) 申請する事業に係る従業者（管理者を含む。）の1ヶ月分の勤務時間を入力してください。
A56: (9) 常勤の職員の休暇等については、その期間が暦年で１月を超えるものでない限り、常勤換算の計算上は勤務したものとみなすことができます。
B57: その場合、勤務時間欄には「休」と記入し、勤務時間の合計に含めてください（非常勤職員の休暇等は常勤換算の計算に含めることはできません）。
B58: ※指定基準の確認に際しては、４週分の入力で差し支えありません。
A59: (10) 従業者ごとに、合計勤務時間数を入力してください。
A60: ※ 入力することができる時間数は、当該事業所において常勤の従業者が勤務すべき勤務時間数を上限とします。
A61: (11) 従業者ごとに、週平均の勤務時間数を入力してください。
A62: (12) 申請する事業所以外の事業所・施設との兼務がある場合は、兼務先の事業所・施設の名称、兼務する職務の内容について記入してください。
A63: 同一事業所内の兼務についても兼務する職務の内容を記入してください。
A64: その他、特記事項欄としてもご活用ください。
A65: （13)本表には計算式を設定していますが、結果に誤りがないかご確認ください。
A66: （14) 必要項目を満たしていれば、各事業所で使用するシフト表等をもって代替書類として差し支えありません。

Sheet 勤務形態一覧表（機能訓練）
A1: 従業者の勤務の体制及び勤務形態一覧表 | AI1: サービス種別 | AK1: 機能訓練
M2: 2024 | Q2: 年 | S2: 5 | U2: 月 | AI2: 事業所名
AI3: (1)記載する期間 | AK3: ４週
AI4: (2)予定/実績の別
AG5: (3)事業所における常勤の従業者が勤務すべき時間数 | AH5: 160 | AK5: 時間/週 | AM5: 時間/月
A7: No. | B7: (4)職種 | C7: (5)勤務形態 | D7: (6)資格 | E7: (7)氏名 | F7: (8) | AK7: (9)勤務時間数合計 | AL7: (10)週平均の勤務時間数 | AM7: (11)兼務状況 （兼務先／兼務する職務の内容）等
F8: 第１週 | M8: 第２週 | T8: 第３週 | AA8: 第４週 | AH8: 第５週
B9: ※選択肢にない職種については直接入力してください | F9: =DATE($M$2,$S$2,1) -> 45413 | G9: =DATE($M$2,$S$2,2) -> 45414 | H9: =DATE($M$2,$S$2,3) -> 45415 | I9: =DATE($M$2,$S$2,4) -> 45416 | J9: =DATE($M$2,$S$2,5) -> 45417 | K9: =DATE($M$2,$S$2,6) -> 45418 | L9: =DATE($M$2,$S$2,7) -> 45419 | M9: =DATE($M$2,$S$2,8) -> 45420 | N9: =DATE($M$2,$S$2,9) -> 45421 | O9: =DATE($M$2,$S$2,10) -> 45422 | P9: =DATE($M$2,$S$2,11) -> 45423 | Q9: =DATE($M$2,$S$2,12) -> 45424 | R9: =DATE($M$2,$S$2,13) -> 45425 | S9: =DATE($M$2,$S$2,14) -> 45426 | T9: =DATE($M$2,$S$2,15) -> 45427 | U9: =DATE($M$2,$S$2,16) -> 45428 | V9: =DATE($M$2,$S$2,17) -> 45429 | W9: =DATE($M$2,$S$2,18) -> 45430 | X9: =DATE($M$2,$S$2,19) -> 45431 | Y9: =DATE($M$2,$S$2,20) -> 45432 | Z9: =DATE($M$2,$S$2,21) -> 45433 | AA9: =DATE($M$2,$S$2,22) -> 45434 | AB9: =DATE($M$2,$S$2,23) -> 45435 | AC9: =DATE($M$2,$S$2,24) -> 45436 | AD9: =DATE($M$2,$S$2,25) -> 45437 | AE9: =DATE($M$2,$S$2,26) -> 45438 | AF9: =DATE($M$2,$S$2,27) -> 45439 | AG9: =DATE($M$2,$S$2,28) -> 45440 | AH9: =IF(DAY(EOMONTH(F9,0))<29,"",DATE($M$2,$S$2,29)) -> 45441 | AI9: =IF(DAY(EOMONTH(F9,0))<30,"",DATE($M$2,$S$2,30)) -> 45442 | AJ9: =IF(DAY(EOMONTH(F9,0))<31,"",DATE($M$2,$S$2,31)) -> 45443
F10: =DATE($M$2,$S$2,1) -> 45413 | G10: =DATE($M$2,$S$2,2) -> 45414 | H10: =DATE($M$2,$S$2,3) -> 45415 | I10: =DATE($M$2,$S$2,4) -> 45416 | J10: =DATE($M$2,$S$2,5) -> 45417 | K10: =DATE($M$2,$S$2,6) -> 45418 | L10: =DATE($M$2,$S$2,7) -> 45419 | M10: =DATE($M$2,$S$2,8) -> 45420 | N10: =DATE($M$2,$S$2,9) -> 45421 | O10: =DATE($M$2,$S$2,10) -> 45422 | P10: =DATE($M$2,$S$2,11) -> 45423 | Q10: =DATE($M$2,$S$2,12) -> 45424 | R10: =DATE($M$2,$S$2,13) -> 45425 | S10: =DATE($M$2,$S$2,14) -> 45426 | T10: =DATE($M$2,$S$2,15) -> 45427 | U10: =DATE($M$2,$S$2,16) -> 45428 | V10: =DATE($M$2,$S$2,17) -> 45429 | W10: =DATE($M$2,$S$2,18) -> 45430 | X10: =DATE($M$2,$S$2,19) -> 45431 | Y10: =DATE($M$2,$S$2,20) -> 45432 | Z10: =DATE($M$2,$S$2,21) -> 45433 | AA10: =DATE($M$2,$S$2,22) -> 45434 | AB10: =DATE($M$2,$S$2,23) -> 45435 | AC10: =DATE($M$2,$S$2,24) -> 45436 | AD10: =DATE($M$2,$S$2,25) -> 45437 | AE10: =DATE($M$2,$S$2,26) -> 45438 | AF10: =DATE($M$2,$S$2,27) -> 45439 | AG10: =DATE($M$2,$S$2,28) -> 45440 | AH10: =IF(DAY(EOMONTH(F10,0))<29,"",DATE($M$2,$S$2,29)) -> 45441 | AI10: =IF(DAY(EOMONTH(F10,0))<30,"",DATE($M$2,$S$2,30)) -> 45442 | AJ10: =IF(DAY(EOMONTH(F10,0))<31,"",DATE($M$2,$S$2,31)) -> 45443
A11: 1 | B11: 管理者 | C11: A | E11: A | AK11: =+SUM(F11:AJ11) -> 0 | AL11: =IF($AK$3="４週",AK11/4,AK11/(DAY(EOMONTH($F$9,0))/7)) -> 0
A12: 2 | B12: サービス管理責任者 | C12: B | E12: B | AK12: =+SUM(F12:AJ12) -> 0 | AL12: =IF($AK$3="４週",AK12/4,AK12/(DAY(EOMONTH($F$9,0))/7)) -> 0
A13: 3 | B13: サービス管理責任者 | C13: C | E13: C | AK13: =+SUM(F13:AJ13) -> 0 | AL13: =IF($AK$3="４週",AK13/4,AK13/(DAY(EOMONTH($F$9,0))/7)) -> 0
A14: 4 | B14: 看護職員 | C14: D | E14: D | AK14: =+SUM(F14:AJ14) -> 0 | AL14: =IF($AK$3="４週",AK14/4,AK14/(DAY(EOMONTH($F$9,0))/7)) -> 0
A15: 5 | B15: 理学療法士 | C15: B | AK15: =+SUM(F15:AJ15) -> 0 | AL15: =IF($AK$3="４週",AK15/4,AK15/(DAY(EOMONTH($F$9,0))/7)) -> 0
A16: 6 | AK16: =+SUM(F16:AJ16) -> 0 | AL16: =IF($AK$3="４週",AK16/4,AK16/(DAY(EOMONTH($F$9,0))/7)) -> 0
A17: 7 | AK17: =+SUM(F17:AJ17) -> 0 | AL17: =IF($AK$3="４週",AK17/4,AK17/(DAY(EOMONTH($F$9,0))/7)) -> 0
A18: 8 | AK18: =+SUM(F18:AJ18) -> 0 | AL18: =IF($AK$3="４週",AK18/4,AK18/(DAY(EOMONTH($F$9,0))/7)) -> 0
A19: 9 | AK19: =+SUM(F19:AJ19) -> 0 | AL19: =IF($AK$3="４週",AK19/4,AK19/(DAY(EOMONTH($F$9,0))/7)) -> 0
A20: 10 | AK20: =+SUM(F20:AJ20) -> 0 | AL20: =IF($AK$3="４週",AK20/4,AK20/(DAY(EOMONTH($F$9,0))/7)) -> 0
A21: 11 | AK21: =+SUM(F21:AJ21) -> 0 | AL21: =IF($AK$3="４週",AK21/4,AK21/(DAY(EOMONTH($F$9,0))/7)) -> 0
A22: 12 | AK22: =+SUM(F22:AJ22) -> 0 | AL22: =IF($AK$3="４週",AK22/4,AK22/(DAY(EOMONTH($F$9,0))/7)) -> 0
A23: 13 | AK23: =+SUM(F23:AJ23) -> 0 | AL23: =IF($AK$3="４週",AK23/4,AK23/(DAY(EOMONTH($F$9,0))/7)) -> 0
A24: 14 | AK24: =+SUM(F24:AJ24) -> 0 | AL24: =IF($AK$3="４週",AK24/4,AK24/(DAY(EOMONTH($F$9,0))/7)) -> 0
A25: 15 | AK25: =+SUM(F25:AJ25) -> 0 | AL25: =IF($AK$3="４週",AK25/4,AK25/(DAY(EOMONTH($F$9,0))/7)) -> 0
A26: 16 | AK26: =+SUM(F26:AJ26) -> 0 | AL26: =IF($AK$3="４週",AK26/4,AK26/(DAY(EOMONTH($F$9,0))/7)) -> 0
A27: 17 | AK27: =+SUM(F27:AJ27) -> 0 | AL27: =IF($AK$3="４週",AK27/4,AK27/(DAY(EOMONTH($F$9,0))/7)) -> 0
... A30: 20 | AK30: =+SUM(F30:AJ30) -> 0 | AL30: =IF($AK$3="４週",AK30/4,AK30/(DAY(EOMONTH($F$9,0))/7)) -> 0
A31: 合計 | F31: =+SUM(F11:F30) -> 0 | G31: =+SUM(G11:G30) -> 0 | H31: =+SUM(H11:H30) -> 0 | I31: =+SUM(I11:I30) -> 0 | J31: =+SUM(J11:J30) -> 0 | K31: =+SUM(K11:K30) -> 0 | L31: =+SUM(L11:L30) -> 0 | M31: =+SUM(M11:M30) -> 0 | ... AJ31: =+SUM(AJ11:AJ30) -> 0 | AK31: =+SUM(F31:AJ31) -> 0 | AL31: =IF($AK$3="４週",AK31/4,AK31/(DAY(EOMONTH($F$9,0))/7)) -> 0
A32: サービス提供時間
A36: ＜前年度の平均値＞※新規申請の場合は推定数を記載ください。
D37: 4 | E37: 5 | F37: 6 | I37: 7 | L37: 8 | O37: 9 | R37: 10 | U37: 11 | X37: 12 | AA37: 1 | AD37: 2 | AG37: 3 | AJ37: 計 | AL37: 平均利用者数
A38: 利用者延べ数 | D38: 1400 | E38: 1310 | F38: 1400 | I38: 1470 | L38: 1470 | O38: 1330 | R38: 1400 | U38: 1400 | X38: 1330 | AA38: 1330 | AD38: 1330 | AG38: 1400 | AJ38: =SUM(D38:AI38) -> 16570 | AL38: =ROUNDUP(AJ38/AJ39,1) -> 70
A39: 開所日数 | D39: 20 | E39: 19 | F39: 20 | I39: 21 | L39: 21 | O39: 19 | R39: 20 | U39: 20 | X39: 19 | AA39: 19 | AD39: 19 | AG39: 20 | AJ39: =+SUM(D39:AI39) -> 237
A41: ＜人員に関する基準＞
A42: 区分 | C42: サービス管理責任者 | E42: 看護職員、理学療法士、作業療法士又は言語聴覚士及び生活支援員
A43: 必要な配置数 | C43: =ROUNDDOWN(IF(AL38<=60,1,1+ROUNDUP((AL38-60)/40,0)),1) -> 2 | E43: =ROUNDDOWN(AL38/6,1) -> 11.6
A45: ＜人員基準に関する実人数集計＞
C46: =IF(VLOOKUP($AK$1,[4]選択肢!$A$1:$J$32,C51,FALSE)=0,"-",VLOOKUP($AK$1,[4]選択肢!$A$1:$J$32,C51,FALSE)) -> 管理者 | E46: =IF(VLOOKUP($AK$1,[4]選択肢!$A$1:$J$32,E51,FALSE)=0,"-",VLOOKUP($AK$1,[4]選択肢!$A$1:$J$32,E51,FALSE)) -> サービス管理責任者 | I46: =IF(VLOOKUP($AK$1,[4]選択肢!$A$1:$J$32,I51,FALSE)=0,"-",VLOOKUP($AK$1,[4]選択肢!$A$1:$J$32,I51,FALSE)) -> 看護職員 | O46: =IF(VLOOKUP($AK$1,[4]選択肢!$A$1:$J$32,O51,FALSE)=0,"-",VLOOKUP($AK$1,[4]選択肢!$A$1:$J$32,O51,FALSE)) -> 理学療法士 | U46: =IF(VLOOKUP($AK$1,[4]選択肢!$A$1:$J$32,U51,FALSE)=0,"-",VLOOKUP($AK$1,[4]選択肢!$A$1:$J$32,U51,FALSE)) -> 作業療法士 | AA46: =IF(VLOOKUP($AK$1,[4]選択肢!$A$1:$J$32,AA51,FALSE)=0,"-",VLOOKUP($AK$1,[4]選択肢!$A$1:$J$32,AA51,FALSE)) -> 言語聴覚士 | AG46: =IF(VLOOKUP($AK$1,[4]選択肢!$A$1:$J$32,AG51,FALSE)=0,"-",VLOOKUP($AK$1,[4]選択肢!$A$1:$J$32,AG51,FALSE)) -> 生活支援員 | AL46: =IF(VLOOKUP($AK$1,[4]選択肢!$A$1:$J$32,AL51,FALSE)=0,"-",VLOOKUP($AK$1,[4]選択肢!$A$1:$J$32,AL51,FALSE)) -> -
C47: 専従 | D47: 兼務 | E47: 専従 | F47: 兼務 | I47: 専従 | L47: 兼務 | O47: 専従 | R47: 兼務 | U47: 専従 | X47: 兼務 | AA47: 専従 | AD47: 兼務 | AG47: 専従 | AJ47: 兼務 | AL47: 専従 | AM47: 兼務
B48: 常勤 | C48: =COUNTIFS($B$11:$B$30,C$46,$C$11:$C$30,"A",$E$11:$E$30,"*") -> 1 | D48: =COUNTIFS($B$11:$B$30,C$46,$C$11:$C$30,"B",$E$11:$E$30,"*") -> 0 | E48: =COUNTIFS($B$11:$B$30,E$46,$C$11:$C$30,"A",$E$11:$E$30,"*") -> 0 | F48: =COUNTIFS($B$11:$B$30,E$46,$C$11:$C$30,"B",$E$11:$E$30,"*") -> 1 | I48: =COUNTIFS($B$11:$B$30,I$46,$C$11:$C$30,"A",$E$11:$E$30,"*") -> 0 | L48: =COUNTIFS($B$11:$B$30,I$46,$C$11:$C$30,"B",$E$11:$E$30,"*") -> 0 | O48: =COUNTIFS($B$11:$B$30,O$46,$C$11:$C$30,"A",$E$11:$E$30,"*") -> 0 | R48: =COUNTIFS($B$11:$B$30,O$46,$C$11:$C$30,"B",$E$11:$E$30,"*") -> 0 | U48: =COUNTIFS($B$11:$B$30,U$46,$C$11:$C$30,"A",$E$11:$E$30,"*") -> 0 | X48: =COUNTIFS($B$11:$B$30,U$46,$C$11:$C$30,"B",$E$11:$E$30,"*") -> 0 | AA48: =COUNTIFS($B$11:$B$30,AA$46,$C$11:$C$30,"A",$E$11:$E$30,"*") -> 0 | AD48: =COUNTIFS($B$11:$B$30,AA$46,$C$11:$C$30,"B",$E$11:$E$30,"*") -> 0 | AG48: =COUNTIFS($B$11:$B$30,AG$46,$C$11:$C$30,"A",$E$11:$E$30,"*") -> 0 | AJ48: =COUNTIFS($B$11:$B$30,AG$46,$C$11:$C$30,"B",$E$11:$E$30,"*") -> 0 | AL48: =COUNTIFS($B$11:$B$30,AL$46,$C$11:$C$30,"A",$E$11:$E$30,"*") -> 0 | AM48: =COUNTIFS($B$11:$B$30,AL$46,$C$11:$C$30,"B",$E$11:$E$30,"*") -> 0
B49: 非常勤 | C49: =COUNTIFS($B$11:$B$30,C$46,$C$11:$C$30,"C",$E$11:$E$30,"*") -> 0 | D49: =COUNTIFS($B$11:$B$30,C$46,$C$11:$C$30,"D",$E$11:$E$30,"*") -> 0 | E49: =COUNTIFS($B$11:$B$30,E$46,$C$11:$C$30,"C",$E$11:$E$30,"*") -> 1 | F49: =COUNTIFS($B$11:$B$30,E$46,$C$11:$C$30,"D",$E$11:$E$30,"*") -> 0 | I49: =COUNTIFS($B$11:$B$30,I$46,$C$11:$C$30,"C",$E$11:$E$30,"*") -> 0 | L49: =COUNTIFS($B$11:$B$30,I$46,$C$11:$C$30,"D",$E$11:$E$30,"*") -> 1 | O49: =COUNTIFS($B$11:$B$30,O$46,$C$11:$C$30,"C",$E$11:$E$30,"*") -> 0 | R49: =COUNTIFS($B$11:$B$30,O$46,$C$11:$C$30,"D",$E$11:$E$30,"*") -> 0 | U49: =COUNTIFS($B$11:$B$30,U$46,$C$11:$C$30,"C",$E$11:$E$30,"*") -> 0 | X49: =COUNTIFS($B$11:$B$30,U$46,$C$11:$C$30,"D",$E$11:$E$30,"*") -> 0 | AA49: =COUNTIFS($B$11:$B$30,AA$46,$C$11:$C$30,"C",$E$11:$E$30,"*") -> 0 | AD49: =COUNTIFS($B$11:$B$30,AA$46,$C$11:$C$30,"D",$E$11:$E$30,"*") -> 0 | AG49: =COUNTIFS($B$11:$B$30,AG$46,$C$11:$C$30,"C",$E$11:$E$30,"*") -> 0 | AJ49: =COUNTIFS($B$11:$B$30,AG$46,$C$11:$C$30,"D",$E$11:$E$30,"*") -> 0 | AL49: =COUNTIFS($B$11:$B$30,AL$46,$C$11:$C$30,"C",$E$11:$E$30,"*") -> 0 | AM49: =COUNTIFS($B$11:$B$30,AL$46,$C$11:$C$30,"D",$E$11:$E$30,"*") -> 0
B50: 常勤換算数 | C50: =IF($AK$3="４週",SUMIFS($AK$11:$AK$30,$B$11:$B$30,C46)/4/$AH$5,IF($AK$3="歴月",SUMIFS($AK$11:$AK$30,$B$11:$B$30,C46)/$AL$5,"記載する期間を選択してください")) -> 0 | E50: =IF($AK$3="４週",SUMIFS($AK$11:$AK$30,$B$11:$B$30,E46)/4/$AH$5,IF($AK$3="歴月",SUMIFS($AK$11:$AK$30,$B$11:$B$30,E46)/$AL$5,"記載する期間を選択してください")) -> 0 | I50: =IF($AK$3="４週",SUMIFS($AK$11:$AK$30,$B$11:$B$30,I46)/4/$AH$5,IF($AK$3="歴月",SUMIFS($AK$11:$AK$30,$B$11:$B$30,I46)/$AL$5,"記載する期間を選択してください")) -> 0 | O50: =IF($AK$3="４週",SUMIFS($AK$11:$AK$30,$B$11:$B$30,O46)/4/$AH$5,IF($AK$3="歴月",SUMIFS($AK$11:$AK$30,$B$11:$B$30,O46)/$AL$5,"記載する期間を選択してください")) -> 0 | U50: =IF($AK$3="４週",SUMIFS($AK$11:$AK$30,$B$11:$B$30,U46)/4/$AH$5,IF($AK$3="歴月",SUMIFS($AK$11:$AK$30,$B$11:$B$30,U46)/$AL$5,"記載する期間を選択してください")) -> 0 | AA50: =IF($AK$3="４週",SUMIFS($AK$11:$AK$30,$B$11:$B$30,AA46)/4/$AH$5,IF($AK$3="歴月",SUMIFS($AK$11:$AK$30,$B$11:$B$30,AA46)/$AL$5,"記載する期間を選択してください")) -> 0 | AG50: =IF($AK$3="４週",SUMIFS($AK$11:$AK$30,$B$11:$B$30,AG46)/4/$AH$5,IF($AK$3="歴月",SUMIFS($AK$11:$AK$30,$B$11:$B$30,AG46)/$AL$5,"記載する期間を選択してください")) -> 0 | AL50: =IF($AK$3="４週",SUMIFS($AK$11:$AK$30,$B$11:$B$30,AL46)/4/$AH$5,IF($AK$3="歴月",SUMIFS($AK$11:$AK$30,$B$11:$B$30,AL46)/$AL$5,"記載する期間を選択してください")) -> 0
C51: 2 | E51: 3 | I51: 4 | O51: 5 | U51: 6 | AA51: 7 | AG51: 8 | AL51: 9
A52: ・最初に「年月欄」「サービス種別」「事業所名」を入力してください。 | R52: 6 | X52: 7 | AD52: 8 | AJ52: 9
A53: (1) 「４週」・「暦月」のいずれかを選択してください。
A54: (2) 「予定」・「実績」のいずれかを選択してください。
A55: (3) 事業所における常勤の従業者が勤務すべき時間数を入力してください。
A56: (4) 従業者の職種を入力してください。
A57: 記入の順序は、職種ごとにまとめてください。
A58: (5) 従業者の勤務形態について、下記のうち該当する区分の記号を入力してください。
B59: 記号 | C59: 区分
B60: A | C60: 常勤で専従
B61: B | C61: 常勤で兼務
B62: C | C62: 非常勤で専従
B63: D | C63: 非常勤で兼務
B64: （注）常勤・非常勤の区分について
B65: 当該事業所における勤務時間が、当該事業所において定められている常勤の従業者が勤務すべき時間数に達していることをいいます。雇用の形態は考慮しません。
B66: （例えば、常勤者は週に40時間勤務することとされた事業所であれば、非正規雇用であっても、週40時間勤務する従業者は常勤扱いとなります。）
A67: (6) 従業者の保有する資格を入力してください。
A68: 保有資格を全て記入するのではなく、人員基準上、求められる資格等を入力してください。
A69: ※選択した資格及び研修に関して、必要に応じて、資格証又は研修修了証等の写しを添付資料として提出してください。
A70: (7) 従業者の氏名を記入してください。
A71: (8) 申請する事業に係る従業者（管理者を含む。）の1ヶ月分の勤務時間を入力してください。
A72: (9) 常勤の職員の休暇等については、その期間が暦年で１月を超えるものでない限り、常勤換算の計算上は勤務したものとみなすことができます。
B73: その場合、勤務時間欄には「休」と記入し、勤務時間の合計に含めてください（非常勤職員の休暇等は常勤換算の計算に含めることはできません）。
B74: ※指定基準の確認に際しては、４週分の入力で差し支えありません。
A75: (10) 従業者ごとに、合計勤務時間数を入力してください。
A76: ※ 入力することができる時間数は、当該事業所において常勤の従業者が勤務すべき勤務時間数を上限とします。
A77: (11) 従業者ごとに、週平均の勤務時間数を入力してください。
A78: (12) 申請する事業所以外の事業所・施設との兼務がある場合は、兼務先の事業所・施設の名称、兼務する職務の内容について記入してください。
A79: 同一事業所内の兼務についても兼務する職務の内容を記入してください。
A80: その他、特記事項欄としてもご活用ください。
A81: （13)本表には計算式を設定していますが、結果に誤りがないかご確認ください。
A82: （14) 必要項目を満たしていれば、各事業所で使用するシフト表等をもって代替書類として差し支えありません。

Sheet 勤務形態一覧表（生活訓練）
A1: 従業者の勤務の体制及び勤務形態一覧表 | AI1: サービス種別 | AK1: 生活訓練
M2: 2024 | Q2: 年 | S2: 5 | U2: 月 | AI2: 事業所名
AI3: (1)記載する期間 | AK3: ４週
AI4: (2)予定/実績の別
AG5: (3)事業所における常勤の従業者が勤務すべき時間数 | AH5: 160 | AK5: 時間/週 | AM5: 時間/月
A7: No. | B7: (4)職種 | C7: (5)勤務形態 | D7: (6)資格 | E7: (7)氏名 | F7: (8) | AK7: (9)勤務時間数合計 | AL7: (10)週平均の勤務時間数 | AM7: (11)兼務状況 （兼務先／兼務する職務の内容）等
F8: 第１週 | M8: 第２週 | T8: 第３週 | AA8: 第４週 | AH8: 第５週
B9: ※選択肢にない職種については直接入力してください | F9: =DATE($M$2,$S$2,1) -> 45413 | G9: =DATE($M$2,$S$2,2) -> 45414 | H9: =DATE($M$2,$S$2,3) -> 45415 | I9: =DATE($M$2,$S$2,4) -> 45416 | J9: =DATE($M$2,$S$2,5) -> 45417 | K9: =DATE($M$2,$S$2,6) -> 45418 | L9: =DATE($M$2,$S$2,7) -> 45419 | M9: =DATE($M$2,$S$2,8) -> 45420 | N9: =DATE($M$2,$S$2,9) -> 45421 | O9: =DATE($M$2,$S$2,10) -> 45422 | P9: =DATE($M$2,$S$2,11) -> 45423 | Q9: =DATE($M$2,$S$2,12) -> 45424 | R9: =DATE($M$2,$S$2,13) -> 45425 | S9: =DATE($M$2,$S$2,14) -> 45426 | T9: =DATE($M$2,$S$2,15) -> 45427 | U9: =DATE($M$2,$S$2,16) -> 45428 | V9: =DATE($M$2,$S$2,17) -> 45429 | W9: =DATE($M$2,$S$2,18) -> 45430 | X9: =DATE($M$2,$S$2,19) -> 45431 | Y9: =DATE($M$2,$S$2,20) -> 45432 | Z9: =DATE($M$2,$S$2,21) -> 45433 | AA9: =DATE($M$2,$S$2,22) -> 45434 | AB9: =DATE($M$2,$S$2,23) -> 45435 | AC9: =DATE($M$2,$S$2,24) -> 45436 | AD9: =DATE($M$2,$S$2,25) -> 45437 | AE9: =DATE($M$2,$S$2,26) -> 45438 | AF9: =DATE($M$2,$S$2,27) -> 45439 | AG9: =DATE($M$2,$S$2,28) -> 45440 | AH9: =IF(DAY(EOMONTH(F9,0))<29,"",DATE($M$2,$S$2,29)) -> 45441 | AI9: =IF(DAY(EOMONTH(F9,0))<30,"",DATE($M$2,$S$2,30)) -> 45442 | AJ9: =IF(DAY(EOMONTH(F9,0))<31,"",DATE($M$2,$S$2,31)) -> 45443
F10: =DATE($M$2,$S$2,1) -> 45413 | G10: =DATE($M$2,$S$2,2) -> 45414 | H10: =DATE($M$2,$S$2,3) -> 45415 | I10: =DATE($M$2,$S$2,4) -> 45416 | J10: =DATE($M$2,$S$2,5) -> 45417 | K10: =DATE($M$2,$S$2,6) -> 45418 | L10: =DATE($M$2,$S$2,7) -> 45419 | M10: =DATE($M$2,$S$2,8) -> 45420 | N10: =DATE($M$2,$S$2,9) -> 45421 | O10: =DATE($M$2,$S$2,10) -> 45422 | P10: =DATE($M$2,$S$2,11) -> 45423 | Q10: =DATE($M$2,$S$2,12) -> 45424 | R10: =DATE($M$2,$S$2,13) -> 45425 | S10: =DATE($M$2,$S$2,14) -> 45426 | T10: =DATE($M$2,$S$2,15) -> 45427 | U10: =DATE($M$2,$S$2,16) -> 45428 | V10: =DATE($M$2,$S$2,17) -> 45429 | W10: =DATE($M$2,$S$2,18) -> 45430 | X10: =DATE($M$2,$S$2,19) -> 45431 | Y10: =DATE($M$2,$S$2,20) -> 45432 | Z10: =DATE($M$2,$S$2,21) -> 45433 | AA10: =DATE($M$2,$S$2,22) -> 45434 | AB10: =DATE($M$2,$S$2,23) -> 45435 | AC10: =DATE($M$2,$S$2,24) -> 45436 | AD10: =DATE($M$2,$S$2,25) -> 45437 | AE10: =DATE($M$2,$S$2,26) -> 45438 | AF10: =DATE($M$2,$S$2,27) -> 45439 | AG10: =DATE($M$2,$S$2,28) -> 45440 | AH10: =IF(DAY(EOMONTH(F10,0))<29,"",DATE($M$2,$S$2,29)) -> 45441 | AI10: =IF(DAY(EOMONTH(F10,0))<30,"",DATE($M$2,$S$2,30)) -> 45442 | AJ10: =IF(DAY(EOMONTH(F10,0))<31,"",DATE($M$2,$S$2,31)) -> 45443
A11: 1 | B11: 管理者 | C11: A | E11: A | AK11: =+SUM(F11:AJ11) -> 0 | AL11: =IF($AK$3="４週",AK11/4,AK11/(DAY(EOMONTH($F$9,0))/7)) -> 0
A12: 2 | B12: サービス管理責任者 | C12: B | E12: B | AK12: =+SUM(F12:AJ12) -> 0 | AL12: =IF($AK$3="４週",AK12/4,AK12/(DAY(EOMONTH($F$9,0))/7)) -> 0
A13: 3 | B13: 地域移行支援員 | C13: C | E13: C | AK13: =+SUM(F13:AJ13) -> 0 | AL13: =IF($AK$3="４週",AK13/4,AK13/(DAY(EOMONTH($F$9,0))/7)) -> 0
A14: 4 | B14: 生活支援員 | C14: D | E14: D | AK14: =+SUM(F14:AJ14) -> 0 | AL14: =IF($AK$3="４週",AK14/4,AK14/(DAY(EOMONTH($F$9,0))/7)) -> 0
A15: 5 | AK15: =+SUM(F15:AJ15) -> 0 | AL15: =IF($AK$3="４週",AK15/4,AK15/(DAY(EOMONTH($F$9,0))/7)) -> 0
A16: 6 | AK16: =+SUM(F16:AJ16) -> 0 | AL16: =IF($AK$3="４週",AK16/4,AK16/(DAY(EOMONTH($F$9,0))/7)) -> 0
A17: 7 | AK17: =+SUM(F17:AJ17) -> 0 | AL17: =IF($AK$3="４週",AK17/4,AK17/(DAY(EOMONTH($F$9,0))/7)) -> 0
A18: 8 | AK18: =+SUM(F18:AJ18) -> 0 | AL18: =IF($AK$3="４週",AK18/4,AK18/(DAY(EOMONTH($F$9,0))/7)) -> 0
A19: 9 | AK19: =+SUM(F19:AJ19) -> 0 | AL19: =IF($AK$3="４週",AK19/4,AK19/(DAY(EOMONTH($F$9,0))/7)) -> 0
A20: 10 | AK20: =+SUM(F20:AJ20) -> 0 | AL20: =IF($AK$3="４週",AK20/4,AK20/(DAY(EOMONTH($F$9,0))/7)) -> 0
A21: 11 | AK21: =+SUM(F21:AJ21) -> 0 | AL21: =IF($AK$3="４週",AK21/4,AK21/(DAY(EOMONTH($F$9,0))/7)) -> 0
A22: 12 | AK22: =+SUM(F22:AJ22) -> 0 | AL22: =IF($AK$3="４週",AK22/4,AK22/(DAY(EOMONTH($F$9,0))/7)) -> 0
A23: 13 | AK23: =+SUM(F23:AJ23) -> 0 | AL23: =IF($AK$3="４週",AK23/4,AK23/(DAY(EOMONTH($F$9,0))/7)) -> 0
A24: 14 | AK24: =+SUM(F24:AJ24) -> 0 | AL24: =IF($AK$3="４週",AK24/4,AK24/(DAY(EOMONTH($F$9,0))/7)) -> 0
A25: 15 | AK25: =+SUM(F25:AJ25) -> 0 | AL25: =IF($AK$3="４週",AK25/4,AK25/(DAY(EOMONTH($F$9,0))/7)) -> 0
A26: 16 | AK26: =+SUM(F26:AJ26) -> 0 | AL26: =IF($AK$3="４週",AK26/4,AK26/(DAY(EOMONTH($F$9,0))/7)) -> 0
... A30: 20 | AK30: =+SUM(F30:AJ30) -> 0 | AL30: =IF($AK$3="４週",AK30/4,AK30/(DAY(EOMONTH($F$9,0))/7)) -> 0
A31: 合計 | F31: =+SUM(F11:F30) -> 0 | G31: =+SUM(G11:G30) -> 0 | H31: =+SUM(H11:H30) -> 0 | I31: =+SUM(I11:I30) -> 0 | J31: =+SUM(J11:J30) -> 0 | K31: =+SUM(K11:K30) -> 0 | L31: =+SUM(L11:L30) -> 0 | M31: =+SUM(M11:M30) -> 0 | ... AJ31: =+SUM(AJ11:AJ30) -> 0 | AK31: =+SUM(F31:AJ31) -> 0 | AL31: =IF($AK$3="４週",AK31/4,AK31/(DAY(EOMONTH($F$9,0))/7)) -> 0
A32: サービス提供時間
A36: ＜前年度の平均値＞※新規申請の場合は推定数を記載ください。
D37: 4 | E37: 5 | F37: 6 | I37: 7 | L37: 8 | O37: 9 | R37: 10 | U37: 11 | X37: 12 | AA37: 1 | AD37: 2 | AG37: 3 | AJ37: 計 | AL37: 平均利用者数
A38: 利用者延べ数 | D38: =SUM(D39:D40) -> 1540 | E38: =SUM(E39:E40) -> 1441 | F38: =SUM(F39:H40) -> 1540 | I38: =SUM(I39:K40) -> 1617 | L38: =SUM(L39:N40) -> 1617 | O38: =SUM(O39:Q40) -> 1463 | R38: =SUM(R39:T40) -> 1540 | U38: =SUM(U39:W40) -> 1540 | X38: =SUM(X39:Z40) -> 1463 | AA38: =SUM(AA39:AC40) -> 1463 | AD38: =SUM(AD39:AF40) -> 1463 | AG38: =SUM(AG39:AI40) -> 1540 | AJ38: =SUM(D38:AI38) -> 18227 | AL38: =ROUNDUP(AJ38/AJ41,1) -> 77
A39: 宿泊型自立訓練以外の 利用者 | D39: 1400 | E39: 1310 | F39: 1400 | I39: 1470 | L39: 1470 | O39: 1330 | R39: 1400 | U39: 1400 | X39: 1330 | AA39: 1330 | AD39: 1330 | AG39: 1400 | AJ39: =SUM(D39:AI39) -> 16570 | AL39: =ROUNDUP(AJ39/AJ41,1) -> 70
A40: 宿泊型自立訓練の利用者 | D40: 140 | E40: 131 | F40: 140 | I40: 147 | L40: 147 | O40: 133 | R40: 140 | U40: 140 | X40: 133 | AA40: 133 | AD40: 133 | AG40: 140 | AJ40: =SUM(D40:AI40) -> 1657 | AL40: =ROUNDUP(AJ40/AJ41,1) -> 7
A41: 開所日数 | D41: 20 | E41: 19 | F41: 20 | I41: 21 | L41: 21 | O41: 19 | R41: 20 | U41: 20 | X41: 19 | AA41: 19 | AD41: 19 | AG41: 20 | AJ41: =+SUM(D41:AI41) -> 237
A43: ＜人員に関する基準＞
A44: 区分 | C44: サービス管理責任者 | E44: 生活支援員
A45: 必要な配置数 | C45: =ROUNDDOWN(IF(AL38<=60,1,1+ROUNDUP((AL38-60)/40,0)),1) -> 2 | E45: =ROUNDDOWN(AL39/6+AL40/10,1) -> 12.3
A47: ＜人員基準に関する実人数集計＞
C48: =IF(VLOOKUP($AK$1,[4]選択肢!$A$1:$J$32,C53,FALSE)=0,"-",VLOOKUP($AK$1,[4]選択肢!$A$1:$J$32,C53,FALSE)) -> 管理者 | E48: =IF(VLOOKUP($AK$1,[4]選択肢!$A$1:$J$32,E53,FALSE)=0,"-",VLOOKUP($AK$1,[4]選択肢!$A$1:$J$32,E53,FALSE)) -> サービス管理責任者 | I48: =IF(VLOOKUP($AK$1,[4]選択肢!$A$1:$J$32,I53,FALSE)=0,"-",VLOOKUP($AK$1,[4]選択肢!$A$1:$J$32,I53,FALSE)) -> 地域移行支援員 | O48: =IF(VLOOKUP($AK$1,[4]選択肢!$A$1:$J$32,O53,FALSE)=0,"-",VLOOKUP($AK$1,[4]選択肢!$A$1:$J$32,O53,FALSE)) -> 生活支援員 | U48: =IF(VLOOKUP($AK$1,[4]選択肢!$A$1:$J$32,U53,FALSE)=0,"-",VLOOKUP($AK$1,[4]選択肢!$A$1:$J$32,U53,FALSE)) -> - | AA48: =IF(VLOOKUP($AK$1,[4]選択肢!$A$1:$J$32,AA53,FALSE)=0,"-",VLOOKUP($AK$1,[4]選択肢!$A$1:$J$32,AA53,FALSE)) -> - | AG48: =IF(VLOOKUP($AK$1,[4]選択肢!$A$1:$J$32,AG53,FALSE)=0,"-",VLOOKUP($AK$1,[4]選択肢!$A$1:$J$32,AG53,FALSE)) -> - | AL48: =IF(VLOOKUP($AK$1,[4]選択肢!$A$1:$J$32,AL53,FALSE)=0,"-",VLOOKUP($AK$1,[4]選択肢!$A$1:$J$32,AL53,FALSE)) -> -
C49: 専従 | D49: 兼務 | E49: 専従 | F49: 兼務 | I49: 専従 | L49: 兼務 | O49: 専従 | R49: 兼務 | U49: 専従 | X49: 兼務 | AA49: 専従 | AD49: 兼務 | AG49: 専従 | AJ49: 兼務 | AL49: 専従 | AM49: 兼務
B50: 常勤 | C50: =COUNTIFS($B$11:$B$30,C$48,$C$11:$C$30,"A",$E$11:$E$30,"*") -> 1 | D50: =COUNTIFS($B$11:$B$30,C$48,$C$11:$C$30,"B",$E$11:$E$30,"*") -> 0 | E50: =COUNTIFS($B$11:$B$30,E$48,$C$11:$C$30,"A",$E$11:$E$30,"*") -> 0 | F50: =COUNTIFS($B$11:$B$30,E$48,$C$11:$C$30,"B",$E$11:$E$30,"*") -> 1 | I50: =COUNTIFS($B$11:$B$30,I$48,$C$11:$C$30,"A",$E$11:$E$30,"*") -> 0 | L50: =COUNTIFS($B$11:$B$30,I$48,$C$11:$C$30,"B",$E$11:$E$30,"*") -> 0 | O50: =COUNTIFS($B$11:$B$30,O$48,$C$11:$C$30,"A",$E$11:$E$30,"*") -> 0 | R50: =COUNTIFS($B$11:$B$30,O$48,$C$11:$C$30,"B",$E$11:$E$30,"*") -> 0 | U50: =COUNTIFS($B$11:$B$30,U$48,$C$11:$C$30,"A",$E$11:$E$30,"*") -> 0 | X50: =COUNTIFS($B$11:$B$30,U$48,$C$11:$C$30,"B",$E$11:$E$30,"*") -> 0 | AA50: =COUNTIFS($B$11:$B$30,AA$48,$C$11:$C$30,"A",$E$11:$E$30,"*") -> 0 | AD50: =COUNTIFS($B$11:$B$30,AA$48,$C$11:$C$30,"B",$E$11:$E$30,"*") -> 0 | AG50: =COUNTIFS($B$11:$B$30,AG$48,$C$11:$C$30,"A",$E$11:$E$30,"*") -> 0 | AJ50: =COUNTIFS($B$11:$B$30,AG$48,$C$11:$C$30,"B",$E$11:$E$30,"*") -> 0 | AL50: =COUNTIFS($B$11:$B$30,AL$48,$C$11:$C$30,"A",$E$11:$E$30,"*") -> 0 | AM50: =COUNTIFS($B$11:$B$30,AL$48,$C$11:$C$30,"B",$E$11:$E$30,"*") -> 0
B51: 非常勤 | C51: =COUNTIFS($B$11:$B$30,C$48,$C$11:$C$30,"C",$E$11:$E$30,"*") -> 0 | D51: =COUNTIFS($B$11:$B$30,C$48,$C$11:$C$30,"D",$E$11:$E$30,"*") -> 0 | E51: =COUNTIFS($B$11:$B$30,E$48,$C$11:$C$30,"C",$E$11:$E$30,"*") -> 0 | F51: =COUNTIFS($B$11:$B$30,E$48,$C$11:$C$30,"D",$E$11:$E$30,"*") -> 0 | I51: =COUNTIFS($B$11:$B$30,I$48,$C$11:$C$30,"C",$E$11:$E$30,"*") -> 1 | L51: =COUNTIFS($B$11:$B$30,I$48,$C$11:$C$30,"D",$E$11:$E$30,"*") -> 0 | O51: =COUNTIFS($B$11:$B$30,O$48,$C$11:$C$30,"C",$E$11:$E$30,"*") -> 0 | R51: =COUNTIFS($B$11:$B$30,O$48,$C$11:$C$30,"D",$E$11:$E$30,"*") -> 1 | U51: =COUNTIFS($B$11:$B$30,U$48,$C$11:$C$30,"C",$E$11:$E$30,"*") -> 0 | X51: =COUNTIFS($B$11:$B$30,U$48,$C$11:$C$30,"D",$E$11:$E$30,"*") -> 0 | AA51: =COUNTIFS($B$11:$B$30,AA$48,$C$11:$C$30,"C",$E$11:$E$30,"*") -> 0 | AD51: =COUNTIFS($B$11:$B$30,AA$48,$C$11:$C$30,"D",$E$11:$E$30,"*") -> 0 | AG51: =COUNTIFS($B$11:$B$30,AG$48,$C$11:$C$30,"C",$E$11:$E$30,"*") -> 0 | AJ51: =COUNTIFS($B$11:$B$30,AG$48,$C$11:$C$30,"D",$E$11:$E$30,"*") -> 0 | AL51: =COUNTIFS($B$11:$B$30,AL$48,$C$11:$C$30,"C",$E$11:$E$30,"*") -> 0 | AM51: =COUNTIFS($B$11:$B$30,AL$48,$C$11:$C$30,"D",$E$11:$E$30,"*") -> 0
B52: 常勤換算数 | C52: =IF($AK$3="４週",SUMIFS($AK$11:$AK$30,$B$11:$B$30,C48)/4/$AH$5,IF($AK$3="歴月",SUMIFS($AK$11:$AK$30,$B$11:$B$30,C48)/$AL$5,"記載する期間を選択してください")) -> 0 | E52: =IF($AK$3="４週",SUMIFS($AK$11:$AK$30,$B$11:$B$30,E48)/4/$AH$5,IF($AK$3="歴月",SUMIFS($AK$11:$AK$30,$B$11:$B$30,E48)/$AL$5,"記載する期間を選択してください")) -> 0 | I52: =IF($AK$3="４週",SUMIFS($AK$11:$AK$30,$B$11:$B$30,I48)/4/$AH$5,IF($AK$3="歴月",SUMIFS($AK$11:$AK$30,$B$11:$B$30,I48)/$AL$5,"記載する期間を選択してください")) -> 0 | O52: =IF($AK$3="４週",SUMIFS($AK$11:$AK$30,$B$11:$B$30,O48)/4/$AH$5,IF($AK$3="歴月",SUMIFS($AK$11:$AK$30,$B$11:$B$30,O48)/$AL$5,"記載する期間を選択してください")) -> 0 | U52: =IF($AK$3="４週",SUMIFS($AK$11:$AK$30,$B$11:$B$30,U48)/4/$AH$5,IF($AK$3="歴月",SUMIFS($AK$11:$AK$30,$B$11:$B$30,U48)/$AL$5,"記載する期間を選択してください")) -> 0 | AA52: =IF($AK$3="４週",SUMIFS($AK$11:$AK$30,$B$11:$B$30,AA48)/4/$AH$5,IF($AK$3="歴月",SUMIFS($AK$11:$AK$30,$B$11:$B$30,AA48)/$AL$5,"記載する期間を選択してください")) -> 0 | AG52: =IF($AK$3="４週",SUMIFS($AK$11:$AK$30,$B$11:$B$30,AG48)/4/$AH$5,IF($AK$3="歴月",SUMIFS($AK$11:$AK$30,$B$11:$B$30,AG48)/$AL$5,"記載する期間を選択してください")) -> 0 | AL52: =IF($AK$3="４週",SUMIFS($AK$11:$AK$30,$B$11:$B$30,AL48)/4/$AH$5,IF($AK$3="歴月",SUMIFS($AK$11:$AK$30,$B$11:$B$30,AL48)/$AL$5,"記載する期間を選択してください")) -> 0
C53: 2 | E53: 3 | I53: 4 | O53: 5 | U53: 6 | AA53: 7 | AG53: 8 | AL53: 9
A54: ・最初に「年月欄」「サービス種別」「事業所名」を入力してください。 | R54: 6 | X54: 7 | AD54: 8 | AJ54: 9
A55: (1) 「４週」・「暦月」のいずれかを選択してください。
A56: (2) 「予定」・「実績」のいずれかを選択してください。
A57: (3) 事業所における常勤の従業者が勤務すべき時間数を入力してください。
A58: (4) 従業者の職種を入力してください。
A59: 記入の順序は、職種ごとにまとめてください。
A60: (5) 従業者の勤務形態について、下記のうち該当する区分の記号を入力してください。
B61: 記号 | C61: 区分
B62: A | C62: 常勤で専従
B63: B | C63: 常勤で兼務
B64: C | C64: 非常勤で専従
B65: D | C65: 非常勤で兼務
B66: （注）常勤・非常勤の区分について
B67: 当該事業所における勤務時間が、当該事業所において定められている常勤の従業者が勤務すべき時間数に達していることをいいます。雇用の形態は考慮しません。
B68: （例えば、常勤者は週に40時間勤務することとされた事業所であれば、非正規雇用であっても、週40時間勤務する従業者は常勤扱いとなります。）
A69: (6) 従業者の保有する資格を入力してください。
A70: 保有資格を全て記入するのではなく、人員基準・加配加算上、求められる資格等を入力してください。
A71: ※選択した資格及び研修に関して、必要に応じて、資格証又は研修修了証等の写しを添付資料として提出してください。
A72: (7) 従業者の氏名を記入してください。
A73: (8) 申請する事業に係る従業者（管理者を含む。）の1ヶ月分の勤務時間を入力してください。
A74: (9) 常勤の職員の休暇等については、その期間が暦年で１月を超えるものでない限り、常勤換算の計算上は勤務したものとみなすことができます。
B75: その場合、勤務時間欄には「休」と記入し、勤務時間の合計に含めてください（非常勤職員の休暇等は常勤換算の計算に含めることはできません）。
B76: ※指定基準の確認に際しては、４週分の入力で差し支えありません。
A77: (10) 従業者ごとに、合計勤務時間数を入力してください。
A78: ※ 入力することができる時間数は、当該事業所において常勤の従業者が勤務すべき勤務時間数を上限とします。
A79: (11) 従業者ごとに、週平均の勤務時間数を入力してください。
A80: (12) 申請する事業所以外の事業所・施設との兼務がある場合は、兼務先の事業所・施設の名称、兼務する職務の内容について記入してください。
A81: 同一事業所内の兼務についても兼務する職務の内容を記入してください。
A82: その他、特記事項欄としてもご活用ください。
A83: （13)本表には計算式を設定していますが、結果に誤りがないかご確認ください。
A84: （14) 必要項目を満たしていれば、各事業所で使用するシフト表等をもって代替書類として差し支えありません。

Sheet 勤務形態一覧表（就労選択支援）
A1: 従業者の勤務の体制及び勤務形態一覧表 | AI1: サービス種別 | AK1: 就労選択支援
M2: 2024 | Q2: 年 | S2: 5 | U2: 月 | AI2: 事業所名
AI3: (1)記載する期間 | AK3: ４週
AI4: (2)予定/実績の別
AG5: (3)事業所における常勤の従業者が勤務すべき時間数 | AH5: 40 | AK5: 時間/週 | AL5: 160 | AM5: 時間/月
A7: No. | B7: (4)職種 | C7: (5)勤務形態 | D7: (6)資格 | E7: (7)氏名 | F7: (8) | AK7: (9)勤務時間数合計 | AL7: (10)週平均の勤務時間数 | AM7: (11)兼務状況 （兼務先／兼務する職務の内容）等
F8: 第１週 | M8: 第２週 | T8: 第３週 | AA8: 第４週 | AH8: 第５週
B9: ※選択肢にない職種については直接入力してください | F9: =DATE($M$2,$S$2,1) -> 45413 | G9: =DATE($M$2,$S$2,2) -> 45414 | H9: =DATE($M$2,$S$2,3) -> 45415 | I9: =DATE($M$2,$S$2,4) -> 45416 | J9: =DATE($M$2,$S$2,5) -> 45417 | K9: =DATE($M$2,$S$2,6) -> 45418 | L9: =DATE($M$2,$S$2,7) -> 45419 | M9: =DATE($M$2,$S$2,8) -> 45420 | N9: =DATE($M$2,$S$2,9) -> 45421 | O9: =DATE($M$2,$S$2,10) -> 45422 | P9: =DATE($M$2,$S$2,11) -> 45423 | Q9: =DATE($M$2,$S$2,12) -> 45424 | R9: =DATE($M$2,$S$2,13) -> 45425 | S9: =DATE($M$2,$S$2,14) -> 45426 | T9: =DATE($M$2,$S$2,15) -> 45427 | U9: =DATE($M$2,$S$2,16) -> 45428 | V9: =DATE($M$2,$S$2,17) -> 45429 | W9: =DATE($M$2,$S$2,18) -> 45430 | X9: =DATE($M$2,$S$2,19) -> 45431 | Y9: =DATE($M$2,$S$2,20) -> 45432 | Z9: =DATE($M$2,$S$2,21) -> 45433 | AA9: =DATE($M$2,$S$2,22) -> 45434 | AB9: =DATE($M$2,$S$2,23) -> 45435 | AC9: =DATE($M$2,$S$2,24) -> 45436 | AD9: =DATE($M$2,$S$2,25) -> 45437 | AE9: =DATE($M$2,$S$2,26) -> 45438 | AF9: =DATE($M$2,$S$2,27) -> 45439 | AG9: =DATE($M$2,$S$2,28) -> 45440 | AH9: =IF(DAY(EOMONTH(F9,0))<29,"",DATE($M$2,$S$2,29)) -> 45441 | AI9: =IF(DAY(EOMONTH(F9,0))<30,"",DATE($M$2,$S$2,30)) -> 45442 | AJ9: =IF(DAY(EOMONTH(F9,0))<31,"",DATE($M$2,$S$2,31)) -> 45443
F10: =DATE($M$2,$S$2,1) -> 45413 | G10: =DATE($M$2,$S$2,2) -> 45414 | H10: =DATE($M$2,$S$2,3) -> 45415 | I10: =DATE($M$2,$S$2,4) -> 45416 | J10: =DATE($M$2,$S$2,5) -> 45417 | K10: =DATE($M$2,$S$2,6) -> 45418 | L10: =DATE($M$2,$S$2,7) -> 45419 | M10: =DATE($M$2,$S$2,8) -> 45420 | N10: =DATE($M$2,$S$2,9) -> 45421 | O10: =DATE($M$2,$S$2,10) -> 45422 | P10: =DATE($M$2,$S$2,11) -> 45423 | Q10: =DATE($M$2,$S$2,12) -> 45424 | R10: =DATE($M$2,$S$2,13) -> 45425 | S10: =DATE($M$2,$S$2,14) -> 45426 | T10: =DATE($M$2,$S$2,15) -> 45427 | U10: =DATE($M$2,$S$2,16) -> 45428 | V10: =DATE($M$2,$S$2,17) -> 45429 | W10: =DATE($M$2,$S$2,18) -> 45430 | X10: =DATE($M$2,$S$2,19) -> 45431 | Y10: =DATE($M$2,$S$2,20) -> 45432 | Z10: =DATE($M$2,$S$2,21) -> 45433 | AA10: =DATE($M$2,$S$2,22) -> 45434 | AB10: =DATE($M$2,$S$2,23) -> 45435 | AC10: =DATE($M$2,$S$2,24) -> 45436 | AD10: =DATE($M$2,$S$2,25) -> 45437 | AE10: =DATE($M$2,$S$2,26) -> 45438 | AF10: =DATE($M$2,$S$2,27) -> 45439 | AG10: =DATE($M$2,$S$2,28) -> 45440 | AH10: =IF(DAY(EOMONTH(F10,0))<29,"",DATE($M$2,$S$2,29)) -> 45441 | AI10: =IF(DAY(EOMONTH(F10,0))<30,"",DATE($M$2,$S$2,30)) -> 45442 | AJ10: =IF(DAY(EOMONTH(F10,0))<31,"",DATE($M$2,$S$2,31)) -> 45443
A11: 1 | B11: 管理者 | C11: A | E11: A | AK11: =+SUM(F11:AJ11) -> 0 | AL11: =IF($AK$3="４週",AK11/4,AK11/(DAY(EOMONTH($F$9,0))/7)) -> 0
A12: 2 | B12: 就労選択支援員 | C12: B | E12: B | AK12: =+SUM(F12:AJ12) -> 0 | AL12: =IF($AK$3="４週",AK12/4,AK12/(DAY(EOMONTH($F$9,0))/7)) -> 0
A13: 3 | B13: 就労選択支援員 | C13: C | E13: C | AK13: =+SUM(F13:AJ13) -> 0 | AL13: =IF($AK$3="４週",AK13/4,AK13/(DAY(EOMONTH($F$9,0))/7)) -> 0
A14: 4 | B14: 就労選択支援員 | C14: D | E14: D | AK14: =+SUM(F14:AJ14) -> 0 | AL14: =IF($AK$3="４週",AK14/4,AK14/(DAY(EOMONTH($F$9,0))/7)) -> 0
A15: 5 | AK15: =+SUM(F15:AJ15) -> 0 | AL15: =IF($AK$3="４週",AK15/4,AK15/(DAY(EOMONTH($F$9,0))/7)) -> 0
A16: 6 | AK16: =+SUM(F16:AJ16) -> 0 | AL16: =IF($AK$3="４週",AK16/4,AK16/(DAY(EOMONTH($F$9,0))/7)) -> 0
A17: 7 | AK17: =+SUM(F17:AJ17) -> 0 | AL17: =IF($AK$3="４週",AK17/4,AK17/(DAY(EOMONTH($F$9,0))/7)) -> 0
A18: 8 | AK18: =+SUM(F18:AJ18) -> 0 | AL18: =IF($AK$3="４週",AK18/4,AK18/(DAY(EOMONTH($F$9,0))/7)) -> 0
A19: 9 | AK19: =+SUM(F19:AJ19) -> 0 | AL19: =IF($AK$3="４週",AK19/4,AK19/(DAY(EOMONTH($F$9,0))/7)) -> 0
A20: 10 | AK20: =+SUM(F20:AJ20) -> 0 | AL20: =IF($AK$3="４週",AK20/4,AK20/(DAY(EOMONTH($F$9,0))/7)) -> 0
A21: 11 | AK21: =+SUM(F21:AJ21) -> 0 | AL21: =IF($AK$3="４週",AK21/4,AK21/(DAY(EOMONTH($F$9,0))/7)) -> 0
A22: 12 | AK22: =+SUM(F22:AJ22) -> 0 | AL22: =IF($AK$3="４週",AK22/4,AK22/(DAY(EOMONTH($F$9,0))/7)) -> 0
A23: 13 | AK23: =+SUM(F23:AJ23) -> 0 | AL23: =IF($AK$3="４週",AK23/4,AK23/(DAY(EOMONTH($F$9,0))/7)) -> 0
A24: 14 | AK24: =+SUM(F24:AJ24) -> 0 | AL24: =IF($AK$3="４週",AK24/4,AK24/(DAY(EOMONTH($F$9,0))/7)) -> 0
A25: 15 | AK25: =+SUM(F25:AJ25) -> 0 | AL25: =IF($AK$3="４週",AK25/4,AK25/(DAY(EOMONTH($F$9,0))/7)) -> 0
A26: 16 | AK26: =+SUM(F26:AJ26) -> 0 | AL26: =IF($AK$3="４週",AK26/4,AK26/(DAY(EOMONTH($F$9,0))/7)) -> 0
... A30: 20 | AK30: =+SUM(F30:AJ30) -> 0 | AL30: =IF($AK$3="４週",AK30/4,AK30/(DAY(EOMONTH($F$9,0))/7)) -> 0
A31: 合計 | F31: =+SUM(F11:F30) -> 0 | G31: =+SUM(G11:G30) -> 0 | H31: =+SUM(H11:H30) -> 0 | I31: =+SUM(I11:I30) -> 0 | J31: =+SUM(J11:J30) -> 0 | K31: =+SUM(K11:K30) -> 0 | L31: =+SUM(L11:L30) -> 0 | M31: =+SUM(M11:M30) -> 0 | ... AJ31: =+SUM(AJ11:AJ30) -> 0 | AK31: =+SUM(F31:AJ31) -> 0 | AL31: =IF($AK$3="４週",AK31/4,AK31/(DAY(EOMONTH($F$9,0))/7)) -> 0
A32: サービス提供時間
A36: ＜前年度の平均値＞※新規申請の場合は推定数を記載ください。
D37: 4 | E37: 5 | F37: 6 | I37: 7 | L37: 8 | O37: 9 | R37: 10 | U37: 11 | X37: 12 | AA37: 1 | AD37: 2 | AG37: 3 | AJ37: 計 | AL37: 平均利用者数
A38: 利用者延べ数 | D38: 60 | E38: 57 | F38: 60 | I38: 105 | L38: 105 | O38: 95 | R38: 60 | U38: 60 | X38: 57 | AA38: 57 | AD38: 95 | AG38: 100 | AJ38: =SUM(D38:AI38) -> 911 | AL38: =ROUNDUP(AJ38/AJ39,1) -> 3.9
A39: 開所日数 | D39: 20 | E39: 19 | F39: 20 | I39: 21 | L39: 21 | O39: 19 | R39: 20 | U39: 20 | X39: 19 | AA39: 19 | AD39: 19 | AG39: 20 | AJ39: =+SUM(D39:AI39) -> 237
A41: ＜人員に関する基準＞
A42: 区分 | C42: 就労選択支援員
A43: 必要な配置数 | C43: =ROUNDDOWN(AL38/15,1) -> 0.2
A45: ＜人員基準に関する実人数集計＞
C46: =IF(VLOOKUP($AK$1,[6]選択肢!$A$1:$J$32,C51,FALSE)=0,"-",VLOOKUP($AK$1,[6]選択肢!$A$1:$J$32,C51,FALSE)) -> 管理者 | E46: =IF(VLOOKUP($AK$1,[6]選択肢!$A$1:$J$32,E51,FALSE)=0,"-",VLOOKUP($AK$1,[6]選択肢!$A$1:$J$32,E51,FALSE)) -> 就労選択支援員 | I46: =IF(VLOOKUP($AK$1,[6]選択肢!$A$1:$J$32,I51,FALSE)=0,"-",VLOOKUP($AK$1,[6]選択肢!$A$1:$J$32,I51,FALSE)) -> - | O46: =IF(VLOOKUP($AK$1,[6]選択肢!$A$1:$J$32,O51,FALSE)=0,"-",VLOOKUP($AK$1,[6]選択肢!$A$1:$J$32,O51,FALSE)) -> - | U46: =IF(VLOOKUP($AK$1,[6]選択肢!$A$1:$J$32,U51,FALSE)=0,"-",VLOOKUP($AK$1,[6]選択肢!$A$1:$J$32,U51,FALSE)) -> - | AA46: =IF(VLOOKUP($AK$1,[6]選択肢!$A$1:$J$32,AA51,FALSE)=0,"-",VLOOKUP($AK$1,[6]選択肢!$A$1:$J$32,AA51,FALSE)) -> - | AG46: =IF(VLOOKUP($AK$1,[6]選択肢!$A$1:$J$32,AG51,FALSE)=0,"-",VLOOKUP($AK$1,[6]選択肢!$A$1:$J$32,AG51,FALSE)) -> - | AL46: =IF(VLOOKUP($AK$1,[6]選択肢!$A$1:$J$32,AL51,FALSE)=0,"-",VLOOKUP($AK$1,[6]選択肢!$A$1:$J$32,AL51,FALSE)) -> -
C47: 専従 | D47: 兼務 | E47: 専従 | F47: 兼務 | I47: 専従 | L47: 兼務 | O47: 専従 | R47: 兼務 | U47: 専従 | X47: 兼務 | AA47: 専従 | AD47: 兼務 | AG47: 専従 | AJ47: 兼務 | AL47: 専従 | AM47: 兼務
B48: 常勤 | C48: =COUNTIFS($B$11:$B$30,C$46,$C$11:$C$30,"A",$E$11:$E$30,"*") -> 1 | D48: =COUNTIFS($B$11:$B$30,C$46,$C$11:$C$30,"B",$E$11:$E$30,"*") -> 0 | E48: =COUNTIFS($B$11:$B$30,E$46,$C$11:$C$30,"A",$E$11:$E$30,"*") -> 0 | F48: =COUNTIFS($B$11:$B$30,E$46,$C$11:$C$30,"B",$E$11:$E$30,"*") -> 1 | I48: =COUNTIFS($B$11:$B$30,I$46,$C$11:$C$30,"A",$E$11:$E$30,"*") -> 0 | L48: =COUNTIFS($B$11:$B$30,I$46,$C$11:$C$30,"B",$E$11:$E$30,"*") -> 0 | O48: =COUNTIFS($B$11:$B$30,O$46,$C$11:$C$30,"A",$E$11:$E$30,"*") -> 0 | R48: =COUNTIFS($B$11:$B$30,O$46,$C$11:$C$30,"B",$E$11:$E$30,"*") -> 0 | U48: =COUNTIFS($B$11:$B$30,U$46,$C$11:$C$30,"A",$E$11:$E$30,"*") -> 0 | X48: =COUNTIFS($B$11:$B$30,U$46,$C$11:$C$30,"B",$E$11:$E$30,"*") -> 0 | AA48: =COUNTIFS($B$11:$B$30,AA$46,$C$11:$C$30,"A",$E$11:$E$30,"*") -> 0 | AD48: =COUNTIFS($B$11:$B$30,AA$46,$C$11:$C$30,"B",$E$11:$E$30,"*") -> 0 | AG48: =COUNTIFS($B$11:$B$30,AG$46,$C$11:$C$30,"A",$E$11:$E$30,"*") -> 0 | AJ48: =COUNTIFS($B$11:$B$30,AG$46,$C$11:$C$30,"B",$E$11:$E$30,"*") -> 0 | AL48: =COUNTIFS($B$11:$B$30,AL$46,$C$11:$C$30,"A",$E$11:$E$30,"*") -> 0 | AM48: =COUNTIFS($B$11:$B$30,AL$46,$C$11:$C$30,"B",$E$11:$E$30,"*") -> 0
B49: 非常勤 | C49: =COUNTIFS($B$11:$B$30,C$46,$C$11:$C$30,"C",$E$11:$E$30,"*") -> 0 | D49: =COUNTIFS($B$11:$B$30,C$46,$C$11:$C$30,"D",$E$11:$E$30,"*") -> 0 | E49: =COUNTIFS($B$11:$B$30,E$46,$C$11:$C$30,"C",$E$11:$E$30,"*") -> 1 | F49: =COUNTIFS($B$11:$B$30,E$46,$C$11:$C$30,"D",$E$11:$E$30,"*") -> 1 | I49: =COUNTIFS($B$11:$B$30,I$46,$C$11:$C$30,"C",$E$11:$E$30,"*") -> 0 | L49: =COUNTIFS($B$11:$B$30,I$46,$C$11:$C$30,"D",$E$11:$E$30,"*") -> 0 | O49: =COUNTIFS($B$11:$B$30,O$46,$C$11:$C$30,"C",$E$11:$E$30,"*") -> 0 | R49: =COUNTIFS($B$11:$B$30,O$46,$C$11:$C$30,"D",$E$11:$E$30,"*") -> 0 | U49: =COUNTIFS($B$11:$B$30,U$46,$C$11:$C$30,"C",$E$11:$E$30,"*") -> 0 | X49: =COUNTIFS($B$11:$B$30,U$46,$C$11:$C$30,"D",$E$11:$E$30,"*") -> 0 | AA49: =COUNTIFS($B$11:$B$30,AA$46,$C$11:$C$30,"C",$E$11:$E$30,"*") -> 0 | AD49: =COUNTIFS($B$11:$B$30,AA$46,$C$11:$C$30,"D",$E$11:$E$30,"*") -> 0 | AG49: =COUNTIFS($B$11:$B$30,AG$46,$C$11:$C$30,"C",$E$11:$E$30,"*") -> 0 | AJ49: =COUNTIFS($B$11:$B$30,AG$46,$C$11:$C$30,"D",$E$11:$E$30,"*") -> 0 | AL49: =COUNTIFS($B$11:$B$30,AL$46,$C$11:$C$30,"C",$E$11:$E$30,"*") -> 0 | AM49: =COUNTIFS($B$11:$B$30,AL$46,$C$11:$C$30,"D",$E$11:$E$30,"*") -> 0
B50: 常勤換算数 | C50: =IF($AK$3="４週",SUMIFS($AK$11:$AK$30,$B$11:$B$30,C46)/4/$AH$5,IF($AK$3="歴月",SUMIFS($AK$11:$AK$30,$B$11:$B$30,C46)/$AL$5,"記載する期間を選択してください")) -> 0 | E50: =IF($AK$3="４週",SUMIFS($AK$11:$AK$30,$B$11:$B$30,E46)/4/$AH$5,IF($AK$3="歴月",SUMIFS($AK$11:$AK$30,$B$11:$B$30,E46)/$AL$5,"記載する期間を選択してください")) -> 0 | I50: =IF($AK$3="４週",SUMIFS($AK$11:$AK$30,$B$11:$B$30,I46)/4/$AH$5,IF($AK$3="歴月",SUMIFS($AK$11:$AK$30,$B$11:$B$30,I46)/$AL$5,"記載する期間を選択してください")) -> 0 | O50: =IF($AK$3="４週",SUMIFS($AK$11:$AK$30,$B$11:$B$30,O46)/4/$AH$5,IF($AK$3="歴月",SUMIFS($AK$11:$AK$30,$B$11:$B$30,O46)/$AL$5,"記載する期間を選択してください")) -> 0 | U50: =IF($AK$3="４週",SUMIFS($AK$11:$AK$30,$B$11:$B$30,U46)/4/$AH$5,IF($AK$3="歴月",SUMIFS($AK$11:$AK$30,$B$11:$B$30,U46)/$AL$5,"記載する期間を選択してください")) -> 0 | AA50: =IF($AK$3="４週",SUMIFS($AK$11:$AK$30,$B$11:$B$30,AA46)/4/$AH$5,IF($AK$3="歴月",SUMIFS($AK$11:$AK$30,$B$11:$B$30,AA46)/$AL$5,"記載する期間を選択してください")) -> 0 | AG50: =IF($AK$3="４週",SUMIFS($AK$11:$AK$30,$B$11:$B$30,AG46)/4/$AH$5,IF($AK$3="歴月",SUMIFS($AK$11:$AK$30,$B$11:$B$30,AG46)/$AL$5,"記載する期間を選択してください")) -> 0 | AL50: =IF($AK$3="４週",SUMIFS($AK$11:$AK$30,$B$11:$B$30,AL46)/4/$AH$5,IF($AK$3="歴月",SUMIFS($AK$11:$AK$30,$B$11:$B$30,AL46)/$AL$5,"記載する期間を選択してください")) -> 0
C51: 2 | E51: 3 | I51: 4 | O51: 5 | U51: 6 | AA51: 7 | AG51: 8 | AL51: 9
A52: ・最初に「年月欄」「サービス種別」「事業所名」を入力してください。 | R52: 6 | X52: 7 | AD52: 8 | AJ52: 9
A53: (1) 「４週」・「暦月」のいずれかを選択してください。
A54: (2) 「予定」・「実績」のいずれかを選択してください。
A55: (3) 事業所における常勤の従業者が勤務すべき時間数を入力してください。
A56: (4) 従業者の職種を入力してください。
A57: 記入の順序は、職種ごとにまとめてください。
A58: (5) 従業者の勤務形態について、下記のうち該当する区分の記号を入力してください。
B59: 記号 | C59: 区分
B60: A | C60: 常勤で専従
B61: B | C61: 常勤で兼務
B62: C | C62: 非常勤で専従
B63: D | C63: 非常勤で兼務
B64: （注）常勤・非常勤の区分について
B65: 当該事業所における勤務時間が、当該事業所において定められている常勤の従業者が勤務すべき時間数に達していることをいいます。雇用の形態は考慮しません。
B66: （例えば、常勤者は週に40時間勤務することとされた事業所であれば、非正規雇用であっても、週40時間勤務する従業者は常勤扱いとなります。）
A67: (6) 従業者の保有する資格を入力してください。
A68: 保有資格を全て記入するのではなく、人員基準上、求められる資格等を入力してください。
A69: ※選択した資格及び研修に関して、必要に応じて、資格証又は研修修了証等の写しを添付資料として提出してください。
A70: (7) 従業者の氏名を記入してください。
A71: (8) 申請する事業に係る従業者（管理者を含む。）の1ヶ月分の勤務時間を入力してください。
A72: (9) 常勤の職員の休暇等については、その期間が暦年で１月を超えるものでない限り、常勤換算の計算上は勤務したものとみなすことができます。
B73: その場合、勤務時間欄には「休」と記入し、勤務時間の合計に含めてください（非常勤職員の休暇等は常勤換算の計算に含めることはできません）。
B74: ※指定基準の確認に際しては、４週分の入力で差し支えありません。
A75: (10) 従業者ごとに、合計勤務時間数を入力してください。
A76: ※ 入力することができる時間数は、当該事業所において常勤の従業者が勤務すべき勤務時間数を上限とします。
A77: (11) 従業者ごとに、週平均の勤務時間数を入力してください。
A78: (12) 申請する事業所以外の事業所・施設との兼務がある場合は、兼務先の事業所・施設の名称、兼務する職務の内容について記入してください。
A79: 同一事業所内の兼務についても兼務する職務の内容を記入してください。
A80: その他、特記事項欄としてもご活用ください。
A81: （13)本表には計算式を設定していますが、結果に誤りがないかご確認ください。
A82: （14) 必要項目を満たしていれば、各事業所で使用するシフト表等をもって代替書類として差し支えありません。

Sheet 勤務形態一覧表（就労移行支援）
A1: 従業者の勤務の体制及び勤務形態一覧表 | AI1: サービス種別 | AK1: 就労移行支援
M2: 2024 | Q2: 年 | S2: 5 | U2: 月 | AI2: 事業所名
AI3: (1)記載する期間 | AK3: ４週
AI4: (2)予定/実績の別
AI5: (3)施設外就労の有無 | AK5: 有
AG6: (4)事業所における常勤の従業者が勤務すべき時間数 | AH6: 40 | AK6: 時間/週 | AL6: 160 | AM6: 時間/月
A8: No. | B8: (5)職種 | C8: (6)勤務形態 | D8: (7)資格 | E8: (8)氏名 | F8: (9) | AK8: (10)勤務時間数合計 | AL8: (11)週平均の勤務時間数 | AM8: (12)兼務状況 （兼務先／兼務する職務の内容）等
F9: 第１週 | M9: 第２週 | T9: 第３週 | AA9: 第４週 | AH9: 第５週
B10: ※選択肢にない職種については直接入力してください | F10: =DATE($M$2,$S$2,1) -> 45413 | G10: =DATE($M$2,$S$2,2) -> 45414 | H10: =DATE($M$2,$S$2,3) -> 45415 | I10: =DATE($M$2,$S$2,4) -> 45416 | J10: =DATE($M$2,$S$2,5) -> 45417 | K10: =DATE($M$2,$S$2,6) -> 45418 | L10: =DATE($M$2,$S$2,7) -> 45419 | M10: =DATE($M$2,$S$2,8) -> 45420 | N10: =DATE($M$2,$S$2,9) -> 45421 | O10: =DATE($M$2,$S$2,10) -> 45422 | P10: =DATE($M$2,$S$2,11) -> 45423 | Q10: =DATE($M$2,$S$2,12) -> 45424 | R10: =DATE($M$2,$S$2,13) -> 45425 | S10: =DATE($M$2,$S$2,14) -> 45426 | T10: =DATE($M$2,$S$2,15) -> 45427 | U10: =DATE($M$2,$S$2,16) -> 45428 | V10: =DATE($M$2,$S$2,17) -> 45429 | W10: =DATE($M$2,$S$2,18) -> 45430 | X10: =DATE($M$2,$S$2,19) -> 45431 | Y10: =DATE($M$2,$S$2,20) -> 45432 | Z10: =DATE($M$2,$S$2,21) -> 45433 | AA10: =DATE($M$2,$S$2,22) -> 45434 | AB10: =DATE($M$2,$S$2,23) -> 45435 | AC10: =DATE($M$2,$S$2,24) -> 45436 | AD10: =DATE($M$2,$S$2,25) -> 45437 | AE10: =DATE($M$2,$S$2,26) -> 45438 | AF10: =DATE($M$2,$S$2,27) -> 45439 | AG10: =DATE($M$2,$S$2,28) -> 45440 | AH10: =IF(DAY(EOMONTH(F10,0))<29,"",DATE($M$2,$S$2,29)) -> 45441 | AI10: =IF(DAY(EOMONTH(F10,0))<30,"",DATE($M$2,$S$2,30)) -> 45442 | AJ10: =IF(DAY(EOMONTH(F10,0))<31,"",DATE($M$2,$S$2,31)) -> 45443
F11: =DATE($M$2,$S$2,1) -> 45413 | G11: =DATE($M$2,$S$2,2) -> 45414 | H11: =DATE($M$2,$S$2,3) -> 45415 | I11: =DATE($M$2,$S$2,4) -> 45416 | J11: =DATE($M$2,$S$2,5) -> 45417 | K11: =DATE($M$2,$S$2,6) -> 45418 | L11: =DATE($M$2,$S$2,7) -> 45419 | M11: =DATE($M$2,$S$2,8) -> 45420 | N11: =DATE($M$2,$S$2,9) -> 45421 | O11: =DATE($M$2,$S$2,10) -> 45422 | P11: =DATE($M$2,$S$2,11) -> 45423 | Q11: =DATE($M$2,$S$2,12) -> 45424 | R11: =DATE($M$2,$S$2,13) -> 45425 | S11: =DATE($M$2,$S$2,14) -> 45426 | T11: =DATE($M$2,$S$2,15) -> 45427 | U11: =DATE($M$2,$S$2,16) -> 45428 | V11: =DATE($M$2,$S$2,17) -> 45429 | W11: =DATE($M$2,$S$2,18) -> 45430 | X11: =DATE($M$2,$S$2,19) -> 45431 | Y11: =DATE($M$2,$S$2,20) -> 45432 | Z11: =DATE($M$2,$S$2,21) -> 45433 | AA11: =DATE($M$2,$S$2,22) -> 45434 | AB11: =DATE($M$2,$S$2,23) -> 45435 | AC11: =DATE($M$2,$S$2,24) -> 45436 | AD11: =DATE($M$2,$S$2,25) -> 45437 | AE11: =DATE($M$2,$S$2,26) -> 45438 | AF11: =DATE($M$2,$S$2,27) -> 45439 | AG11: =DATE($M$2,$S$2,28) -> 45440 | AH11: =IF(DAY(EOMONTH(F11,0))<29,"",DATE($M$2,$S$2,29)) -> 45441 | AI11: =IF(DAY(EOMONTH(F11,0))<30,"",DATE($M$2,$S$2,30)) -> 45442 | AJ11: =IF(DAY(EOMONTH(F11,0))<31,"",DATE($M$2,$S$2,31)) -> 45443
A12: 1 | B12: 管理者 | C12: A | E12: A | AK12: =+SUM(F12:AJ12) -> 0 | AL12: =IF($AK$3="４週",AK12/4,AK12/(DAY(EOMONTH($F$10,0))/7)) -> 0
A13: 2 | B13: サービス管理責任者 | C13: B | E13: B | AK13: =+SUM(F13:AJ13) -> 0 | AL13: =IF($AK$3="４週",AK13/4,AK13/(DAY(EOMONTH($F$10,0))/7)) -> 0
A14: 3 | B14: 就労支援員 | C14: C | E14: C | AK14: =+SUM(F14:AJ14) -> 0 | AL14: =IF($AK$3="４週",AK14/4,AK14/(DAY(EOMONTH($F$10,0))/7)) -> 0
A15: 4 | B15: 職業指導員 | C15: D | E15: D | AK15: =+SUM(F15:AJ15) -> 0 | AL15: =IF($AK$3="４週",AK15/4,AK15/(DAY(EOMONTH($F$10,0))/7)) -> 0
A16: 5 | AK16: =+SUM(F16:AJ16) -> 0 | AL16: =IF($AK$3="４週",AK16/4,AK16/(DAY(EOMONTH($F$10,0))/7)) -> 0
A17: 6 | AK17: =+SUM(F17:AJ17) -> 0 | AL17: =IF($AK$3="４週",AK17/4,AK17/(DAY(EOMONTH($F$10,0))/7)) -> 0
A18: 7 | AK18: =+SUM(F18:AJ18) -> 0 | AL18: =IF($AK$3="４週",AK18/4,AK18/(DAY(EOMONTH($F$10,0))/7)) -> 0
A19: 8 | AK19: =+SUM(F19:AJ19) -> 0 | AL19: =IF($AK$3="４週",AK19/4,AK19/(DAY(EOMONTH($F$10,0))/7)) -> 0
A20: 9 | AK20: =+SUM(F20:AJ20) -> 0 | AL20: =IF($AK$3="４週",AK20/4,AK20/(DAY(EOMONTH($F$10,0))/7)) -> 0
A21: 10 | AK21: =+SUM(F21:AJ21) -> 0 | AL21: =IF($AK$3="４週",AK21/4,AK21/(DAY(EOMONTH($F$10,0))/7)) -> 0
A22: 11 | AK22: =+SUM(F22:AJ22) -> 0 | AL22: =IF($AK$3="４週",AK22/4,AK22/(DAY(EOMONTH($F$10,0))/7)) -> 0
A23: 12 | AK23: =+SUM(F23:AJ23) -> 0 | AL23: =IF($AK$3="４週",AK23/4,AK23/(DAY(EOMONTH($F$10,0))/7)) -> 0
A24: 13 | AK24: =+SUM(F24:AJ24) -> 0 | AL24: =IF($AK$3="４週",AK24/4,AK24/(DAY(EOMONTH($F$10,0))/7)) -> 0
A25: 14 | AK25: =+SUM(F25:AJ25) -> 0 | AL25: =IF($AK$3="４週",AK25/4,AK25/(DAY(EOMONTH($F$10,0))/7)) -> 0
A26: 15 | AK26: =+SUM(F26:AJ26) -> 0 | AL26: =IF($AK$3="４週",AK26/4,AK26/(DAY(EOMONTH($F$10,0))/7)) -> 0
A27: 16 | AK27: =+SUM(F27:AJ27) -> 0 | AL27: =IF($AK$3="４週",AK27/4,AK27/(DAY(EOMONTH($F$10,0))/7)) -> 0
... A31: 20 | AK31: =+SUM(F31:AJ31) -> 0 | AL31: =IF($AK$3="４週",AK31/4,AK31/(DAY(EOMONTH($F$10,0))/7)) -> 0
A32: 合計 | F32: =+SUM(F12:F31) -> 0 | G32: =+SUM(G12:G31) -> 0 | H32: =+SUM(H12:H31) -> 0 | I32: =+SUM(I12:I31) -> 0 | J32: =+SUM(J12:J31) -> 0 | K32: =+SUM(K12:K31) -> 0 | L32: =+SUM(L12:L31) -> 0 | M32: =+SUM(M12:M31) -> 0 | ... AJ32: =+SUM(AJ12:AJ31) -> 0 | AK32: =+SUM(F32:AJ32) -> 0 | AL32: =IF($AK$3="４週",AK32/4,AK32/(DAY(EOMONTH($F$10,0))/7)) -> 0
A33: サービス提供時間
A37: ＜前年度の平均値＞※新規申請の場合は推定数を記載ください。
D38: 4 | E38: 5 | F38: 6 | I38: 7 | L38: 8 | O38: 9 | R38: 10 | U38: 11 | X38: 12 | AA38: 1 | AD38: 2 | AG38: 3 | AJ38: 計 | AL38: 平均利用者数
A39: 利用者延べ数 | D39: 1400 | E39: 1310 | F39: 1400 | I39: 1470 | L39: 1470 | O39: 1330 | R39: 1400 | U39: 1400 | X39: 1330 | AA39: 1330 | AD39: 1330 | AG39: 1400 | AJ39: =SUM(D39:AI39) -> 16570 | AL39: =ROUNDUP(AJ39/AJ40,1) -> 70
A40: 開所日数 | D40: 20 | E40: 19 | F40: 20 | I40: 21 | L40: 21 | O40: 19 | R40: 20 | U40: 20 | X40: 19 | AA40: 19 | AD40: 19 | AG40: 20 | AJ40: =+SUM(D40:AI40) -> 237
A42: ＜人員に関する基準＞
A43: 区分 | C43: サービス管理責任者 | E43: 職業指導員及び生活支援員 | I43: 就労支援員
A44: 必要な配置数 | C44: =ROUNDDOWN(IF(AL39<=60,1,1+ROUNDUP((AL39-60)/40,0)),1) -> 2 | E44: =ROUNDDOWN(AL39/6,1) -> 11.6 | I44: =ROUNDDOWN(AL39/15,1) -> 4.6
A46: ＜人員基準に関する実人数集計＞
C47: =IF(VLOOKUP($AK$1,[6]選択肢!$A$1:$J$32,C52,FALSE)=0,"-",VLOOKUP($AK$1,[6]選択肢!$A$1:$J$32,C52,FALSE)) -> 管理者 | E47: =IF(VLOOKUP($AK$1,[6]選択肢!$A$1:$J$32,E52,FALSE)=0,"-",VLOOKUP($AK$1,[6]選択肢!$A$1:$J$32,E52,FALSE)) -> サービス管理責任者 | I47: =IF(VLOOKUP($AK$1,[6]選択肢!$A$1:$J$32,I52,FALSE)=0,"-",VLOOKUP($AK$1,[6]選択肢!$A$1:$J$32,I52,FALSE)) -> 就労支援員 | O47: =IF(VLOOKUP($AK$1,[6]選択肢!$A$1:$J$32,O52,FALSE)=0,"-",VLOOKUP($AK$1,[6]選択肢!$A$1:$J$32,O52,FALSE)) -> 職業指導員 | U47: =IF(VLOOKUP($AK$1,[6]選択肢!$A$1:$J$32,U52,FALSE)=0,"-",VLOOKUP($AK$1,[6]選択肢!$A$1:$J$32,U52,FALSE)) -> 生活支援員 | AA47: =IF(VLOOKUP($AK$1,[6]選択肢!$A$1:$J$32,AA52,FALSE)=0,"-",VLOOKUP($AK$1,[6]選択肢!$A$1:$J$32,AA52,FALSE)) -> - | AG47: =IF(VLOOKUP($AK$1,[6]選択肢!$A$1:$J$32,AG52,FALSE)=0,"-",VLOOKUP($AK$1,[6]選択肢!$A$1:$J$32,AG52,FALSE)) -> - | AL47: =IF(VLOOKUP($AK$1,[6]選択肢!$A$1:$J$32,AL52,FALSE)=0,"-",VLOOKUP($AK$1,[6]選択肢!$A$1:$J$32,AL52,FALSE)) -> -
C48: 専従 | D48: 兼務 | E48: 専従 | F48: 兼務 | I48: 専従 | L48: 兼務 | O48: 専従 | R48: 兼務 | U48: 専従 | X48: 兼務 | AA48: 専従 | AD48: 兼務 | AG48: 専従 | AJ48: 兼務 | AL48: 専従 | AM48: 兼務
B49: 常勤 | C49: =COUNTIFS($B$12:$B$31,C$47,$C$12:$C$31,"A",$E$12:$E$31,"*") -> 1 | D49: =COUNTIFS($B$12:$B$31,C$47,$C$12:$C$31,"B",$E$12:$E$31,"*") -> 0 | E49: =COUNTIFS($B$12:$B$31,E$47,$C$12:$C$31,"A",$E$12:$E$31,"*") -> 0 | F49: =COUNTIFS($B$12:$B$31,E$47,$C$12:$C$31,"B",$E$12:$E$31,"*") -> 1 | I49: =COUNTIFS($B$12:$B$31,I$47,$C$12:$C$31,"A",$E$12:$E$31,"*") -> 0 | L49: =COUNTIFS($B$12:$B$31,I$47,$C$12:$C$31,"B",$E$12:$E$31,"*") -> 0 | O49: =COUNTIFS($B$12:$B$31,O$47,$C$12:$C$31,"A",$E$12:$E$31,"*") -> 0 | R49: =COUNTIFS($B$12:$B$31,O$47,$C$12:$C$31,"B",$E$12:$E$31,"*") -> 0 | U49: =COUNTIFS($B$12:$B$31,U$47,$C$12:$C$31,"A",$E$12:$E$31,"*") -> 0 | X49: =COUNTIFS($B$12:$B$31,U$47,$C$12:$C$31,"B",$E$12:$E$31,"*") -> 0 | AA49: =COUNTIFS($B$12:$B$31,AA$47,$C$12:$C$31,"A",$E$12:$E$31,"*") -> 0 | AD49: =COUNTIFS($B$12:$B$31,AA$47,$C$12:$C$31,"B",$E$12:$E$31,"*") -> 0 | AG49: =COUNTIFS($B$12:$B$31,AG$47,$C$12:$C$31,"A",$E$12:$E$31,"*") -> 0 | AJ49: =COUNTIFS($B$12:$B$31,AG$47,$C$12:$C$31,"B",$E$12:$E$31,"*") -> 0 | AL49: =COUNTIFS($B$12:$B$31,AL$47,$C$12:$C$31,"A",$E$12:$E$31,"*") -> 0 | AM49: =COUNTIFS($B$12:$B$31,AL$47,$C$12:$C$31,"B",$E$12:$E$31,"*") -> 0
B50: 非常勤 | C50: =COUNTIFS($B$12:$B$31,C$47,$C$12:$C$31,"C",$E$12:$E$31,"*") -> 0 | D50: =COUNTIFS($B$12:$B$31,C$47,$C$12:$C$31,"D",$E$12:$E$31,"*") -> 0 | E50: =COUNTIFS($B$12:$B$31,E$47,$C$12:$C$31,"C",$E$12:$E$31,"*") -> 0 | F50: =COUNTIFS($B$12:$B$31,E$47,$C$12:$C$31,"D",$E$12:$E$31,"*") -> 0 | I50: =COUNTIFS($B$12:$B$31,I$47,$C$12:$C$31,"C",$E$12:$E$31,"*") -> 1 | L50: =COUNTIFS($B$12:$B$31,I$47,$C$12:$C$31,"D",$E$12:$E$31,"*") -> 0 | O50: =COUNTIFS($B$12:$B$31,O$47,$C$12:$C$31,"C",$E$12:$E$31,"*") -> 0 | R50: =COUNTIFS($B$12:$B$31,O$47,$C$12:$C$31,"D",$E$12:$E$31,"*") -> 1 | U50: =COUNTIFS($B$12:$B$31,U$47,$C$12:$C$31,"C",$E$12:$E$31,"*") -> 0 | X50: =COUNTIFS($B$12:$B$31,U$47,$C$12:$C$31,"D",$E$12:$E$31,"*") -> 0 | AA50: =COUNTIFS($B$12:$B$31,AA$47,$C$12:$C$31,"C",$E$12:$E$31,"*") -> 0 | AD50: =COUNTIFS($B$12:$B$31,AA$47,$C$12:$C$31,"D",$E$12:$E$31,"*") -> 0 | AG50: =COUNTIFS($B$12:$B$31,AG$47,$C$12:$C$31,"C",$E$12:$E$31,"*") -> 0 | AJ50: =COUNTIFS($B$12:$B$31,AG$47,$C$12:$C$31,"D",$E$12:$E$31,"*") -> 0 | AL50: =COUNTIFS($B$12:$B$31,AL$47,$C$12:$C$31,"C",$E$12:$E$31,"*") -> 0 | AM50: =COUNTIFS($B$12:$B$31,AL$47,$C$12:$C$31,"D",$E$12:$E$31,"*") -> 0
B51: 常勤換算数 | C51: =IF($AK$3="４週",SUMIFS($AK$12:$AK$31,$B$12:$B$31,C47)/4/$AH$6,IF($AK$3="歴月",SUMIFS($AK$12:$AK$31,$B$12:$B$31,C47)/$AL$6,"記載する期間を選択してください")) -> 0 | E51: =IF($AK$3="４週",SUMIFS($AK$12:$AK$31,$B$12:$B$31,E47)/4/$AH$6,IF($AK$3="歴月",SUMIFS($AK$12:$AK$31,$B$12:$B$31,E47)/$AL$6,"記載する期間を選択してください")) -> 0 | I51: =IF($AK$3="４週",SUMIFS($AK$12:$AK$31,$B$12:$B$31,I47)/4/$AH$6,IF($AK$3="歴月",SUMIFS($AK$12:$AK$31,$B$12:$B$31,I47)/$AL$6,"記載する期間を選択してください")) -> 0 | O51: =IF($AK$3="４週",SUMIFS($AK$12:$AK$31,$B$12:$B$31,O47)/4/$AH$6,IF($AK$3="歴月",SUMIFS($AK$12:$AK$31,$B$12:$B$31,O47)/$AL$6,"記載する期間を選択してください")) -> 0 | U51: =IF($AK$3="４週",SUMIFS($AK$12:$AK$31,$B$12:$B$31,U47)/4/$AH$6,IF($AK$3="歴月",SUMIFS($AK$12:$AK$31,$B$12:$B$31,U47)/$AL$6,"記載する期間を選択してください")) -> 0 | AA51: =IF($AK$3="４週",SUMIFS($AK$12:$AK$31,$B$12:$B$31,AA47)/4/$AH$6,IF($AK$3="歴月",SUMIFS($AK$12:$AK$31,$B$12:$B$31,AA47)/$AL$6,"記載する期間を選択してください")) -> 0 | AG51: =IF($AK$3="４週",SUMIFS($AK$12:$AK$31,$B$12:$B$31,AG47)/4/$AH$6,IF($AK$3="歴月",SUMIFS($AK$12:$AK$31,$B$12:$B$31,AG47)/$AL$6,"記載する期間を選択してください")) -> 0 | AL51: =IF($AK$3="４週",SUMIFS($AK$12:$AK$31,$B$12:$B$31,AL47)/4/$AH$6,IF($AK$3="歴月",SUMIFS($AK$12:$AK$31,$B$12:$B$31,AL47)/$AL$6,"記載する期間を選択してください")) -> 0
C52: 2 | E52: 3 | I52: 4 | O52: 5 | U52: 6 | AA52: 7 | AG52: 8 | AL52: 9
A53: ・最初に「年月欄」「サービス種別」「事業所名」を入力してください。 | R53: 6 | X53: 7 | AD53: 8 | AJ53: 9
A54: (1) 「４週」・「暦月」のいずれかを選択してください。
A55: (2) 「予定」・「実績」のいずれかを選択してください。
A56: (3) 施設外就労について「有」「無」のいずれかを選択してください。
A57: (4) 事業所における常勤の従業者が勤務すべき時間数を入力してください。
A58: (5) 従業者の職種を入力してください。
A59: 記入の順序は、職種ごとにまとめてください。
A60: (6) 従業者の勤務形態について、下記のうち該当する区分の記号を入力してください。
B61: 記号 | C61: 区分
B62: A | C62: 常勤で専従
B63: B | C63: 常勤で兼務
B64: C | C64: 非常勤で専従
B65: D | C65: 非常勤で兼務
B66: （注）常勤・非常勤の区分について
B67: 当該事業所における勤務時間が、当該事業所において定められている常勤の従業者が勤務すべき時間数に達していることをいいます。雇用の形態は考慮しません。
B68: （例えば、常勤者は週に40時間勤務することとされた事業所であれば、非正規雇用であっても、週40時間勤務する従業者は常勤扱いとなります。）
A69: (7) 従業者の保有する資格を入力してください。
A70: 保有資格を全て記入するのではなく、人員基準上、求められる資格等を入力してください。
A71: ※選択した資格及び研修に関して、必要に応じて、資格証又は研修修了証等の写しを添付資料として提出してください。
A72: (8) 従業者の氏名を記入してください。
A73: (9) 申請する事業に係る従業者（管理者を含む。）の1ヶ月分の勤務時間を入力してください。
A74: (9・10) 常勤の職員の休暇等については、その期間が暦年で１月を超えるものでない限り、常勤換算の計算上は勤務したものとみなすことができます。
B75: その場合、勤務時間欄には「休」と記入し、勤務時間の合計に含めてください（非常勤職員の休暇等は常勤換算の計算に含めることはできません）。
B76: ※指定基準の確認に際しては、４週分の入力で差し支えありません。
A77: (10) 従業者ごとに、合計勤務時間数を入力してください。
A78: ※ 入力することができる時間数は、当該事業所において常勤の従業者が勤務すべき勤務時間数を上限とします。
A79: (11) 従業者ごとに、週平均の勤務時間数を入力してください。
A80: (12) 申請する事業所以外の事業所・施設との兼務がある場合は、兼務先の事業所・施設の名称、兼務する職務の内容について記入してください。
A81: 同一事業所内の兼務についても兼務する職務の内容を記入してください。
A82: その他、特記事項欄としてもご活用ください。
A83: ・本表には計算式を設定していますが、結果に誤りがないかご確認ください。
A84: ・必要項目を満たしていれば、各事業所で使用するシフト表等をもって代替書類として差し支えありません。

Sheet 勤務形態一覧表（認定指定就労移行支援）
A1: 従業者の勤務の体制及び勤務形態一覧表 | AI1: サービス種別 | AK1: 認定指定就労移行支援
M2: 2024 | Q2: 年 | S2: 5 | U2: 月 | AI2: 事業所名
AI3: (1)記載する期間 | AK3: ４週
AI4: (2)予定/実績の別
AI5: (3)施設外就労の有無 | AK5: 有
AG6: (4)事業所における常勤の従業者が勤務すべき時間数 | AH6: 40 | AK6: 時間/週 | AL6: 160 | AM6: 時間/月
A8: No. | B8: (5)職種 | C8: (6)勤務形態 | D8: (7)資格 | E8: (8)氏名 | F8: (9) | AK8: (10)勤務時間数合計 | AL8: (11)週平均の勤務時間数 | AM8: (12)兼務状況 （兼務先／兼務する職務の内容）等
F9: 第１週 | M9: 第２週 | T9: 第３週 | AA9: 第４週 | AH9: 第５週
B10: ※選択肢にない職種については直接入力してください | F10: =DATE($M$2,$S$2,1) -> 45413 | G10: =DATE($M$2,$S$2,2) -> 45414 | H10: =DATE($M$2,$S$2,3) -> 45415 | I10: =DATE($M$2,$S$2,4) -> 45416 | J10: =DATE($M$2,$S$2,5) -> 45417 | K10: =DATE($M$2,$S$2,6) -> 45418 | L10: =DATE($M$2,$S$2,7) -> 45419 | M10: =DATE($M$2,$S$2,8) -> 45420 | N10: =DATE($M$2,$S$2,9) -> 45421 | O10: =DATE($M$2,$S$2,10) -> 45422 | P10: =DATE($M$2,$S$2,11) -> 45423 | Q10: =DATE($M$2,$S$2,12) -> 45424 | R10: =DATE($M$2,$S$2,13) -> 45425 | S10: =DATE($M$2,$S$2,14) -> 45426 | T10: =DATE($M$2,$S$2,15) -> 45427 | U10: =DATE($M$2,$S$2,16) -> 45428 | V10: =DATE($M$2,$S$2,17) -> 45429 | W10: =DATE($M$2,$S$2,18) -> 45430 | X10: =DATE($M$2,$S$2,19) -> 45431 | Y10: =DATE($M$2,$S$2,20) -> 45432 | Z10: =DATE($M$2,$S$2,21) -> 45433 | AA10: =DATE($M$2,$S$2,22) -> 45434 | AB10: =DATE($M$2,$S$2,23) -> 45435 | AC10: =DATE($M$2,$S$2,24) -> 45436 | AD10: =DATE($M$2,$S$2,25) -> 45437 | AE10: =DATE($M$2,$S$2,26) -> 45438 | AF10: =DATE($M$2,$S$2,27) -> 45439 | AG10: =DATE($M$2,$S$2,28) -> 45440 | AH10: =IF(DAY(EOMONTH(F10,0))<29,"",DATE($M$2,$S$2,29)) -> 45441 | AI10: =IF(DAY(EOMONTH(F10,0))<30,"",DATE($M$2,$S$2,30)) -> 45442 | AJ10: =IF(DAY(EOMONTH(F10,0))<31,"",DATE($M$2,$S$2,31)) -> 45443
F11: =DATE($M$2,$S$2,1) -> 45413 | G11: =DATE($M$2,$S$2,2) -> 45414 | H11: =DATE($M$2,$S$2,3) -> 45415 | I11: =DATE($M$2,$S$2,4) -> 45416 | J11: =DATE($M$2,$S$2,5) -> 45417 | K11: =DATE($M$2,$S$2,6) -> 45418 | L11: =DATE($M$2,$S$2,7) -> 45419 | M11: =DATE($M$2,$S$2,8) -> 45420 | N11: =DATE($M$2,$S$2,9) -> 45421 | O11: =DATE($M$2,$S$2,10) -> 45422 | P11: =DATE($M$2,$S$2,11) -> 45423 | Q11: =DATE($M$2,$S$2,12) -> 45424 | R11: =DATE($M$2,$S$2,13) -> 45425 | S11: =DATE($M$2,$S$2,14) -> 45426 | T11: =DATE($M$2,$S$2,15) -> 45427 | U11: =DATE($M$2,$S$2,16) -> 45428 | V11: =DATE($M$2,$S$2,17) -> 45429 | W11: =DATE($M$2,$S$2,18) -> 45430 | X11: =DATE($M$2,$S$2,19) -> 45431 | Y11: =DATE($M$2,$S$2,20) -> 45432 | Z11: =DATE($M$2,$S$2,21) -> 45433 | AA11: =DATE($M$2,$S$2,22) -> 45434 | AB11: =DATE($M$2,$S$2,23) -> 45435 | AC11: =DATE($M$2,$S$2,24) -> 45436 | AD11: =DATE($M$2,$S$2,25) -> 45437 | AE11: =DATE($M$2,$S$2,26) -> 45438 | AF11: =DATE($M$2,$S$2,27) -> 45439 | AG11: =DATE($M$2,$S$2,28) -> 45440 | AH11: =IF(DAY(EOMONTH(F11,0))<29,"",DATE($M$2,$S$2,29)) -> 45441 | AI11: =IF(DAY(EOMONTH(F11,0))<30,"",DATE($M$2,$S$2,30)) -> 45442 | AJ11: =IF(DAY(EOMONTH(F11,0))<31,"",DATE($M$2,$S$2,31)) -> 45443
A12: 1 | B12: 管理者 | C12: A | E12: A | AK12: =+SUM(F12:AJ12) -> 0 | AL12: =IF($AK$3="４週",AK12/4,AK12/(DAY(EOMONTH($F$10,0))/7)) -> 0
A13: 2 | B13: サービス管理責任者 | C13: B | E13: B | AK13: =+SUM(F13:AJ13) -> 0 | AL13: =IF($AK$3="４週",AK13/4,AK13/(DAY(EOMONTH($F$10,0))/7)) -> 0
A14: 3 | B14: 職業指導員 | C14: C | E14: C | AK14: =+SUM(F14:AJ14) -> 0 | AL14: =IF($AK$3="４週",AK14/4,AK14/(DAY(EOMONTH($F$10,0))/7)) -> 0
A15: 4 | B15: 生活支援員 | C15: D | E15: D | AK15: =+SUM(F15:AJ15) -> 0 | AL15: =IF($AK$3="４週",AK15/4,AK15/(DAY(EOMONTH($F$10,0))/7)) -> 0
A16: 5 | AK16: =+SUM(F16:AJ16) -> 0 | AL16: =IF($AK$3="４週",AK16/4,AK16/(DAY(EOMONTH($F$10,0))/7)) -> 0
A17: 6 | AK17: =+SUM(F17:AJ17) -> 0 | AL17: =IF($AK$3="４週",AK17/4,AK17/(DAY(EOMONTH($F$10,0))/7)) -> 0
A18: 7 | AK18: =+SUM(F18:AJ18) -> 0 | AL18: =IF($AK$3="４週",AK18/4,AK18/(DAY(EOMONTH($F$10,0))/7)) -> 0
A19: 8 | AK19: =+SUM(F19:AJ19) -> 0 | AL19: =IF($AK$3="４週",AK19/4,AK19/(DAY(EOMONTH($F$10,0))/7)) -> 0
A20: 9 | AK20: =+SUM(F20:AJ20) -> 0 | AL20: =IF($AK$3="４週",AK20/4,AK20/(DAY(EOMONTH($F$10,0))/7)) -> 0
A21: 10 | AK21: =+SUM(F21:AJ21) -> 0 | AL21: =IF($AK$3="４週",AK21/4,AK21/(DAY(EOMONTH($F$10,0))/7)) -> 0
A22: 11 | AK22: =+SUM(F22:AJ22) -> 0 | AL22: =IF($AK$3="４週",AK22/4,AK22/(DAY(EOMONTH($F$10,0))/7)) -> 0
A23: 12 | AK23: =+SUM(F23:AJ23) -> 0 | AL23: =IF($AK$3="４週",AK23/4,AK23/(DAY(EOMONTH($F$10,0))/7)) -> 0
A24: 13 | AK24: =+SUM(F24:AJ24) -> 0 | AL24: =IF($AK$3="４週",AK24/4,AK24/(DAY(EOMONTH($F$10,0))/7)) -> 0
A25: 14 | AK25: =+SUM(F25:AJ25) -> 0 | AL25: =IF($AK$3="４週",AK25/4,AK25/(DAY(EOMONTH($F$10,0))/7)) -> 0
A26: 15 | AK26: =+SUM(F26:AJ26) -> 0 | AL26: =IF($AK$3="４週",AK26/4,AK26/(DAY(EOMONTH($F$10,0))/7)) -> 0
A27: 16 | AK27: =+SUM(F27:AJ27) -> 0 | AL27: =IF($AK$3="４週",AK27/4,AK27/(DAY(EOMONTH($F$10,0))/7)) -> 0
... A31: 20 | AK31: =+SUM(F31:AJ31) -> 0 | AL31: =IF($AK$3="４週",AK31/4,AK31/(DAY(EOMONTH($F$10,0))/7)) -> 0
A32: 合計 | F32: =+SUM(F12:F31) -> 0 | G32: =+SUM(G12:G31) -> 0 | H32: =+SUM(H12:H31) -> 0 | I32: =+SUM(I12:I31) -> 0 | J32: =+SUM(J12:J31) -> 0 | K32: =+SUM(K12:K31) -> 0 | L32: =+SUM(L12:L31) -> 0 | M32: =+SUM(M12:M31) -> 0 | ... AJ32: =+SUM(AJ12:AJ31) -> 0 | AK32: =+SUM(F32:AJ32) -> 0 | AL32: =IF($AK$3="４週",AK32/4,AK32/(DAY(EOMONTH($F$10,0))/7)) -> 0
A33: サービス提供時間
A37: ＜前年度の平均値＞※新規申請の場合は推定数を記載ください。
D38: 4 | E38: 5 | F38: 6 | I38: 7 | L38: 8 | O38: 9 | R38: 10 | U38: 11 | X38: 12 | AA38: 1 | AD38: 2 | AG38: 3 | AJ38: 計 | AL38: 平均利用者数
A39: 利用者延べ数 | D39: 1400 | E39: 1310 | F39: 1400 | I39: 1470 | L39: 1470 | O39: 1330 | R39: 1400 | U39: 1400 | X39: 1330 | AA39: 1330 | AD39: 1330 | AG39: 1400 | AJ39: =SUM(D39:AI39) -> 16570 | AL39: =ROUNDUP(AJ39/AJ40,1) -> 70
A40: 開所日数 | D40: 20 | E40: 19 | F40: 20 | I40: 21 | L40: 21 | O40: 19 | R40: 20 | U40: 20 | X40: 19 | AA40: 19 | AD40: 19 | AG40: 20 | AJ40: =+SUM(D40:AI40) -> 237
A42: ＜人員に関する基準＞
A43: 区分 | C43: サービス管理責任者 | E43: 職業指導員及び生活支援員
A44: 必要な配置数 | C44: =ROUNDDOWN(IF(AL39<=60,1,1+ROUNDUP((AL39-60)/40,0)),1) -> 2 | E44: =ROUNDDOWN(AL39/10,1) -> 7
A46: ＜人員基準に関する実人数集計＞
C47: =IF(VLOOKUP($AK$1,[6]選択肢!$A$1:$J$32,C52,FALSE)=0,"-",VLOOKUP($AK$1,[6]選択肢!$A$1:$J$32,C52,FALSE)) -> 管理者 | E47: =IF(VLOOKUP($AK$1,[6]選択肢!$A$1:$J$32,E52,FALSE)=0,"-",VLOOKUP($AK$1,[6]選択肢!$A$1:$J$32,E52,FALSE)) -> サービス管理責任者 | I47: =IF(VLOOKUP($AK$1,[6]選択肢!$A$1:$J$32,I52,FALSE)=0,"-",VLOOKUP($AK$1,[6]選択肢!$A$1:$J$32,I52,FALSE)) -> 職業指導員 | O47: =IF(VLOOKUP($AK$1,[6]選択肢!$A$1:$J$32,O52,FALSE)=0,"-",VLOOKUP($AK$1,[6]選択肢!$A$1:$J$32,O52,FALSE)) -> 生活支援員 | U47: =IF(VLOOKUP($AK$1,[6]選択肢!$A$1:$J$32,U52,FALSE)=0,"-",VLOOKUP($AK$1,[6]選択肢!$A$1:$J$32,U52,FALSE)) -> - | AA47: =IF(VLOOKUP($AK$1,[6]選択肢!$A$1:$J$32,AA52,FALSE)=0,"-",VLOOKUP($AK$1,[6]選択肢!$A$1:$J$32,AA52,FALSE)) -> - | AG47: =IF(VLOOKUP($AK$1,[6]選択肢!$A$1:$J$32,AG52,FALSE)=0,"-",VLOOKUP($AK$1,[6]選択肢!$A$1:$J$32,AG52,FALSE)) -> - | AL47: =IF(VLOOKUP($AK$1,[6]選択肢!$A$1:$J$32,AL52,FALSE)=0,"-",VLOOKUP($AK$1,[6]選択肢!$A$1:$J$32,AL52,FALSE)) -> -
C48: 専従 | D48: 兼務 | E48: 専従 | F48: 兼務 | I48: 専従 | L48: 兼務 | O48: 専従 | R48: 兼務 | U48: 専従 | X48: 兼務 | AA48: 専従 | AD48: 兼務 | AG48: 専従 | AJ48: 兼務 | AL48: 専従 | AM48: 兼務
B49: 常勤 | C49: =COUNTIFS($B$12:$B$31,C$47,$C$12:$C$31,"A",$E$12:$E$31,"*") -> 1 | D49: =COUNTIFS($B$12:$B$31,C$47,$C$12:$C$31,"B",$E$12:$E$31,"*") -> 0 | E49: =COUNTIFS($B$12:$B$31,E$47,$C$12:$C$31,"A",$E$12:$E$31,"*") -> 0 | F49: =COUNTIFS($B$12:$B$31,E$47,$C$12:$C$31,"B",$E$12:$E$31,"*") -> 1 | I49: =COUNTIFS($B$12:$B$31,I$47,$C$12:$C$31,"A",$E$12:$E$31,"*") -> 0 | L49: =COUNTIFS($B$12:$B$31,I$47,$C$12:$C$31,"B",$E$12:$E$31,"*") -> 0 | O49: =COUNTIFS($B$12:$B$31,O$47,$C$12:$C$31,"A",$E$12:$E$31,"*") -> 0 | R49: =COUNTIFS($B$12:$B$31,O$47,$C$12:$C$31,"B",$E$12:$E$31,"*") -> 0 | U49: =COUNTIFS($B$12:$B$31,U$47,$C$12:$C$31,"A",$E$12:$E$31,"*") -> 0 | X49: =COUNTIFS($B$12:$B$31,U$47,$C$12:$C$31,"B",$E$12:$E$31,"*") -> 0 | AA49: =COUNTIFS($B$12:$B$31,AA$47,$C$12:$C$31,"A",$E$12:$E$31,"*") -> 0 | AD49: =COUNTIFS($B$12:$B$31,AA$47,$C$12:$C$31,"B",$E$12:$E$31,"*") -> 0 | AG49: =COUNTIFS($B$12:$B$31,AG$47,$C$12:$C$31,"A",$E$12:$E$31,"*") -> 0 | AJ49: =COUNTIFS($B$12:$B$31,AG$47,$C$12:$C$31,"B",$E$12:$E$31,"*") -> 0 | AL49: =COUNTIFS($B$12:$B$31,AL$47,$C$12:$C$31,"A",$E$12:$E$31,"*") -> 0 | AM49: =COUNTIFS($B$12:$B$31,AL$47,$C$12:$C$31,"B",$E$12:$E$31,"*") -> 0
B50: 非常勤 | C50: =COUNTIFS($B$12:$B$31,C$47,$C$12:$C$31,"C",$E$12:$E$31,"*") -> 0 | D50: =COUNTIFS($B$12:$B$31,C$47,$C$12:$C$31,"D",$E$12:$E$31,"*") -> 0 | E50: =COUNTIFS($B$12:$B$31,E$47,$C$12:$C$31,"C",$E$12:$E$31,"*") -> 0 | F50: =COUNTIFS($B$12:$B$31,E$47,$C$12:$C$31,"D",$E$12:$E$31,"*") -> 0 | I50: =COUNTIFS($B$12:$B$31,I$47,$C$12:$C$31,"C",$E$12:$E$31,"*") -> 1 | L50: =COUNTIFS($B$12:$B$31,I$47,$C$12:$C$31,"D",$E$12:$E$31,"*") -> 0 | O50: =COUNTIFS($B$12:$B$31,O$47,$C$12:$C$31,"C",$E$12:$E$31,"*") -> 0 | R50: =COUNTIFS($B$12:$B$31,O$47,$C$12:$C$31,"D",$E$12:$E$31,"*") -> 1 | U50: =COUNTIFS($B$12:$B$31,U$47,$C$12:$C$31,"C",$E$12:$E$31,"*") -> 0 | X50: =COUNTIFS($B$12:$B$31,U$47,$C$12:$C$31,"D",$E$12:$E$31,"*") -> 0 | AA50: =COUNTIFS($B$12:$B$31,AA$47,$C$12:$C$31,"C",$E$12:$E$31,"*") -> 0 | AD50: =COUNTIFS($B$12:$B$31,AA$47,$C$12:$C$31,"D",$E$12:$E$31,"*") -> 0 | AG50: =COUNTIFS($B$12:$B$31,AG$47,$C$12:$C$31,"C",$E$12:$E$31,"*") -> 0 | AJ50: =COUNTIFS($B$12:$B$31,AG$47,$C$12:$C$31,"D",$E$12:$E$31,"*") -> 0 | AL50: =COUNTIFS($B$12:$B$31,AL$47,$C$12:$C$31,"C",$E$12:$E$31,"*") -> 0 | AM50: =COUNTIFS($B$12:$B$31,AL$47,$C$12:$C$31,"D",$E$12:$E$31,"*") -> 0
B51: 常勤換算数 | C51: =IF($AK$3="４週",SUMIFS($AK$12:$AK$31,$B$12:$B$31,C47)/4/$AH$6,IF($AK$3="歴月",SUMIFS($AK$12:$AK$31,$B$12:$B$31,C47)/$AL$6,"記載する期間を選択してください")) -> 0 | E51: =IF($AK$3="４週",SUMIFS($AK$12:$AK$31,$B$12:$B$31,E47)/4/$AH$6,IF($AK$3="歴月",SUMIFS($AK$12:$AK$31,$B$12:$B$31,E47)/$AL$6,"記載する期間を選択してください")) -> 0 | I51: =IF($AK$3="４週",SUMIFS($AK$12:$AK$31,$B$12:$B$31,I47)/4/$AH$6,IF($AK$3="歴月",SUMIFS($AK$12:$AK$31,$B$12:$B$31,I47)/$AL$6,"記載する期間を選択してください")) -> 0 | O51: =IF($AK$3="４週",SUMIFS($AK$12:$AK$31,$B$12:$B$31,O47)/4/$AH$6,IF($AK$3="歴月",SUMIFS($AK$12:$AK$31,$B$12:$B$31,O47)/$AL$6,"記載する期間を選択してください")) -> 0 | U51: =IF($AK$3="４週",SUMIFS($AK$12:$AK$31,$B$12:$B$31,U47)/4/$AH$6,IF($AK$3="歴月",SUMIFS($AK$12:$AK$31,$B$12:$B$31,U47)/$AL$6,"記載する期間を選択してください")) -> 0 | AA51: =IF($AK$3="４週",SUMIFS($AK$12:$AK$31,$B$12:$B$31,AA47)/4/$AH$6,IF($AK$3="歴月",SUMIFS($AK$12:$AK$31,$B$12:$B$31,AA47)/$AL$6,"記載する期間を選択してください")) -> 0 | AG51: =IF($AK$3="４週",SUMIFS($AK$12:$AK$31,$B$12:$B$31,AG47)/4/$AH$6,IF($AK$3="歴月",SUMIFS($AK$12:$AK$31,$B$12:$B$31,AG47)/$AL$6,"記載する期間を選択してください")) -> 0 | AL51: =IF($AK$3="４週",SUMIFS($AK$12:$AK$31,$B$12:$B$31,AL47)/4/$AH$6,IF($AK$3="歴月",SUMIFS($AK$12:$AK$31,$B$12:$B$31,AL47)/$AL$6,"記載する期間を選択してください")) -> 0
C52: 2 | E52: 3 | I52: 4 | O52: 5 | U52: 6 | AA52: 7 | AG52: 8 | AL52: 9
A53: ・最初に「年月欄」「サービス種別」「事業所名」を入力してください。 | R53: 6 | X53: 7 | AD53: 8 | AJ53: 9
A54: (1) 「４週」・「暦月」のいずれかを選択してください。
A55: (2) 「予定」・「実績」のいずれかを選択してください。
A56: (3) 施設外就労について「有」「無」のいずれかを選択してください。
A57: (4) 事業所における常勤の従業者が勤務すべき時間数を入力してください。
A58: (5) 従業者の職種を入力してください。
A59: 記入の順序は、職種ごとにまとめてください。
A60: (6) 従業者の勤務形態について、下記のうち該当する区分の記号を入力してください。
B61: 記号 | C61: 区分
B62: A | C62: 常勤で専従
B63: B | C63: 常勤で兼務
B64: C | C64: 非常勤で専従
B65: D | C65: 非常勤で兼務
B66: （注）常勤・非常勤の区分について
B67: 当該事業所における勤務時間が、当該事業所において定められている常勤の従業者が勤務すべき時間数に達していることをいいます。雇用の形態は考慮しません。
B68: （例えば、常勤者は週に40時間勤務することとされた事業所であれば、非正規雇用であっても、週40時間勤務する従業者は常勤扱いとなります。）
A69: (7) 従業者の保有する資格を入力してください。
A70: 保有資格を全て記入するのではなく、人員基準上、求められる資格等を入力してください。
A71: ※選択した資格及び研修に関して、必要に応じて、資格証又は研修修了証等の写しを添付資料として提出してください。
A72: (8) 従業者の氏名を記入してください。
A73: (9) 申請する事業に係る従業者（管理者を含む。）の1ヶ月分の勤務時間を入力してください。
A74: (9・10) 常勤の職員の休暇等については、その期間が暦年で１月を超えるものでない限り、常勤換算の計算上は勤務したものとみなすことができます。
B75: その場合、勤務時間欄には「休」と記入し、勤務時間の合計に含めてください（非常勤職員の休暇等は常勤換算の計算に含めることはできません）。
B76: ※指定基準の確認に際しては、４週分の入力で差し支えありません。
A77: (11) 従業者ごとに、合計勤務時間数を入力してください。
A78: ※ 入力することができる時間数は、当該事業所において常勤の従業者が勤務すべき勤務時間数を上限とします。
A79: (12) 従業者ごとに、週平均の勤務時間数を入力してください。
A80: (13) 申請する事業所以外の事業所・施設との兼務がある場合は、兼務先の事業所・施設の名称、兼務する職務の内容について記入してください。
A81: 同一事業所内の兼務についても兼務する職務の内容を記入してください。
A82: その他、特記事項欄としてもご活用ください。
A83: ・本表には計算式を設定していますが、結果に誤りがないかご確認ください。
A84: ・必要項目を満たしていれば、各事業所で使用するシフト表等をもって代替書類として差し支えありません。

Sheet 勤務形態一覧表（就労継続支援A型・B型）
A1: 従業者の勤務の体制及び勤務形態一覧表 | AI1: サービス種別 | AK1: 就労継続支援Ａ型・Ｂ型
M2: 2024 | Q2: 年 | S2: 5 | U2: 月 | AI2: 事業所名
AI3: (1)記載する期間 | AK3: ４週
AI4: (2)予定/実績の別
AI5: (3)施設外就労の有無 | AK5: 有
AG6: (4)事業所における常勤の従業者が勤務すべき時間数 | AH6: 40 | AK6: 時間/週 | AL6: 160 | AM6: 時間/月
A8: No. | B8: (5)職種 | C8: (6)勤務形態 | D8: (7)資格 | E8: (8)氏名 | F8: (9) | AK8: (10)勤務時間数合計 | AL8: (11)週平均の勤務時間数 | AM8: (12)兼務状況 （兼務先／兼務する職務の内容）等
F9: 第１週 | M9: 第２週 | T9: 第３週 | AA9: 第４週 | AH9: 第５週
B10: ※選択肢にない職種については直接入力してください | F10: =DATE($M$2,$S$2,1) -> 45413 | G10: =DATE($M$2,$S$2,2) -> 45414 | H10: =DATE($M$2,$S$2,3) -> 45415 | I10: =DATE($M$2,$S$2,4) -> 45416 | J10: =DATE($M$2,$S$2,5) -> 45417 | K10: =DATE($M$2,$S$2,6) -> 45418 | L10: =DATE($M$2,$S$2,7) -> 45419 | M10: =DATE($M$2,$S$2,8) -> 45420 | N10: =DATE($M$2,$S$2,9) -> 45421 | O10: =DATE($M$2,$S$2,10) -> 45422 | P10: =DATE($M$2,$S$2,11) -> 45423 | Q10: =DATE($M$2,$S$2,12) -> 45424 | R10: =DATE($M$2,$S$2,13) -> 45425 | S10: =DATE($M$2,$S$2,14) -> 45426 | T10: =DATE($M$2,$S$2,15) -> 45427 | U10: =DATE($M$2,$S$2,16) -> 45428 | V10: =DATE($M$2,$S$2,17) -> 45429 | W10: =DATE($M$2,$S$2,18) -> 45430 | X10: =DATE($M$2,$S$2,19) -> 45431 | Y10: =DATE($M$2,$S$2,20) -> 45432 | Z10: =DATE($M$2,$S$2,21) -> 45433 | AA10: =DATE($M$2,$S$2,22) -> 45434 | AB10: =DATE($M$2,$S$2,23) -> 45435 | AC10: =DATE($M$2,$S$2,24) -> 45436 | AD10: =DATE($M$2,$S$2,25) -> 45437 | AE10: =DATE($M$2,$S$2,26) -> 45438 | AF10: =DATE($M$2,$S$2,27) -> 45439 | AG10: =DATE($M$2,$S$2,28) -> 45440 | AH10: =IF(DAY(EOMONTH(F10,0))<29,"",DATE($M$2,$S$2,29)) -> 45441 | AI10: =IF(DAY(EOMONTH(F10,0))<30,"",DATE($M$2,$S$2,30)) -> 45442 | AJ10: =IF(DAY(EOMONTH(F10,0))<31,"",DATE($M$2,$S$2,31)) -> 45443
F11: =DATE($M$2,$S$2,1) -> 45413 | G11: =DATE($M$2,$S$2,2) -> 45414 | H11: =DATE($M$2,$S$2,3) -> 45415 | I11: =DATE($M$2,$S$2,4) -> 45416 | J11: =DATE($M$2,$S$2,5) -> 45417 | K11: =DATE($M$2,$S$2,6) -> 45418 | L11: =DATE($M$2,$S$2,7) -> 45419 | M11: =DATE($M$2,$S$2,8) -> 45420 | N11: =DATE($M$2,$S$2,9) -> 45421 | O11: =DATE($M$2,$S$2,10) -> 45422 | P11: =DATE($M$2,$S$2,11) -> 45423 | Q11: =DATE($M$2,$S$2,12) -> 45424 | R11: =DATE($M$2,$S$2,13) -> 45425 | S11: =DATE($M$2,$S$2,14) -> 45426 | T11: =DATE($M$2,$S$2,15) -> 45427 | U11: =DATE($M$2,$S$2,16) -> 45428 | V11: =DATE($M$2,$S$2,17) -> 45429 | W11: =DATE($M$2,$S$2,18) -> 45430 | X11: =DATE($M$2,$S$2,19) -> 45431 | Y11: =DATE($M$2,$S$2,20) -> 45432 | Z11: =DATE($M$2,$S$2,21) -> 45433 | AA11: =DATE($M$2,$S$2,22) -> 45434 | AB11: =DATE($M$2,$S$2,23) -> 45435 | AC11: =DATE($M$2,$S$2,24) -> 45436 | AD11: =DATE($M$2,$S$2,25) -> 45437 | AE11: =DATE($M$2,$S$2,26) -> 45438 | AF11: =DATE($M$2,$S$2,27) -> 45439 | AG11: =DATE($M$2,$S$2,28) -> 45440 | AH11: =IF(DAY(EOMONTH(F11,0))<29,"",DATE($M$2,$S$2,29)) -> 45441 | AI11: =IF(DAY(EOMONTH(F11,0))<30,"",DATE($M$2,$S$2,30)) -> 45442 | AJ11: =IF(DAY(EOMONTH(F11,0))<31,"",DATE($M$2,$S$2,31)) -> 45443
A12: 1 | B12: 管理者 | C12: A | E12: A | AK12: =+SUM(F12:AJ12) -> 0 | AL12: =IF($AK$3="４週",AK12/4,AK12/(DAY(EOMONTH($F$10,0))/7)) -> 0
A13: 2 | B13: サービス管理責任者 | C13: B | E13: B | AK13: =+SUM(F13:AJ13) -> 0 | AL13: =IF($AK$3="４週",AK13/4,AK13/(DAY(EOMONTH($F$10,0))/7)) -> 0
A14: 3 | B14: 職業指導員 | C14: C | E14: C | AK14: =+SUM(F14:AJ14) -> 0 | AL14: =IF($AK$3="４週",AK14/4,AK14/(DAY(EOMONTH($F$10,0))/7)) -> 0
A15: 4 | B15: 生活支援員 | C15: D | E15: D | AK15: =+SUM(F15:AJ15) -> 0 | AL15: =IF($AK$3="４週",AK15/4,AK15/(DAY(EOMONTH($F$10,0))/7)) -> 0
A16: 5 | AK16: =+SUM(F16:AJ16) -> 0 | AL16: =IF($AK$3="４週",AK16/4,AK16/(DAY(EOMONTH($F$10,0))/7)) -> 0
A17: 6 | AK17: =+SUM(F17:AJ17) -> 0 | AL17: =IF($AK$3="４週",AK17/4,AK17/(DAY(EOMONTH($F$10,0))/7)) -> 0
A18: 7 | AK18: =+SUM(F18:AJ18) -> 0 | AL18: =IF($AK$3="４週",AK18/4,AK18/(DAY(EOMONTH($F$10,0))/7)) -> 0
A19: 8 | AK19: =+SUM(F19:AJ19) -> 0 | AL19: =IF($AK$3="４週",AK19/4,AK19/(DAY(EOMONTH($F$10,0))/7)) -> 0
A20: 9 | AK20: =+SUM(F20:AJ20) -> 0 | AL20: =IF($AK$3="４週",AK20/4,AK20/(DAY(EOMONTH($F$10,0))/7)) -> 0
A21: 10 | AK21: =+SUM(F21:AJ21) -> 0 | AL21: =IF($AK$3="４週",AK21/4,AK21/(DAY(EOMONTH($F$10,0))/7)) -> 0
A22: 11 | AK22: =+SUM(F22:AJ22) -> 0 | AL22: =IF($AK$3="４週",AK22/4,AK22/(DAY(EOMONTH($F$10,0))/7)) -> 0
A23: 12 | AK23: =+SUM(F23:AJ23) -> 0 | AL23: =IF($AK$3="４週",AK23/4,AK23/(DAY(EOMONTH($F$10,0))/7)) -> 0
A24: 13 | AK24: =+SUM(F24:AJ24) -> 0 | AL24: =IF($AK$3="４週",AK24/4,AK24/(DAY(EOMONTH($F$10,0))/7)) -> 0
A25: 14 | AK25: =+SUM(F25:AJ25) -> 0 | AL25: =IF($AK$3="４週",AK25/4,AK25/(DAY(EOMONTH($F$10,0))/7)) -> 0
A26: 15 | AK26: =+SUM(F26:AJ26) -> 0 | AL26: =IF($AK$3="４週",AK26/4,AK26/(DAY(EOMONTH($F$10,0))/7)) -> 0
A27: 16 | AK27: =+SUM(F27:AJ27) -> 0 | AL27: =IF($AK$3="４週",AK27/4,AK27/(DAY(EOMONTH($F$10,0))/7)) -> 0
... A31: 20 | AK31: =+SUM(F31:AJ31) -> 0 | AL31: =IF($AK$3="４週",AK31/4,AK31/(DAY(EOMONTH($F$10,0))/7)) -> 0
A32: 合計 | F32: =+SUM(F12:F31) -> 0 | G32: =+SUM(G12:G31) -> 0 | H32: =+SUM(H12:H31) -> 0 | I32: =+SUM(I12:I31) -> 0 | J32: =+SUM(J12:J31) -> 0 | K32: =+SUM(K12:K31) -> 0 | L32: =+SUM(L12:L31) -> 0 | M32: =+SUM(M12:M31) -> 0 | ... AJ32: =+SUM(AJ12:AJ31) -> 0 | AK32: =+SUM(F32:AJ32) -> 0 | AL32: =IF($AK$3="４週",AK32/4,AK32/(DAY(EOMONTH($F$10,0))/7)) -> 0
A33: サービス提供時間 | F33: 12 | G33: 20 | H33: 12 | I33: 20 | J33: 12 | K33: 20 | L33: 12 | M33: 20 | N33: 12 | O33: 20 | P33: 12 | Q33: 20 | R33: 12 | S33: 20 | T33: 12 | U33: 20 | V33: 12 | W33: 20 | X33: 12 | Y33: 20 | Z33: 12 | AA33: 20 | AB33: 12 | AC33: 20 | AD33: 12 | AE33: 20 | AF33: 12 | AG33: 20 | AH33: 12 | AI33: 20 | AJ33: 20
A38: ＜前年度の平均値＞※新規申請の場合は推定数を記載ください。
D39: 4 | E39: 5 | F39: 6 | I39: 7 | L39: 8 | O39: 9 | R39: 10 | U39: 11 | X39: 12 | AA39: 1 | AD39: 2 | AG39: 3 | AJ39: 計 | AL39: 平均利用者数
A40: 利用者延べ数 | D40: 1400 | E40: 1310 | F40: 1400 | I40: 1470 | L40: 1470 | O40: 1330 | R40: 1400 | U40: 1400 | X40: 1330 | AA40: 1330 | AD40: 1330 | AG40: 1400 | AJ40: =SUM(D40:AI40) -> 16570 | AL40: =ROUNDUP(AJ40/AJ41,1) -> 70
A41: 開所日数 | D41: 20 | E41: 19 | F41: 20 | I41: 21 | L41: 21 | O41: 19 | R41: 20 | U41: 20 | X41: 19 | AA41: 19 | AD41: 19 | AG41: 20 | AJ41: =+SUM(D41:AI41) -> 237
A43: ＜人員に関する基準＞
A44: 区分 | C44: サービス管理責任者 | E44: 職業指導員及び生活支援員
A45: 必要な配置数 | C45: =ROUNDDOWN(IF(AL40<=60,1,1+ROUNDUP((AL40-60)/40,0)),1) -> 2 | E45: =ROUNDDOWN(AL40/10,1) -> 7
A47: ＜人員基準に関する実人数集計＞
C48: =IF(VLOOKUP($AK$1,[6]選択肢!$A$1:$J$32,C53,FALSE)=0,"-",VLOOKUP($AK$1,[6]選択肢!$A$1:$J$32,C53,FALSE)) -> 管理者 | E48: =IF(VLOOKUP($AK$1,[6]選択肢!$A$1:$J$32,E53,FALSE)=0,"-",VLOOKUP($AK$1,[6]選択肢!$A$1:$J$32,E53,FALSE)) -> サービス管理責任者 | I48: =IF(VLOOKUP($AK$1,[6]選択肢!$A$1:$J$32,I53,FALSE)=0,"-",VLOOKUP($AK$1,[6]選択肢!$A$1:$J$32,I53,FALSE)) -> 職業指導員 | O48: =IF(VLOOKUP($AK$1,[6]選択肢!$A$1:$J$32,O53,FALSE)=0,"-",VLOOKUP($AK$1,[6]選択肢!$A$1:$J$32,O53,FALSE)) -> 生活支援員 | U48: =IF(VLOOKUP($AK$1,[6]選択肢!$A$1:$J$32,U53,FALSE)=0,"-",VLOOKUP($AK$1,[6]選択肢!$A$1:$J$32,U53,FALSE)) -> - | AA48: =IF(VLOOKUP($AK$1,[6]選択肢!$A$1:$J$32,AA53,FALSE)=0,"-",VLOOKUP($AK$1,[6]選択肢!$A$1:$J$32,AA53,FALSE)) -> - | AG48: =IF(VLOOKUP($AK$1,[6]選択肢!$A$1:$J$32,AG53,FALSE)=0,"-",VLOOKUP($AK$1,[6]選択肢!$A$1:$J$32,AG53,FALSE)) -> - | AL48: =IF(VLOOKUP($AK$1,[6]選択肢!$A$1:$J$32,AL53,FALSE)=0,"-",VLOOKUP($AK$1,[6]選択肢!$A$1:$J$32,AL53,FALSE)) -> -
C49: 専従 | D49: 兼務 | E49: 専従 | F49: 兼務 | I49: 専従 | L49: 兼務 | O49: 専従 | R49: 兼務 | U49: 専従 | X49: 兼務 | AA49: 専従 | AD49: 兼務 | AG49: 専従 | AJ49: 兼務 | AL49: 専従 | AM49: 兼務
B50: 常勤 | C50: =COUNTIFS($B$12:$B$31,C$48,$C$12:$C$31,"A",$E$12:$E$31,"*") -> 1 | D50: =COUNTIFS($B$12:$B$31,C$48,$C$12:$C$31,"B",$E$12:$E$31,"*") -> 0 | E50: =COUNTIFS($B$12:$B$31,E$48,$C$12:$C$31,"A",$E$12:$E$31,"*") -> 0 | F50: =COUNTIFS($B$12:$B$31,E$48,$C$12:$C$31,"B",$E$12:$E$31,"*") -> 1 | I50: =COUNTIFS($B$12:$B$31,I$48,$C$12:$C$31,"A",$E$12:$E$31,"*") -> 0 | L50: =COUNTIFS($B$12:$B$31,I$48,$C$12:$C$31,"B",$E$12:$E$31,"*") -> 0 | O50: =COUNTIFS($B$12:$B$31,O$48,$C$12:$C$31,"A",$E$12:$E$31,"*") -> 0 | R50: =COUNTIFS($B$12:$B$31,O$48,$C$12:$C$31,"B",$E$12:$E$31,"*") -> 0 | U50: =COUNTIFS($B$12:$B$31,U$48,$C$12:$C$31,"A",$E$12:$E$31,"*") -> 0 | X50: =COUNTIFS($B$12:$B$31,U$48,$C$12:$C$31,"B",$E$12:$E$31,"*") -> 0 | AA50: =COUNTIFS($B$12:$B$31,AA$48,$C$12:$C$31,"A",$E$12:$E$31,"*") -> 0 | AD50: =COUNTIFS($B$12:$B$31,AA$48,$C$12:$C$31,"B",$E$12:$E$31,"*") -> 0 | AG50: =COUNTIFS($B$12:$B$31,AG$48,$C$12:$C$31,"A",$E$12:$E$31,"*") -> 0 | AJ50: =COUNTIFS($B$12:$B$31,AG$48,$C$12:$C$31,"B",$E$12:$E$31,"*") -> 0 | AL50: =COUNTIFS($B$12:$B$31,AL$48,$C$12:$C$31,"A",$E$12:$E$31,"*") -> 0 | AM50: =COUNTIFS($B$12:$B$31,AL$48,$C$12:$C$31,"B",$E$12:$E$31,"*") -> 0
B51: 非常勤 | C51: =COUNTIFS($B$12:$B$31,C$48,$C$12:$C$31,"C",$E$12:$E$31,"*") -> 0 | D51: =COUNTIFS($B$12:$B$31,C$48,$C$12:$C$31,"D",$E$12:$E$31,"*") -> 0 | E51: =COUNTIFS($B$12:$B$31,E$48,$C$12:$C$31,"C",$E$12:$E$31,"*") -> 0 | F51: =COUNTIFS($B$12:$B$31,E$48,$C$12:$C$31,"D",$E$12:$E$31,"*") -> 0 | I51: =COUNTIFS($B$12:$B$31,I$48,$C$12:$C$31,"C",$E$12:$E$31,"*") -> 1 | L51: =COUNTIFS($B$12:$B$31,I$48,$C$12:$C$31,"D",$E$12:$E$31,"*") -> 0 | O51: =COUNTIFS($B$12:$B$31,O$48,$C$12:$C$31,"C",$E$12:$E$31,"*") -> 0 | R51: =COUNTIFS($B$12:$B$31,O$48,$C$12:$C$31,"D",$E$12:$E$31,"*") -> 1 | U51: =COUNTIFS($B$12:$B$31,U$48,$C$12:$C$31,"C",$E$12:$E$31,"*") -> 0 | X51: =COUNTIFS($B$12:$B$31,U$48,$C$12:$C$31,"D",$E$12:$E$31,"*") -> 0 | AA51: =COUNTIFS($B$12:$B$31,AA$48,$C$12:$C$31,"C",$E$12:$E$31,"*") -> 0 | AD51: =COUNTIFS($B$12:$B$31,AA$48,$C$12:$C$31,"D",$E$12:$E$31,"*") -> 0 | AG51: =COUNTIFS($B$12:$B$31,AG$48,$C$12:$C$31,"C",$E$12:$E$31,"*") -> 0 | AJ51: =COUNTIFS($B$12:$B$31,AG$48,$C$12:$C$31,"D",$E$12:$E$31,"*") -> 0 | AL51: =COUNTIFS($B$12:$B$31,AL$48,$C$12:$C$31,"C",$E$12:$E$31,"*") -> 0 | AM51: =COUNTIFS($B$12:$B$31,AL$48,$C$12:$C$31,"D",$E$12:$E$31,"*") -> 0
B52: 常勤換算数 | C52: =IF($AK$3="４週",SUMIFS($AK$12:$AK$31,$B$12:$B$31,C48)/4/$AH$6,IF($AK$3="歴月",SUMIFS($AK$12:$AK$31,$B$12:$B$31,C48)/$AL$6,"記載する期間を選択してください")) -> 0 | E52: =IF($AK$3="４週",SUMIFS($AK$12:$AK$31,$B$12:$B$31,E48)/4/$AH$6,IF($AK$3="歴月",SUMIFS($AK$12:$AK$31,$B$12:$B$31,E48)/$AL$6,"記載する期間を選択してください")) -> 0 | I52: =IF($AK$3="４週",SUMIFS($AK$12:$AK$31,$B$12:$B$31,I48)/4/$AH$6,IF($AK$3="歴月",SUMIFS($AK$12:$AK$31,$B$12:$B$31,I48)/$AL$6,"記載する期間を選択してください")) -> 0 | O52: =IF($AK$3="４週",SUMIFS($AK$12:$AK$31,$B$12:$B$31,O48)/4/$AH$6,IF($AK$3="歴月",SUMIFS($AK$12:$AK$31,$B$12:$B$31,O48)/$AL$6,"記載する期間を選択してください")) -> 0 | U52: =IF($AK$3="４週",SUMIFS($AK$12:$AK$31,$B$12:$B$31,U48)/4/$AH$6,IF($AK$3="歴月",SUMIFS($AK$12:$AK$31,$B$12:$B$31,U48)/$AL$6,"記載する期間を選択してください")) -> 0 | AA52: =IF($AK$3="４週",SUMIFS($AK$12:$AK$31,$B$12:$B$31,AA48)/4/$AH$6,IF($AK$3="歴月",SUMIFS($AK$12:$AK$31,$B$12:$B$31,AA48)/$AL$6,"記載する期間を選択してください")) -> 0 | AG52: =IF($AK$3="４週",SUMIFS($AK$12:$AK$31,$B$12:$B$31,AG48)/4/$AH$6,IF($AK$3="歴月",SUMIFS($AK$12:$AK$31,$B$12:$B$31,AG48)/$AL$6,"記載する期間を選択してください")) -> 0 | AL52: =IF($AK$3="４週",SUMIFS($AK$12:$AK$31,$B$12:$B$31,AL48)/4/$AH$6,IF($AK$3="歴月",SUMIFS($AK$12:$AK$31,$B$12:$B$31,AL48)/$AL$6,"記載する期間を選択してください")) -> 0
C53: 2 | E53: 3 | I53: 4 | O53: 5 | U53: 6 | AA53: 7 | AG53: 8 | AL53: 9
A54: ・最初に「年月欄」「サービス種別」「事業所名」を入力してください。 | R54: 6 | X54: 7 | AD54: 8 | AJ54: 9
A55: (1) 「４週」・「暦月」のいずれかを選択してください。
A56: (2) 「予定」・「実績」のいずれかを選択してください。
A57: (3) 施設外就労について「有」「無」のいずれかを選択してください。
A58: (4) 事業所における常勤の従業者が勤務すべき時間数を入力してください。
A59: (5) 従業者の職種を入力してください。
A60: 記入の順序は、職種ごとにまとめてください。
A61: (6) 従業者の勤務形態について、下記のうち該当する区分の記号を入力してください。
B62: 記号 | C62: 区分
B63: A | C63: 常勤で専従
B64: B | C64: 常勤で兼務
B65: C | C65: 非常勤で専従
B66: D | C66: 非常勤で兼務
B67: （注）常勤・非常勤の区分について
B68: 当該事業所における勤務時間が、当該事業所において定められている常勤の従業者が勤務すべき時間数に達していることをいいます。雇用の形態は考慮しません。
B69: （例えば、常勤者は週に40時間勤務することとされた事業所であれば、非正規雇用であっても、週40時間勤務する従業者は常勤扱いとなります。）
A70: (7) 従業者の保有する資格を入力してください。
A71: 保有資格を全て記入するのではなく、人員基準・加配加算上、求められる資格等を入力してください。
A72: ※選択した資格及び研修に関して、必要に応じて、資格証又は研修修了証等の写しを添付資料として提出してください。
A73: (8) 従業者の氏名を記入してください。
A74: (9) 申請する事業に係る従業者（管理者を含む。）の1ヶ月分の勤務時間を入力してください。
A75: (9・10) 常勤の職員の休暇等については、その期間が暦年で１月を超えるものでない限り、常勤換算の計算上は勤務したものとみなすことができます。
B76: その場合、勤務時間欄には「休」と記入し、勤務時間の合計に含めてください（非常勤職員の休暇等は常勤換算の計算に含めることはできません）。
B77: ※指定基準の確認に際しては、４週分の入力で差し支えありません。
A78: (11) 従業者ごとに、合計勤務時間数を入力してください。
A79: ※ 入力することができる時間数は、当該事業所において常勤の従業者が勤務すべき勤務時間数を上限とします。
A80: (12) 従業者ごとに、週平均の勤務時間数を入力してください。
A81: (13) 申請する事業所以外の事業所・施設との兼務がある場合は、兼務先の事業所・施設の名称、兼務する職務の内容について記入してください。
A82: 同一事業所内の兼務についても兼務する職務の内容を記入してください。
A83: その他、特記事項欄としてもご活用ください。
A84: ・本表には計算式を設定していますが、結果に誤りがないかご確認ください。
A85: ・必要項目を満たしていれば、各事業所で使用するシフト表等をもって代替書類として差し支えありません。

Sheet 勤務形態一覧表（就労定着支援）
A1: 従業者の勤務の体制及び勤務形態一覧表 | AI1: サービス種別 | AK1: 就労定着支援
M2: 2024 | Q2: 年 | S2: 5 | U2: 月 | AI2: 事業所名
AI3: (1)記載する期間 | AK3: ４週
AI4: (2)予定/実績の別
AG5: (3)事業所における常勤の従業者が勤務すべき時間数 | AH5: 40 | AK5: 時間/週 | AL5: 160 | AM5: 時間/月
A7: No. | B7: (4)職種 | C7: (5)勤務形態 | D7: (6)資格 | E7: (7)氏名 | F7: (8) | AK7: (9)勤務時間数合計 | AL7: (10)週平均の勤務時間数 | AM7: (11)兼務状況 （兼務先／兼務する職務の内容）等
F8: 第１週 | M8: 第２週 | T8: 第３週 | AA8: 第４週 | AH8: 第５週
B9: ※選択肢にない職種については直接入力してください | F9: =DATE($M$2,$S$2,1) -> 45413 | G9: =DATE($M$2,$S$2,2) -> 45414 | H9: =DATE($M$2,$S$2,3) -> 45415 | I9: =DATE($M$2,$S$2,4) -> 45416 | J9: =DATE($M$2,$S$2,5) -> 45417 | K9: =DATE($M$2,$S$2,6) -> 45418 | L9: =DATE($M$2,$S$2,7) -> 45419 | M9: =DATE($M$2,$S$2,8) -> 45420 | N9: =DATE($M$2,$S$2,9) -> 45421 | O9: =DATE($M$2,$S$2,10) -> 45422 | P9: =DATE($M$2,$S$2,11) -> 45423 | Q9: =DATE($M$2,$S$2,12) -> 45424 | R9: =DATE($M$2,$S$2,13) -> 45425 | S9: =DATE($M$2,$S$2,14) -> 45426 | T9: =DATE($M$2,$S$2,15) -> 45427 | U9: =DATE($M$2,$S$2,16) -> 45428 | V9: =DATE($M$2,$S$2,17) -> 45429 | W9: =DATE($M$2,$S$2,18) -> 45430 | X9: =DATE($M$2,$S$2,19) -> 45431 | Y9: =DATE($M$2,$S$2,20) -> 45432 | Z9: =DATE($M$2,$S$2,21) -> 45433 | AA9: =DATE($M$2,$S$2,22) -> 45434 | AB9: =DATE($M$2,$S$2,23) -> 45435 | AC9: =DATE($M$2,$S$2,24) -> 45436 | AD9: =DATE($M$2,$S$2,25) -> 45437 | AE9: =DATE($M$2,$S$2,26) -> 45438 | AF9: =DATE($M$2,$S$2,27) -> 45439 | AG9: =DATE($M$2,$S$2,28) -> 45440 | AH9: =IF(DAY(EOMONTH(F9,0))<29,"",DATE($M$2,$S$2,29)) -> 45441 | AI9: =IF(DAY(EOMONTH(F9,0))<30,"",DATE($M$2,$S$2,30)) -> 45442 | AJ9: =IF(DAY(EOMONTH(F9,0))<31,"",DATE($M$2,$S$2,31)) -> 45443
F10: =DATE($M$2,$S$2,1) -> 45413 | G10: =DATE($M$2,$S$2,2) -> 45414 | H10: =DATE($M$2,$S$2,3) -> 45415 | I10: =DATE($M$2,$S$2,4) -> 45416 | J10: =DATE($M$2,$S$2,5) -> 45417 | K10: =DATE($M$2,$S$2,6) -> 45418 | L10: =DATE($M$2,$S$2,7) -> 45419 | M10: =DATE($M$2,$S$2,8) -> 45420 | N10: =DATE($M$2,$S$2,9) -> 45421 | O10: =DATE($M$2,$S$2,10) -> 45422 | P10: =DATE($M$2,$S$2,11) -> 45423 | Q10: =DATE($M$2,$S$2,12) -> 45424 | R10: =DATE($M$2,$S$2,13) -> 45425 | S10: =DATE($M$2,$S$2,14) -> 45426 | T10: =DATE($M$2,$S$2,15) -> 45427 | U10: =DATE($M$2,$S$2,16) -> 45428 | V10: =DATE($M$2,$S$2,17) -> 45429 | W10: =DATE($M$2,$S$2,18) -> 45430 | X10: =DATE($M$2,$S$2,19) -> 45431 | Y10: =DATE($M$2,$S$2,20) -> 45432 | Z10: =DATE($M$2,$S$2,21) -> 45433 | AA10: =DATE($M$2,$S$2,22) -> 45434 | AB10: =DATE($M$2,$S$2,23) -> 45435 | AC10: =DATE($M$2,$S$2,24) -> 45436 | AD10: =DATE($M$2,$S$2,25) -> 45437 | AE10: =DATE($M$2,$S$2,26) -> 45438 | AF10: =DATE($M$2,$S$2,27) -> 45439 | AG10: =DATE($M$2,$S$2,28) -> 45440 | AH10: =IF(DAY(EOMONTH(F10,0))<29,"",DATE($M$2,$S$2,29)) -> 45441 | AI10: =IF(DAY(EOMONTH(F10,0))<30,"",DATE($M$2,$S$2,30)) -> 45442 | AJ10: =IF(DAY(EOMONTH(F10,0))<31,"",DATE($M$2,$S$2,31)) -> 45443
A11: 1 | B11: 管理者 | C11: A | E11: A | AK11: =+SUM(F11:AJ11) -> 0 | AL11: =IF($AK$3="４週",AK11/4,AK11/(DAY(EOMONTH($F$9,0))/7)) -> 0
A12: 2 | B12: サービス管理責任者 | C12: B | E12: B | AK12: =+SUM(F12:AJ12) -> 0 | AL12: =IF($AK$3="４週",AK12/4,AK12/(DAY(EOMONTH($F$9,0))/7)) -> 0
A13: 3 | B13: 就労定着支援員 | C13: C | E13: C | AK13: =+SUM(F13:AJ13) -> 0 | AL13: =IF($AK$3="４週",AK13/4,AK13/(DAY(EOMONTH($F$9,0))/7)) -> 0
A14: 4 | B14: 就労定着支援員 | C14: D | E14: D | AK14: =+SUM(F14:AJ14) -> 0 | AL14: =IF($AK$3="４週",AK14/4,AK14/(DAY(EOMONTH($F$9,0))/7)) -> 0
A15: 5 | AK15: =+SUM(F15:AJ15) -> 0 | AL15: =IF($AK$3="４週",AK15/4,AK15/(DAY(EOMONTH($F$9,0))/7)) -> 0
A16: 6 | AK16: =+SUM(F16:AJ16) -> 0 | AL16: =IF($AK$3="４週",AK16/4,AK16/(DAY(EOMONTH($F$9,0))/7)) -> 0
A17: 7 | AK17: =+SUM(F17:AJ17) -> 0 | AL17: =IF($AK$3="４週",AK17/4,AK17/(DAY(EOMONTH($F$9,0))/7)) -> 0
A18: 8 | AK18: =+SUM(F18:AJ18) -> 0 | AL18: =IF($AK$3="４週",AK18/4,AK18/(DAY(EOMONTH($F$9,0))/7)) -> 0
A19: 9 | AK19: =+SUM(F19:AJ19) -> 0 | AL19: =IF($AK$3="４週",AK19/4,AK19/(DAY(EOMONTH($F$9,0))/7)) -> 0
A20: 10 | AK20: =+SUM(F20:AJ20) -> 0 | AL20: =IF($AK$3="４週",AK20/4,AK20/(DAY(EOMONTH($F$9,0))/7)) -> 0
A21: 11 | AK21: =+SUM(F21:AJ21) -> 0 | AL21: =IF($AK$3="４週",AK21/4,AK21/(DAY(EOMONTH($F$9,0))/7)) -> 0
A22: 12 | AK22: =+SUM(F22:AJ22) -> 0 | AL22: =IF($AK$3="４週",AK22/4,AK22/(DAY(EOMONTH($F$9,0))/7)) -> 0
A23: 13 | AK23: =+SUM(F23:AJ23) -> 0 | AL23: =IF($AK$3="４週",AK23/4,AK23/(DAY(EOMONTH($F$9,0))/7)) -> 0
A24: 14 | AK24: =+SUM(F24:AJ24) -> 0 | AL24: =IF($AK$3="４週",AK24/4,AK24/(DAY(EOMONTH($F$9,0))/7)) -> 0
A25: 15 | AK25: =+SUM(F25:AJ25) -> 0 | AL25: =IF($AK$3="４週",AK25/4,AK25/(DAY(EOMONTH($F$9,0))/7)) -> 0
A26: 16 | AK26: =+SUM(F26:AJ26) -> 0 | AL26: =IF($AK$3="４週",AK26/4,AK26/(DAY(EOMONTH($F$9,0))/7)) -> 0
... A30: 20 | AK30: =+SUM(F30:AJ30) -> 0 | AL30: =IF($AK$3="４週",AK30/4,AK30/(DAY(EOMONTH($F$9,0))/7)) -> 0
A31: 合計 | F31: =+SUM(F11:F30) -> 0 | G31: =+SUM(G11:G30) -> 0 | H31: =+SUM(H11:H30) -> 0 | I31: =+SUM(I11:I30) -> 0 | J31: =+SUM(J11:J30) -> 0 | K31: =+SUM(K11:K30) -> 0 | L31: =+SUM(L11:L30) -> 0 | M31: =+SUM(M11:M30) -> 0 | ... AJ31: =+SUM(AJ11:AJ30) -> 0 | AK31: =+SUM(F31:AJ31) -> 0 | AL31: =IF($AK$3="４週",AK31/4,AK31/(DAY(EOMONTH($F$9,0))/7)) -> 0
A32: サービス提供時間
A36: ＜前年度の平均値＞※新規申請の場合は推定数を記載ください。
D37: 4 | E37: 5 | F37: 6 | I37: 7 | L37: 8 | O37: 9 | R37: 10 | U37: 11 | X37: 12 | AA37: 1 | AD37: 2 | AG37: 3 | AJ37: 計 | AL37: 平均利用者数
A38: 利用者延べ数 | D38: 1400 | E38: 1310 | F38: 1400 | I38: 1470 | L38: 1470 | O38: 1330 | R38: 1400 | U38: 1400 | X38: 1330 | AA38: 1330 | AD38: 1330 | AG38: 1400 | AJ38: =SUM(D38:AI38) -> 16570 | AL38: =ROUNDUP(AJ38/AJ39,1) -> 70
A39: 開所日数 | D39: 20 | E39: 19 | F39: 20 | I39: 21 | L39: 21 | O39: 19 | R39: 20 | U39: 20 | X39: 19 | AA39: 19 | AD39: 19 | AG39: 20 | AJ39: =+SUM(D39:AI39) -> 237
A41: ＜人員に関する基準＞
A42: 区分 | C42: サービス管理責任者 | E42: 就労定着支援員
A43: 必要な配置数 | C43: =ROUNDDOWN(IF(AL38<=60,1,1+ROUNDUP((AL38-60)/40,0)),1) -> 2 | E43: =ROUNDDOWN(AL38/40,1) -> 1.7
A45: ＜人員基準に関する実人数集計＞
C46: =IF(VLOOKUP($AK$1,[7]選択肢!$A$1:$J$32,C51,FALSE)=0,"-",VLOOKUP($AK$1,[7]選択肢!$A$1:$J$32,C51,FALSE)) -> 管理者 | E46: =IF(VLOOKUP($AK$1,[7]選択肢!$A$1:$J$32,E51,FALSE)=0,"-",VLOOKUP($AK$1,[7]選択肢!$A$1:$J$32,E51,FALSE)) -> サービス管理責任者 | I46: =IF(VLOOKUP($AK$1,[7]選択肢!$A$1:$J$32,I51,FALSE)=0,"-",VLOOKUP($AK$1,[7]選択肢!$A$1:$J$32,I51,FALSE)) -> 就労定着支援員 | O46: =IF(VLOOKUP($AK$1,[7]選択肢!$A$1:$J$32,O51,FALSE)=0,"-",VLOOKUP($AK$1,[7]選択肢!$A$1:$J$32,O51,FALSE)) -> - | U46: =IF(VLOOKUP($AK$1,[7]選択肢!$A$1:$J$32,U51,FALSE)=0,"-",VLOOKUP($AK$1,[7]選択肢!$A$1:$J$32,U51,FALSE)) -> - | AA46: =IF(VLOOKUP($AK$1,[7]選択肢!$A$1:$J$32,AA51,FALSE)=0,"-",VLOOKUP($AK$1,[7]選択肢!$A$1:$J$32,AA51,FALSE)) -> - | AG46: =IF(VLOOKUP($AK$1,[7]選択肢!$A$1:$J$32,AG51,FALSE)=0,"-",VLOOKUP($AK$1,[7]選択肢!$A$1:$J$32,AG51,FALSE)) -> - | AL46: =IF(VLOOKUP($AK$1,[7]選択肢!$A$1:$J$32,AL51,FALSE)=0,"-",VLOOKUP($AK$1,[7]選択肢!$A$1:$J$32,AL51,FALSE)) -> -
C47: 専従 | D47: 兼務 | E47: 専従 | F47: 兼務 | I47: 専従 | L47: 兼務 | O47: 専従 | R47: 兼務 | U47: 専従 | X47: 兼務 | AA47: 専従 | AD47: 兼務 | AG47: 専従 | AJ47: 兼務 | AL47: 専従 | AM47: 兼務
B48: 常勤 | C48: =COUNTIFS($B$11:$B$30,C$46,$C$11:$C$30,"A",$E$11:$E$30,"*") -> 1 | D48: =COUNTIFS($B$11:$B$30,C$46,$C$11:$C$30,"B",$E$11:$E$30,"*") -> 0 | E48: =COUNTIFS($B$11:$B$30,E$46,$C$11:$C$30,"A",$E$11:$E$30,"*") -> 0 | F48: =COUNTIFS($B$11:$B$30,E$46,$C$11:$C$30,"B",$E$11:$E$30,"*") -> 1 | I48: =COUNTIFS($B$11:$B$30,I$46,$C$11:$C$30,"A",$E$11:$E$30,"*") -> 0 | L48: =COUNTIFS($B$11:$B$30,I$46,$C$11:$C$30,"B",$E$11:$E$30,"*") -> 0 | O48: =COUNTIFS($B$11:$B$30,O$46,$C$11:$C$30,"A",$E$11:$E$30,"*") -> 0 | R48: =COUNTIFS($B$11:$B$30,O$46,$C$11:$C$30,"B",$E$11:$E$30,"*") -> 0 | U48: =COUNTIFS($B$11:$B$30,U$46,$C$11:$C$30,"A",$E$11:$E$30,"*") -> 0 | X48: =COUNTIFS($B$11:$B$30,U$46,$C$11:$C$30,"B",$E$11:$E$30,"*") -> 0 | AA48: =COUNTIFS($B$11:$B$30,AA$46,$C$11:$C$30,"A",$E$11:$E$30,"*") -> 0 | AD48: =COUNTIFS($B$11:$B$30,AA$46,$C$11:$C$30,"B",$E$11:$E$30,"*") -> 0 | AG48: =COUNTIFS($B$11:$B$30,AG$46,$C$11:$C$30,"A",$E$11:$E$30,"*") -> 0 | AJ48: =COUNTIFS($B$11:$B$30,AG$46,$C$11:$C$30,"B",$E$11:$E$30,"*") -> 0 | AL48: =COUNTIFS($B$11:$B$30,AL$46,$C$11:$C$30,"A",$E$11:$E$30,"*") -> 0 | AM48: =COUNTIFS($B$11:$B$30,AL$46,$C$11:$C$30,"B",$E$11:$E$30,"*") -> 0
B49: 非常勤 | C49: =COUNTIFS($B$11:$B$30,C$46,$C$11:$C$30,"C",$E$11:$E$30,"*") -> 0 | D49: =COUNTIFS($B$11:$B$30,C$46,$C$11:$C$30,"D",$E$11:$E$30,"*") -> 0 | E49: =COUNTIFS($B$11:$B$30,E$46,$C$11:$C$30,"C",$E$11:$E$30,"*") -> 0 | F49: =COUNTIFS($B$11:$B$30,E$46,$C$11:$C$30,"D",$E$11:$E$30,"*") -> 0 | I49: =COUNTIFS($B$11:$B$30,I$46,$C$11:$C$30,"C",$E$11:$E$30,"*") -> 1 | L49: =COUNTIFS($B$11:$B$30,I$46,$C$11:$C$30,"D",$E$11:$E$30,"*") -> 1 | O49: =COUNTIFS($B$11:$B$30,O$46,$C$11:$C$30,"C",$E$11:$E$30,"*") -> 0 | R49: =COUNTIFS($B$11:$B$30,O$46,$C$11:$C$30,"D",$E$11:$E$30,"*") -> 0 | U49: =COUNTIFS($B$11:$B$30,U$46,$C$11:$C$30,"C",$E$11:$E$30,"*") -> 0 | X49: =COUNTIFS($B$11:$B$30,U$46,$C$11:$C$30,"D",$E$11:$E$30,"*") -> 0 | AA49: =COUNTIFS($B$11:$B$30,AA$46,$C$11:$C$30,"C",$E$11:$E$30,"*") -> 0 | AD49: =COUNTIFS($B$11:$B$30,AA$46,$C$11:$C$30,"D",$E$11:$E$30,"*") -> 0 | AG49: =COUNTIFS($B$11:$B$30,AG$46,$C$11:$C$30,"C",$E$11:$E$30,"*") -> 0 | AJ49: =COUNTIFS($B$11:$B$30,AG$46,$C$11:$C$30,"D",$E$11:$E$30,"*") -> 0 | AL49: =COUNTIFS($B$11:$B$30,AL$46,$C$11:$C$30,"C",$E$11:$E$30,"*") -> 0 | AM49: =COUNTIFS($B$11:$B$30,AL$46,$C$11:$C$30,"D",$E$11:$E$30,"*") -> 0
B50: 常勤換算数 | C50: =IF($AK$3="４週",SUMIFS($AK$11:$AK$30,$B$11:$B$30,C46)/4/$AH$5,IF($AK$3="歴月",SUMIFS($AK$11:$AK$30,$B$11:$B$30,C46)/$AL$5,"記載する期間を選択してください")) -> 0 | E50: =IF($AK$3="４週",SUMIFS($AK$11:$AK$30,$B$11:$B$30,E46)/4/$AH$5,IF($AK$3="歴月",SUMIFS($AK$11:$AK$30,$B$11:$B$30,E46)/$AL$5,"記載する期間を選択してください")) -> 0 | I50: =IF($AK$3="４週",SUMIFS($AK$11:$AK$30,$B$11:$B$30,I46)/4/$AH$5,IF($AK$3="歴月",SUMIFS($AK$11:$AK$30,$B$11:$B$30,I46)/$AL$5,"記載する期間を選択してください")) -> 0 | O50: =IF($AK$3="４週",SUMIFS($AK$11:$AK$30,$B$11:$B$30,O46)/4/$AH$5,IF($AK$3="歴月",SUMIFS($AK$11:$AK$30,$B$11:$B$30,O46)/$AL$5,"記載する期間を選択してください")) -> 0 | U50: =IF($AK$3="４週",SUMIFS($AK$11:$AK$30,$B$11:$B$30,U46)/4/$AH$5,IF($AK$3="歴月",SUMIFS($AK$11:$AK$30,$B$11:$B$30,U46)/$AL$5,"記載する期間を選択してください")) -> 0 | AA50: =IF($AK$3="４週",SUMIFS($AK$11:$AK$30,$B$11:$B$30,AA46)/4/$AH$5,IF($AK$3="歴月",SUMIFS($AK$11:$AK$30,$B$11:$B$30,AA46)/$AL$5,"記載する期間を選択してください")) -> 0 | AG50: =IF($AK$3="４週",SUMIFS($AK$11:$AK$30,$B$11:$B$30,AG46)/4/$AH$5,IF($AK$3="歴月",SUMIFS($AK$11:$AK$30,$B$11:$B$30,AG46)/$AL$5,"記載する期間を選択してください")) -> 0 | AL50: =IF($AK$3="４週",SUMIFS($AK$11:$AK$30,$B$11:$B$30,AL46)/4/$AH$5,IF($AK$3="歴月",SUMIFS($AK$11:$AK$30,$B$11:$B$30,AL46)/$AL$5,"記載する期間を選択してください")) -> 0
C51: 2 | E51: 3 | I51: 4 | O51: 5 | U51: 6 | AA51: 7 | AG51: 8 | AL51: 9
A52: ・最初に「年月欄」「サービス種別」「事業所名」を入力してください。 | R52: 6 | X52: 7 | AD52: 8 | AJ52: 9
A53: (1) 「４週」・「暦月」のいずれかを選択してください。
A54: (2) 「予定」・「実績」のいずれかを選択してください。
A55: (3) 事業所における常勤の従業者が勤務すべき時間数を入力してください。
A56: (4) 従業者の職種を入力してください。
A57: 記入の順序は、職種ごとにまとめてください。
A58: (5) 従業者の勤務形態について、下記のうち該当する区分の記号を入力してください。
B59: 記号 | C59: 区分
B60: A | C60: 常勤で専従
B61: B | C61: 常勤で兼務
B62: C | C62: 非常勤で専従
B63: D | C63: 非常勤で兼務
B64: （注）常勤・非常勤の区分について
B65: 当該事業所における勤務時間が、当該事業所において定められている常勤の従業者が勤務すべき時間数に達していることをいいます。雇用の形態は考慮しません。
B66: （例えば、常勤者は週に40時間勤務することとされた事業所であれば、非正規雇用であっても、週40時間勤務する従業者は常勤扱いとなります。）
A67: (6) 従業者の保有する資格を入力してください。
A68: 保有資格を全て記入するのではなく、人員基準上、求められる資格等を入力してください。
A69: ※選択した資格及び研修に関して、必要に応じて、資格証又は研修修了証等の写しを添付資料として提出してください。
A70: (7) 従業者の氏名を記入してください。
A71: (8) 申請する事業に係る従業者（管理者を含む。）の1ヶ月分の勤務時間を入力してください。
A72: (9) 常勤の職員の休暇等については、その期間が暦年で１月を超えるものでない限り、常勤換算の計算上は勤務したものとみなすことができます。
B73: その場合、勤務時間欄には「休」と記入し、勤務時間の合計に含めてください（非常勤職員の休暇等は常勤換算の計算に含めることはできません）。
B74: ※指定基準の確認に際しては、４週分の入力で差し支えありません。
A75: (10) 従業者ごとに、合計勤務時間数を入力してください。
A76: ※ 入力することができる時間数は、当該事業所において常勤の従業者が勤務すべき勤務時間数を上限とします。
A77: (11) 従業者ごとに、週平均の勤務時間数を入力してください。
A78: (12) 申請する事業所以外の事業所・施設との兼務がある場合は、兼務先の事業所・施設の名称、兼務する職務の内容について記入してください。
A79: 同一事業所内の兼務についても兼務する職務の内容を記入してください。
A80: その他、特記事項欄としてもご活用ください。
A81: （13)本表には計算式を設定していますが、結果に誤りがないかご確認ください。
A82: （14) 必要項目を満たしていれば、各事業所で使用するシフト表等をもって代替書類として差し支えありません。

Sheet 勤務形態一覧表（自立生活援助）
A1: 従業者の勤務の体制及び勤務形態一覧表 | AI1: サービス種別 | AK1: 自立生活援助
M2: 2024 | Q2: 年 | S2: 5 | U2: 月 | AI2: 事業所名
AI3: (1)記載する期間 | AK3: ４週
AI4: (2)予定/実績の別
AG5: (3)事業所における常勤の従業者が勤務すべき時間数 | AK5: 時間/週 | AM5: 時間/月
A7: No. | B7: (4)職種 | C7: (5)勤務形態 | D7: (6)資格 | E7: (7)氏名 | F7: (8) | AK7: (9)勤務時間数合計 | AL7: (10)週平均の勤務時間数 | AM7: (11)兼務状況 （兼務先／兼務する職務の内容）等
F8: 第１週 | M8: 第２週 | T8: 第３週 | AA8: 第４週 | AH8: 第５週
B9: ※選択肢にない職種については直接入力してください | F9: =DATE($M$2,$S$2,1) -> 45413 | G9: =DATE($M$2,$S$2,2) -> 45414 | H9: =DATE($M$2,$S$2,3) -> 45415 | I9: =DATE($M$2,$S$2,4) -> 45416 | J9: =DATE($M$2,$S$2,5) -> 45417 | K9: =DATE($M$2,$S$2,6) -> 45418 | L9: =DATE($M$2,$S$2,7) -> 45419 | M9: =DATE($M$2,$S$2,8) -> 45420 | N9: =DATE($M$2,$S$2,9) -> 45421 | O9: =DATE($M$2,$S$2,10) -> 45422 | P9: =DATE($M$2,$S$2,11) -> 45423 | Q9: =DATE($M$2,$S$2,12) -> 45424 | R9: =DATE($M$2,$S$2,13) -> 45425 | S9: =DATE($M$2,$S$2,14) -> 45426 | T9: =DATE($M$2,$S$2,15) -> 45427 | U9: =DATE($M$2,$S$2,16) -> 45428 | V9: =DATE($M$2,$S$2,17) -> 45429 | W9: =DATE($M$2,$S$2,18) -> 45430 | X9: =DATE($M$2,$S$2,19) -> 45431 | Y9: =DATE($M$2,$S$2,20) -> 45432 | Z9: =DATE($M$2,$S$2,21) -> 45433 | AA9: =DATE($M$2,$S$2,22) -> 45434 | AB9: =DATE($M$2,$S$2,23) -> 45435 | AC9: =DATE($M$2,$S$2,24) -> 45436 | AD9: =DATE($M$2,$S$2,25) -> 45437 | AE9: =DATE($M$2,$S$2,26) -> 45438 | AF9: =DATE($M$2,$S$2,27) -> 45439 | AG9: =DATE($M$2,$S$2,28) -> 45440 | AH9: =IF(DAY(EOMONTH(F9,0))<29,"",DATE($M$2,$S$2,29)) -> 45441 | AI9: =IF(DAY(EOMONTH(F9,0))<30,"",DATE($M$2,$S$2,30)) -> 45442 | AJ9: =IF(DAY(EOMONTH(F9,0))<31,"",DATE($M$2,$S$2,31)) -> 45443
F10: =DATE($M$2,$S$2,1) -> 45413 | G10: =DATE($M$2,$S$2,2) -> 45414 | H10: =DATE($M$2,$S$2,3) -> 45415 | I10: =DATE($M$2,$S$2,4) -> 45416 | J10: =DATE($M$2,$S$2,5) -> 45417 | K10: =DATE($M$2,$S$2,6) -> 45418 | L10: =DATE($M$2,$S$2,7) -> 45419 | M10: =DATE($M$2,$S$2,8) -> 45420 | N10: =DATE($M$2,$S$2,9) -> 45421 | O10: =DATE($M$2,$S$2,10) -> 45422 | P10: =DATE($M$2,$S$2,11) -> 45423 | Q10: =DATE($M$2,$S$2,12) -> 45424 | R10: =DATE($M$2,$S$2,13) -> 45425 | S10: =DATE($M$2,$S$2,14) -> 45426 | T10: =DATE($M$2,$S$2,15) -> 45427 | U10: =DATE($M$2,$S$2,16) -> 45428 | V10: =DATE($M$2,$S$2,17) -> 45429 | W10: =DATE($M$2,$S$2,18) -> 45430 | X10: =DATE($M$2,$S$2,19) -> 45431 | Y10: =DATE($M$2,$S$2,20) -> 45432 | Z10: =DATE($M$2,$S$2,21) -> 45433 | AA10: =DATE($M$2,$S$2,22) -> 45434 | AB10: =DATE($M$2,$S$2,23) -> 45435 | AC10: =DATE($M$2,$S$2,24) -> 45436 | AD10: =DATE($M$2,$S$2,25) -> 45437 | AE10: =DATE($M$2,$S$2,26) -> 45438 | AF10: =DATE($M$2,$S$2,27) -> 45439 | AG10: =DATE($M$2,$S$2,28) -> 45440 | AH10: =IF(DAY(EOMONTH(F10,0))<29,"",DATE($M$2,$S$2,29)) -> 45441 | AI10: =IF(DAY(EOMONTH(F10,0))<30,"",DATE($M$2,$S$2,30)) -> 45442 | AJ10: =IF(DAY(EOMONTH(F10,0))<31,"",DATE($M$2,$S$2,31)) -> 45443
A11: 1 | B11: 管理者 | C11: A | E11: A | AK11: =+SUM(F11:AJ11) -> 0 | AL11: =IF($AK$3="４週",AK11/4,AK11/(DAY(EOMONTH($F$9,0))/7)) -> 0
A12: 2 | B12: サービス管理責任者 | C12: B | E12: B | AK12: =+SUM(F12:AJ12) -> 0 | AL12: =IF($AK$3="４週",AK12/4,AK12/(DAY(EOMONTH($F$9,0))/7)) -> 0
A13: 3 | B13: 地域生活支援員 | C13: C | E13: C | AK13: =+SUM(F13:AJ13) -> 0 | AL13: =IF($AK$3="４週",AK13/4,AK13/(DAY(EOMONTH($F$9,0))/7)) -> 0
A14: 4 | B14: 地域生活支援員 | C14: D | E14: D | AK14: =+SUM(F14:AJ14) -> 0 | AL14: =IF($AK$3="４週",AK14/4,AK14/(DAY(EOMONTH($F$9,0))/7)) -> 0
A15: 5 | AK15: =+SUM(F15:AJ15) -> 0 | AL15: =IF($AK$3="４週",AK15/4,AK15/(DAY(EOMONTH($F$9,0))/7)) -> 0
A16: 6 | AK16: =+SUM(F16:AJ16) -> 0 | AL16: =IF($AK$3="４週",AK16/4,AK16/(DAY(EOMONTH($F$9,0))/7)) -> 0
A17: 7 | AK17: =+SUM(F17:AJ17) -> 0 | AL17: =IF($AK$3="４週",AK17/4,AK17/(DAY(EOMONTH($F$9,0))/7)) -> 0
A18: 8 | AK18: =+SUM(F18:AJ18) -> 0 | AL18: =IF($AK$3="４週",AK18/4,AK18/(DAY(EOMONTH($F$9,0))/7)) -> 0
A19: 9 | AK19: =+SUM(F19:AJ19) -> 0 | AL19: =IF($AK$3="４週",AK19/4,AK19/(DAY(EOMONTH($F$9,0))/7)) -> 0
A20: 10 | AK20: =+SUM(F20:AJ20) -> 0 | AL20: =IF($AK$3="４週",AK20/4,AK20/(DAY(EOMONTH($F$9,0))/7)) -> 0
A21: 11 | AK21: =+SUM(F21:AJ21) -> 0 | AL21: =IF($AK$3="４週",AK21/4,AK21/(DAY(EOMONTH($F$9,0))/7)) -> 0
A22: 12 | AK22: =+SUM(F22:AJ22) -> 0 | AL22: =IF($AK$3="４週",AK22/4,AK22/(DAY(EOMONTH($F$9,0))/7)) -> 0
A23: 13 | AK23: =+SUM(F23:AJ23) -> 0 | AL23: =IF($AK$3="４週",AK23/4,AK23/(DAY(EOMONTH($F$9,0))/7)) -> 0
A24: 14 | AK24: =+SUM(F24:AJ24) -> 0 | AL24: =IF($AK$3="４週",AK24/4,AK24/(DAY(EOMONTH($F$9,0))/7)) -> 0
A25: 15 | AK25: =+SUM(F25:AJ25) -> 0 | AL25: =IF($AK$3="４週",AK25/4,AK25/(DAY(EOMONTH($F$9,0))/7)) -> 0
A26: 16 | AK26: =+SUM(F26:AJ26) -> 0 | AL26: =IF($AK$3="４週",AK26/4,AK26/(DAY(EOMONTH($F$9,0))/7)) -> 0
... A30: 20 | AK30: =+SUM(F30:AJ30) -> 0 | AL30: =IF($AK$3="４週",AK30/4,AK30/(DAY(EOMONTH($F$9,0))/7)) -> 0
A31: 合計 | F31: =+SUM(F11:F30) -> 0 | G31: =+SUM(G11:G30) -> 0 | H31: =+SUM(H11:H30) -> 0 | I31: =+SUM(I11:I30) -> 0 | J31: =+SUM(J11:J30) -> 0 | K31: =+SUM(K11:K30) -> 0 | L31: =+SUM(L11:L30) -> 0 | M31: =+SUM(M11:M30) -> 0 | ... AJ31: =+SUM(AJ11:AJ30) -> 0 | AK31: =+SUM(F31:AJ31) -> 0 | AL31: =IF($AK$3="４週",AK31/4,AK31/(DAY(EOMONTH($F$9,0))/7)) -> 0
A32: サービス提供時間
A36: ＜前年度の平均値＞※新規申請の場合は推定数を記載ください。
D37: 4 | E37: 5 | F37: 6 | I37: 7 | L37: 8 | O37: 9 | R37: 10 | U37: 11 | X37: 12 | AA37: 1 | AD37: 2 | AG37: 3 | AJ37: 計 | AL37: 平均利用者数
A38: 利用者延べ数 | D38: 1400 | E38: 1310 | F38: 1400 | I38: 1200 | L38: 1200 | O38: 3000 | R38: 3000 | U38: 3000 | X38: 3000 | AA38: 3000 | AD38: 3000 | AG38: 3000 | AJ38: =SUM(D38:AI38) -> 27510 | AL38: =ROUNDUP(AJ38/AJ39,1) -> 116.1
A39: 開所日数 | D39: 20 | E39: 19 | F39: 20 | I39: 21 | L39: 21 | O39: 19 | R39: 20 | U39: 20 | X39: 19 | AA39: 19 | AD39: 19 | AG39: 20 | AJ39: =+SUM(D39:AI39) -> 237
A41: ＜人員に関する基準＞
A42: 区分 | C42: サービス管理責任者 （常勤の場合） | E42: サービス管理責任者 （常勤以外の場合） | I42: 地域生活支援員の数の標準
A43: 必要な配置数 | C43: =ROUNDDOWN(IF(AL38<=60,1,1+ROUNDUP((AL38-60)/60,0)),1) -> 2 | E43: =ROUNDDOWN(IF(AL38<=30,1,1+ROUNDUP((AL38-30)/30,0)),1) -> 4 | I43: =ROUNDDOWN(AL38/25,1) -> 4.6
A45: ＜人員基準に関する実人数集計＞
C46: =IF(VLOOKUP($AK$1,[4]選択肢!$A$1:$J$32,C51,FALSE)=0,"-",VLOOKUP($AK$1,[4]選択肢!$A$1:$J$32,C51,FALSE)) -> 管理者 | E46: =IF(VLOOKUP($AK$1,[4]選択肢!$A$1:$J$32,E51,FALSE)=0,"-",VLOOKUP($AK$1,[4]選択肢!$A$1:$J$32,E51,FALSE)) -> サービス管理責任者 | I46: =IF(VLOOKUP($AK$1,[4]選択肢!$A$1:$J$32,I51,FALSE)=0,"-",VLOOKUP($AK$1,[4]選択肢!$A$1:$J$32,I51,FALSE)) -> 地域生活支援員 | O46: =IF(VLOOKUP($AK$1,[4]選択肢!$A$1:$J$32,O51,FALSE)=0,"-",VLOOKUP($AK$1,[4]選択肢!$A$1:$J$32,O51,FALSE)) -> - | U46: =IF(VLOOKUP($AK$1,[4]選択肢!$A$1:$J$32,U51,FALSE)=0,"-",VLOOKUP($AK$1,[4]選択肢!$A$1:$J$32,U51,FALSE)) -> - | AA46: =IF(VLOOKUP($AK$1,[4]選択肢!$A$1:$J$32,AA51,FALSE)=0,"-",VLOOKUP($AK$1,[4]選択肢!$A$1:$J$32,AA51,FALSE)) -> - | AG46: =IF(VLOOKUP($AK$1,[4]選択肢!$A$1:$J$32,AG51,FALSE)=0,"-",VLOOKUP($AK$1,[4]選択肢!$A$1:$J$32,AG51,FALSE)) -> - | AL46: =IF(VLOOKUP($AK$1,[4]選択肢!$A$1:$J$32,AL51,FALSE)=0,"-",VLOOKUP($AK$1,[4]選択肢!$A$1:$J$32,AL51,FALSE)) -> -
C47: 専従 | D47: 兼務 | E47: 専従 | F47: 兼務 | I47: 専従 | L47: 兼務 | O47: 専従 | R47: 兼務 | U47: 専従 | X47: 兼務 | AA47: 専従 | AD47: 兼務 | AG47: 専従 | AJ47: 兼務 | AL47: 専従 | AM47: 兼務
B48: 常勤 | C48: =COUNTIFS($B$11:$B$30,C$46,$C$11:$C$30,"A",$E$11:$E$30,"*") -> 1 | D48: =COUNTIFS($B$11:$B$30,C$46,$C$11:$C$30,"B",$E$11:$E$30,"*") -> 0 | E48: =COUNTIFS($B$11:$B$30,E$46,$C$11:$C$30,"A",$E$11:$E$30,"*") -> 0 | F48: =COUNTIFS($B$11:$B$30,E$46,$C$11:$C$30,"B",$E$11:$E$30,"*") -> 1 | I48: =COUNTIFS($B$11:$B$30,I$46,$C$11:$C$30,"A",$E$11:$E$30,"*") -> 0 | L48: =COUNTIFS($B$11:$B$30,I$46,$C$11:$C$30,"B",$E$11:$E$30,"*") -> 0 | O48: =COUNTIFS($B$11:$B$30,O$46,$C$11:$C$30,"A",$E$11:$E$30,"*") -> 0 | R48: =COUNTIFS($B$11:$B$30,O$46,$C$11:$C$30,"B",$E$11:$E$30,"*") -> 0 | U48: =COUNTIFS($B$11:$B$30,U$46,$C$11:$C$30,"A",$E$11:$E$30,"*") -> 0 | X48: =COUNTIFS($B$11:$B$30,U$46,$C$11:$C$30,"B",$E$11:$E$30,"*") -> 0 | AA48: =COUNTIFS($B$11:$B$30,AA$46,$C$11:$C$30,"A",$E$11:$E$30,"*") -> 0 | AD48: =COUNTIFS($B$11:$B$30,AA$46,$C$11:$C$30,"B",$E$11:$E$30,"*") -> 0 | AG48: =COUNTIFS($B$11:$B$30,AG$46,$C$11:$C$30,"A",$E$11:$E$30,"*") -> 0 | AJ48: =COUNTIFS($B$11:$B$30,AG$46,$C$11:$C$30,"B",$E$11:$E$30,"*") -> 0 | AL48: =COUNTIFS($B$11:$B$30,AL$46,$C$11:$C$30,"A",$E$11:$E$30,"*") -> 0 | AM48: =COUNTIFS($B$11:$B$30,AL$46,$C$11:$C$30,"B",$E$11:$E$30,"*") -> 0
B49: 非常勤 | C49: =COUNTIFS($B$11:$B$30,C$46,$C$11:$C$30,"C",$E$11:$E$30,"*") -> 0 | D49: =COUNTIFS($B$11:$B$30,C$46,$C$11:$C$30,"D",$E$11:$E$30,"*") -> 0 | E49: =COUNTIFS($B$11:$B$30,E$46,$C$11:$C$30,"C",$E$11:$E$30,"*") -> 0 | F49: =COUNTIFS($B$11:$B$30,E$46,$C$11:$C$30,"D",$E$11:$E$30,"*") -> 0 | I49: =COUNTIFS($B$11:$B$30,I$46,$C$11:$C$30,"C",$E$11:$E$30,"*") -> 1 | L49: =COUNTIFS($B$11:$B$30,I$46,$C$11:$C$30,"D",$E$11:$E$30,"*") -> 1 | O49: =COUNTIFS($B$11:$B$30,O$46,$C$11:$C$30,"C",$E$11:$E$30,"*") -> 0 | R49: =COUNTIFS($B$11:$B$30,O$46,$C$11:$C$30,"D",$E$11:$E$30,"*") -> 0 | U49: =COUNTIFS($B$11:$B$30,U$46,$C$11:$C$30,"C",$E$11:$E$30,"*") -> 0 | X49: =COUNTIFS($B$11:$B$30,U$46,$C$11:$C$30,"D",$E$11:$E$30,"*") -> 0 | AA49: =COUNTIFS($B$11:$B$30,AA$46,$C$11:$C$30,"C",$E$11:$E$30,"*") -> 0 | AD49: =COUNTIFS($B$11:$B$30,AA$46,$C$11:$C$30,"D",$E$11:$E$30,"*") -> 0 | AG49: =COUNTIFS($B$11:$B$30,AG$46,$C$11:$C$30,"C",$E$11:$E$30,"*") -> 0 | AJ49: =COUNTIFS($B$11:$B$30,AG$46,$C$11:$C$30,"D",$E$11:$E$30,"*") -> 0 | AL49: =COUNTIFS($B$11:$B$30,AL$46,$C$11:$C$30,"C",$E$11:$E$30,"*") -> 0 | AM49: =COUNTIFS($B$11:$B$30,AL$46,$C$11:$C$30,"D",$E$11:$E$30,"*") -> 0
B50: 常勤換算数 | C50: =IF($AK$3="４週",SUMIFS($AK$11:$AK$30,$B$11:$B$30,C46)/4/$AH$5,IF($AK$3="歴月",SUMIFS($AK$11:$AK$30,$B$11:$B$30,C46)/$AL$5,"記載する期間を選択してください")) -> #DIV/0! | E50: =IF($AK$3="４週",SUMIFS($AK$11:$AK$30,$B$11:$B$30,E46)/4/$AH$5,IF($AK$3="歴月",SUMIFS($AK$11:$AK$30,$B$11:$B$30,E46)/$AL$5,"記載する期間を選択してください")) -> #DIV/0! | I50: =IF($AK$3="４週",SUMIFS($AK$11:$AK$30,$B$11:$B$30,I46)/4/$AH$5,IF($AK$3="歴月",SUMIFS($AK$11:$AK$30,$B$11:$B$30,I46)/$AL$5,"記載する期間を選択してください")) -> #DIV/0! | O50: =IF($AK$3="４週",SUMIFS($AK$11:$AK$30,$B$11:$B$30,O46)/4/$AH$5,IF($AK$3="歴月",SUMIFS($AK$11:$AK$30,$B$11:$B$30,O46)/$AL$5,"記載する期間を選択してください")) -> #DIV/0! | U50: =IF($AK$3="４週",SUMIFS($AK$11:$AK$30,$B$11:$B$30,U46)/4/$AH$5,IF($AK$3="歴月",SUMIFS($AK$11:$AK$30,$B$11:$B$30,U46)/$AL$5,"記載する期間を選択してください")) -> #DIV/0! | AA50: =IF($AK$3="４週",SUMIFS($AK$11:$AK$30,$B$11:$B$30,AA46)/4/$AH$5,IF($AK$3="歴月",SUMIFS($AK$11:$AK$30,$B$11:$B$30,AA46)/$AL$5,"記載する期間を選択してください")) -> #DIV/0! | AG50: =IF($AK$3="４週",SUMIFS($AK$11:$AK$30,$B$11:$B$30,AG46)/4/$AH$5,IF($AK$3="歴月",SUMIFS($AK$11:$AK$30,$B$11:$B$30,AG46)/$AL$5,"記載する期間を選択してください")) -> #DIV/0! | AL50: =IF($AK$3="４週",SUMIFS($AK$11:$AK$30,$B$11:$B$30,AL46)/4/$AH$5,IF($AK$3="歴月",SUMIFS($AK$11:$AK$30,$B$11:$B$30,AL46)/$AL$5,"記載する期間を選択してください")) -> #DIV/0!
C51: 2 | E51: 3 | I51: 4 | O51: 5 | U51: 6 | AA51: 7 | AG51: 8 | AL51: 9
A52: ・最初に「年月欄」「サービス種別」「事業所名」を入力してください。 | R52: 6 | X52: 7 | AD52: 8 | AJ52: 9
A53: (1) 「４週」・「暦月」のいずれかを選択してください。
A54: (2) 「予定」・「実績」のいずれかを選択してください。
A55: (3) 事業所における常勤の従業者が勤務すべき時間数を入力してください。
A56: (4) 従業者の職種を入力してください。
A57: 記入の順序は、職種ごとにまとめてください。
A58: (5) 従業者の勤務形態について、下記のうち該当する区分の記号を入力してください。
B59: 記号 | C59: 区分
B60: A | C60: 常勤で専従
B61: B | C61: 常勤で兼務
B62: C | C62: 非常勤で専従
B63: D | C63: 非常勤で兼務
B64: （注）常勤・非常勤の区分について
B65: 当該事業所における勤務時間が、当該事業所において定められている常勤の従業者が勤務すべき時間数に達していることをいいます。雇用の形態は考慮しません。
B66: （例えば、常勤者は週に40時間勤務することとされた事業所であれば、非正規雇用であっても、週40時間勤務する従業者は常勤扱いとなります。）
A67: (6) 従業者の保有する資格を入力してください。
A68: 保有資格を全て記入するのではなく、人員基準上、求められる資格等を入力してください。
A69: ※選択した資格及び研修に関して、必要に応じて、資格証又は研修修了証等の写しを添付資料として提出してください。
A70: (7) 従業者の氏名を記入してください。
A71: (8) 申請する事業に係る従業者（管理者を含む。）の1ヶ月分の勤務時間を入力してください。
A72: (9) 常勤の職員の休暇等については、その期間が暦年で１月を超えるものでない限り、常勤換算の計算上は勤務したものとみなすことができます。
B73: その場合、勤務時間欄には「休」と記入し、勤務時間の合計に含めてください（非常勤職員の休暇等は常勤換算の計算に含めることはできません）。
B74: ※指定基準の確認に際しては、４週分の入力で差し支えありません。
A75: (10) 従業者ごとに、合計勤務時間数を入力してください。
A76: ※ 入力することができる時間数は、当該事業所において常勤の従業者が勤務すべき勤務時間数を上限とします。
A77: (11) 従業者ごとに、週平均の勤務時間数を入力してください。
A78: (12) 申請する事業所以外の事業所・施設との兼務がある場合は、兼務先の事業所・施設の名称、兼務する職務の内容について記入してください。
A79: 同一事業所内の兼務についても兼務する職務の内容を記入してください。
A80: その他、特記事項欄としてもご活用ください。
A81: （13)本表には計算式を設定していますが、結果に誤りがないかご確認ください。
A82: （14) 必要項目を満たしていれば、各事業所で使用するシフト表等をもって代替書類として差し支えありません。

Sheet 勤務形態一覧表（共同生活援助・介護サービス包括型）
A1: 従業者の勤務の体制及び勤務形態一覧表 | AI1: サービス種別 | AK1: 共同生活援助・介護サービス包括型
M2: 2024 | Q2: 年 | S2: 5 | U2: 月 | AI2: 事業所名
AI3: (1)記載する期間 | AK3: ４週
AI4: (2)予定/実績の別
AG5: (3)事業所における常勤の従業者が勤務すべき時間数 | AH5: 160 | AK5: 時間/週 | AM5: 時間/月
A7: No. | B7: (4)職種 | C7: (5)勤務形態 | D7: (6)資格 | E7: (7)氏名 | F7: (8) | AK7: (9)勤務時間数合計 | AL7: (10)週平均の勤務時間数 | AM7: (11)兼務状況 （兼務先／兼務する職務の内容）等
F8: 第１週 | M8: 第２週 | T8: 第３週 | AA8: 第４週 | AH8: 第５週
B9: ※選択肢にない職種については直接入力してください | F9: =DATE($M$2,$S$2,1) -> 45413 | G9: =DATE($M$2,$S$2,2) -> 45414 | H9: =DATE($M$2,$S$2,3) -> 45415 | I9: =DATE($M$2,$S$2,4) -> 45416 | J9: =DATE($M$2,$S$2,5) -> 45417 | K9: =DATE($M$2,$S$2,6) -> 45418 | L9: =DATE($M$2,$S$2,7) -> 45419 | M9: =DATE($M$2,$S$2,8) -> 45420 | N9: =DATE($M$2,$S$2,9) -> 45421 | O9: =DATE($M$2,$S$2,10) -> 45422 | P9: =DATE($M$2,$S$2,11) -> 45423 | Q9: =DATE($M$2,$S$2,12) -> 45424 | R9: =DATE($M$2,$S$2,13) -> 45425 | S9: =DATE($M$2,$S$2,14) -> 45426 | T9: =DATE($M$2,$S$2,15) -> 45427 | U9: =DATE($M$2,$S$2,16) -> 45428 | V9: =DATE($M$2,$S$2,17) -> 45429 | W9: =DATE($M$2,$S$2,18) -> 45430 | X9: =DATE($M$2,$S$2,19) -> 45431 | Y9: =DATE($M$2,$S$2,20) -> 45432 | Z9: =DATE($M$2,$S$2,21) -> 45433 | AA9: =DATE($M$2,$S$2,22) -> 45434 | AB9: =DATE($M$2,$S$2,23) -> 45435 | AC9: =DATE($M$2,$S$2,24) -> 45436 | AD9: =DATE($M$2,$S$2,25) -> 45437 | AE9: =DATE($M$2,$S$2,26) -> 45438 | AF9: =DATE($M$2,$S$2,27) -> 45439 | AG9: =DATE($M$2,$S$2,28) -> 45440 | AH9: =IF(DAY(EOMONTH(F9,0))<29,"",DATE($M$2,$S$2,29)) -> 45441 | AI9: =IF(DAY(EOMONTH(F9,0))<30,"",DATE($M$2,$S$2,30)) -> 45442 | AJ9: =IF(DAY(EOMONTH(F9,0))<31,"",DATE($M$2,$S$2,31)) -> 45443
F10: =DATE($M$2,$S$2,1) -> 45413 | G10: =DATE($M$2,$S$2,2) -> 45414 | H10: =DATE($M$2,$S$2,3) -> 45415 | I10: =DATE($M$2,$S$2,4) -> 45416 | J10: =DATE($M$2,$S$2,5) -> 45417 | K10: =DATE($M$2,$S$2,6) -> 45418 | L10: =DATE($M$2,$S$2,7) -> 45419 | M10: =DATE($M$2,$S$2,8) -> 45420 | N10: =DATE($M$2,$S$2,9) -> 45421 | O10: =DATE($M$2,$S$2,10) -> 45422 | P10: =DATE($M$2,$S$2,11) -> 45423 | Q10: =DATE($M$2,$S$2,12) -> 45424 | R10: =DATE($M$2,$S$2,13) -> 45425 | S10: =DATE($M$2,$S$2,14) -> 45426 | T10: =DATE($M$2,$S$2,15) -> 45427 | U10: =DATE($M$2,$S$2,16) -> 45428 | V10: =DATE($M$2,$S$2,17) -> 45429 | W10: =DATE($M$2,$S$2,18) -> 45430 | X10: =DATE($M$2,$S$2,19) -> 45431 | Y10: =DATE($M$2,$S$2,20) -> 45432 | Z10: =DATE($M$2,$S$2,21) -> 45433 | AA10: =DATE($M$2,$S$2,22) -> 45434 | AB10: =DATE($M$2,$S$2,23) -> 45435 | AC10: =DATE($M$2,$S$2,24) -> 45436 | AD10: =DATE($M$2,$S$2,25) -> 45437 | AE10: =DATE($M$2,$S$2,26) -> 45438 | AF10: =DATE($M$2,$S$2,27) -> 45439 | AG10: =DATE($M$2,$S$2,28) -> 45440 | AH10: =IF(DAY(EOMONTH(F10,0))<29,"",DATE($M$2,$S$2,29)) -> 45441 | AI10: =IF(DAY(EOMONTH(F10,0))<30,"",DATE($M$2,$S$2,30)) -> 45442 | AJ10: =IF(DAY(EOMONTH(F10,0))<31,"",DATE($M$2,$S$2,31)) -> 45443
A11: 1 | B11: 管理者 | C11: A | E11: A | AK11: =+SUM(F11:AJ11) -> 0 | AL11: =IF($AK$3="４週",AK11/4,AK11/(DAY(EOMONTH($F$9,0))/7)) -> 0
A12: 2 | B12: サービス管理責任者 | C12: B | E12: B | AK12: =+SUM(F12:AJ12) -> 0 | AL12: =IF($AK$3="４週",AK12/4,AK12/(DAY(EOMONTH($F$9,0))/7)) -> 0
A13: 3 | B13: 世話人 | C13: C | E13: C | AK13: =+SUM(F13:AJ13) -> 0 | AL13: =IF($AK$3="４週",AK13/4,AK13/(DAY(EOMONTH($F$9,0))/7)) -> 0
A14: 4 | B14: 生活支援員 | C14: A | E14: D | AK14: =+SUM(F14:AJ14) -> 0 | AL14: =IF($AK$3="４週",AK14/4,AK14/(DAY(EOMONTH($F$9,0))/7)) -> 0
A15: 5 | AK15: =+SUM(F15:AJ15) -> 0 | AL15: =IF($AK$3="４週",AK15/4,AK15/(DAY(EOMONTH($F$9,0))/7)) -> 0
A16: 6 | AK16: =+SUM(F16:AJ16) -> 0 | AL16: =IF($AK$3="４週",AK16/4,AK16/(DAY(EOMONTH($F$9,0))/7)) -> 0
A17: 7 | AK17: =+SUM(F17:AJ17) -> 0 | AL17: =IF($AK$3="４週",AK17/4,AK17/(DAY(EOMONTH($F$9,0))/7)) -> 0
A18: 8 | AK18: =+SUM(F18:AJ18) -> 0 | AL18: =IF($AK$3="４週",AK18/4,AK18/(DAY(EOMONTH($F$9,0))/7)) -> 0
A19: 9 | AK19: =+SUM(F19:AJ19) -> 0 | AL19: =IF($AK$3="４週",AK19/4,AK19/(DAY(EOMONTH($F$9,0))/7)) -> 0
A20: 10 | AK20: =+SUM(F20:AJ20) -> 0 | AL20: =IF($AK$3="４週",AK20/4,AK20/(DAY(EOMONTH($F$9,0))/7)) -> 0
